Workbook
Name _1T: #REF!

Sheet Sumário
D3: Suporte a Modelagem | Modelling Support
C7: 1. Demonstrações Financeiras
D8: 1.1. Balanço Patrimonial | Balance Sheet
D9: 1.2. Demonstração de Resultados (Resumida) | Income Statement (Summary)
D10: 1.3. Demonstração de Resultados (Detalhada) | Income Statement (Detailed)
D11: 1.4. Fluxo de Caixa | Cash Flow
D12: 1.5. Capex | Ativo Imobilizado e Intangível
C14: 2. Outras referência financeiras
D15: 2.1 Preço de Realização | Realization Price
D16: 2.2. Custo Operacional | Lifting Cost
D17: 2.3. Referências de Preço de Petróleo | Oil Price Reference
D18: 2.4. Impostos e Benefícios | Taxes & Benefits
D19: 2.5. Contratos Firmes Gás Seco | Dry Gas Firm Contracts
D20: 2.6. Tabela de Conversão | Conversion Table
D21: 2.7. Histórico de Hedge | Hedge History
C23: 3. Produção
D24: 3.1. Produção de Titularidade da Companhia | Working Interest Production
C26: 4. Certificação de Reservas | Reserve Certification (NSAI data base 31/12/2024)
D27: 4.1. Reservas de Participação Bruta | Gross Working Interest Reserves
D28: 4.2. Receita Bruta e Líquida por Produto | Gross and Net Revenue by Product
D29: 4.3. Deduções e Despesas Líquidas | Deductions and Net Expenses
D30: 4.4. Capex por Ativo | Capex by Asset

Sheet Balanço Patrimonial
D2: Balanço Patrimonial Consolidado | Consolidated Balance Sheet
H3: 2020 | I3: 1T21 | J3: 2T21 | K3: 3T21 | L3: 2021 | M3: 1T22 | N3: 2T22 | O3: 3T22 | P3: 2022 | Q3: 1T23 | R3: 2T23 | S3: 3T23 | T3: 2023 | U3: 1T24 | V3: 2T24 | W3: 3T24 | X3: 2024 | Y3: 1T25 | Z3: 2T25 | AA3: 3T25
B4: Em milhares de reais | D4: In thousands of reais | F4: 2018 | G4: 2019 | H4: 2020 | I4: 1T21 / 1Q21 | J4: 2T21 / 2Q21 | K4: 3T21/3Q21 | L4: 2021 | M4: 1T22 / 1Q22 | N4: 2T22 / 2Q22 | O4: 3T22 / 3Q22 | P4: 2022 | Q4: 1T23 / 1Q23 | R4: 2T23 / 2Q23 | S4: 3T23 / 3Q23 | T4: 2023 | U4: 1T24 / 1Q24 | V4: ='DRE (detalhada)'!AE4 -> 2T24 / 2Q24 | W4: ='DRE (detalhada)'!AG4 -> 3T24 / 3Q24 | X4: ='DRE (detalhada)'!AJ4 -> 2024 | Y4: 1T25 | Z4: 2T25 | AA4: 3T25 | AB4: 2025 | AC4: 1T26 | AD4: 2T26
B6: Ativo | D6: Assets
B8: Circulante | D8: Current Assets
B9: Caixa e equivalentes de caixa | D9: Cash and cash equivalents | F9: 20027 | G9: 56265 | H9: 30861 | I9: 44045 | J9: 268955 | K9: 392406 | L9: 217159 | M9: 156467 | N9: 244999 | O9: 504667 | P9: 361028 | Q9: 205972 | R9: 89760 | S9: 78480 | T9: 197184 | U9: 302149 | V9: 411015 | W9: 420687 | X9: 295548 | Y9: 315621 | Z9: 222608 | AA9: 277772 | AB9: 229508 | AC9: 272554 | AD9: 320992
B10: Aplicações financeiras acp | D10: Short-therm investments | F10: 0 | G10: 45 | H10: 66414 | I10: 58537 | J10: 941890 | K10: 764069 | L10: 585655 | M10: 514353 | N10: 1399969 | O10: 1388589 | P10: 1250163 | Q10: 721065 | R10: 695724 | S10: 642415 | T10: 310172 | U10: 384688 | V10: 1215647 | W10: 1079673 | X10: 761939 | Y10: 702215 | Z10: 428940 | AA10: 655943 | AB10: 1395510 | AC10: 1384761 | AD10: 1299125
B11: Contas a receber de clientes | D11: Trade receivables | F11: 38259 | G11: 78610 | H11: 108733 | I11: 145122 | J11: 133067 | K11: 165001 | L11: 169847 | M11: 452538 | N11: 442584 | O11: 397043 | P11: 384180 | Q11: 364778 | R11: 300529 | S11: 348729 | T11: 360611 | U11: 349761 | V11: 377218 | W11: 362540 | X11: 361095 | Y11: 355003 | Z11: 329825 | AA11: 303528 | AB11: 253967 | AC11: 315232 | AD11: 327052
B12: Estoques | D12: Inventories | F12: 100 | G12: 480 | H12: 1211 | I12: 1261 | J12: 869 | K12: 1011 | L12: 6552 | M12: 8992 | N12: 8125 | O12: 6840 | P12: 11451 | Q12: 4857 | R12: 7376 | S12: 24717 | T12: 7358 | U12: 9436 | V12: 7793 | W12: 8293 | X12: 9766 | Y12: 19734 | Z12: 14824 | AA12: 9504 | AB12: 6139 | AC12: 8899 | AD12: 5651
B13: Tributos a recuperar | D13: Recoverable taxes | F13: 20033 | G13: 14775 | H13: 22433 | I13: 27587 | J13: 25707 | K13: 46645 | L13: 41825 | M13: 34823 | N13: 55957 | O13: 70151 | P13: 99243 | Q13: 128600 | R13: 129294 | S13: 166507 | T13: 233927 | U13: 144792 | V13: 79445 | W13: 83339 | X13: 96616 | Y13: 100087 | Z13: 89363 | AA13: 96572 | AB13: 146817 | AC13: 105884 | AD13: 81785
B14: Almoxarifado para inversões fixas | D14: Inventory for capital expenditures | AC14: 51264 | AD14: 56296
B15: Instrumentos financeiros derivativos pcp | D15: Derivative financial instruments | F15: 0 | G15: 693 | H15: 80506 | I15: 2173 | J15: 0 | K15: 0 | L15: 0 | M15: 0 | N15: 0 | O15: 0 | P15: 0 | Q15: 0 | R15: 0 | S15: 0 | T15: 0 | U15: 0 | V15: 0 | W15: 6507 | X15: 575 | Y15: 2786 | Z15: 5209 | AA15: 0 | AB15: 33771 | AC15: 47735 | AD15: 38847
B16: Outros ativos | D16: Other assets | F16: 465 | G16: 1467 | H16: 12826 | I16: 14418 | J16: 6331 | K16: 7132 | L16: 11769 | M16: 14597 | N16: 23657 | O16: 55970 | P16: 26539 | Q16: 43743 | R16: 32091 | S16: 35505 | T16: 38179 | U16: 18727 | V16: 28825 | W16: 40093 | X16: 43886 | Y16: 78331 | Z16: 44513 | AA16: 45075 | AB16: 92524 | AC16: 60603 | AD16: 49301
B18: Total dos Ativos Circulantes | D18: Total Current Assets | F18: 78884 | G18: 152335 | H18: 322984 | I18: 293143 | J18: 1376819 | K18: 1376264 | L18: 1032807 | M18: 1181770 | N18: =SUM(N9:N16) -> 2175291 | O18: =SUM(O9:O16) -> 2423260 | P18: =SUM(P9:P16) -> 2132604 | Q18: =SUM(Q9:Q16) -> 1469015 | R18: =SUM(R9:R16) -> 1254774 | S18: =SUM(S9:S16) -> 1296353 | T18: =SUM(T9:T16) -> 1147431 | U18: =SUM(U9:U16) -> 1209553 | ... AB18: =SUM(AB9:AB16) -> 2158236 | AC18: 2246932 | AD18: =SUM(AD9:AD16) -> 2179049
B20: Não Circulante | D20: Non-Current Assets
B21: Aplicações financeiras alp | D21: Short-term investments | F21: 3277 | G21: 10137 | H21: 68597 | I21: 74249 | J21: 63669 | K21: 68622 | L21: 69989 | M21: 74829 | N21: 81912 | O21: 0 | P21: 0 | Q21: 0 | R21: 0 | S21: 0 | T21: 0 | U21: 0 | V21: 0 | W21: 0 | X21: 15964 | Y21: 16439 | Z21: 16985 | AA21: 4848 | AB21: 5022 | AC21: 5193 | AD21: 5366
B22: Contas a receber de clientes LP | D22: Trade receivables | F22: 0 | G22: 0 | H22: 0 | I22: 0 | J22: 0 | K22: 0 | L22: 0 | M22: 0 | N22: 0 | O22: 27306 | P22: 55917 | Q22: 55917 | R22: 55917 | S22: 55917 | T22: 55917 | U22: 55917 | V22: 55917 | W22: 55917 | X22: 58145 | Y22: 58475 | Z22: 58475 | AA22: 65231 | AB22: 65231 | AC22: 65231 | AD22: 65231
B23: Tributos a Recuperar alp | D23: Recoverable taxes | F23: 3096 | G23: 422 | H23: 562 | I23: 1064 | J23: 7686 | K23: 8895 | L23: 13374 | M23: 13374 | N23: 15202 | O23: 15202 | P23: 68094 | Q23: 75764 | R23: 85034 | S23: 97582 | T23: 78049 | U23: 77814 | V23: 66350 | W23: 63086 | X23: 66820 | Y23: 67214 | Z23: 69421 | AA23: 73304 | AB23: 69109 | AC23: 66131 | AD23: 66400
B24: Instrumentos financeiros derivativos alp | D24: Derivative financial instruments | F24: 0 | G24: 1288 | H24: 56576 | L24: 0 | P24: 0 | T24: 0 | U24: 0 | V24: 0 | W24: 0 | X24: 0 | Y24: 0 | Z24: 0 | AA24: 0 | AB24: 0 | AC24: 206828 | AD24: 266605
B25: Depósitos judiciais | D25: Judicial deposits | F25: 2062 | G25: 2126 | H25: 2311 | I25: 2298 | J25: 2588 | K25: 2588 | L25: 2445 | M25: 2839 | N25: 2475 | O25: 2678 | P25: 2608 | Q25: 0 | R25: 0 | S25: 0 | T25: 0 | U25: 0 | V25: 0 | W25: 0 | X25: 0 | Y25: 0 | Z25: 0 | AA25: 0 | AB25: 0 | AC25: 0 | AD25: 0
B26: Outros ativos LP | D26: Other assets | F26: 404 | G26: 383 | H26: 475 | I26: 468 | J26: 240 | K26: 274 | L26: 483 | M26: 5848 | N26: 2011 | O26: 1442 | P26: 836 | Q26: 5101 | R26: 5214 | S26: 5266 | T26: 5816 | U26: 5388 | V26: 7300 | W26: 47342 | X26: 46540 | Y26: 51262 | Z26: 53815 | AA26: 54048 | AB26: 81912 | AC26: 74515 | AD26: 76131
B27: Tributos diferidos | D27: Deferred taxes | F27: 0 | G27: 0 | H27: 3070 | I27: 98664 | J27: 187162 | K27: 222009 | L27: 222941 | M27: 290662 | N27: 285326 | O27: 166836 | P27: 167840 | Q27: 142088 | R27: 61968 | S27: 55524 | T27: 46370 | U27: 36160 | V27: 96614 | W27: 49711 | X27: 97025 | Y27: 22572 | Z27: 11838 | AA27: 11531 | AB27: 8113 | AC27: 58615 | AD27: 4037
B28: Imobilizado e Intangível | D28: PP&E and Intangible assets | F28: 418180 | G28: 1669633 | H28: 1604918 | I28: 1641888 | J28: 1615361 | K28: 1620045 | L28: 3360865 | M28: 3464455 | N28: 3671762 | O28: 3880955 | P28: 4129365 | Q28: 5101969 | R28: 5260304 | S28: 5351189 | T28: 5455889 | U28: 5469739 | V28: 5466627 | W28: 5461135 | X28: 5561314 | Y28: 5649399 | Z28: 5833421 | AA28: 6269821 | AB28: 6254225 | AC28: 6300056 | AD28: 6330865
B29: Direito de uso em arrendamento | D29: Lease right-of- use assets | F29: 0 | G29: 27596 | H29: 20680 | I29: 18961 | J29: 18743 | K29: 13865 | L29: 12489 | M29: 14031 | N29: 16971 | O29: 14372 | P29: 27830 | Q29: 52311 | R29: 44372 | S29: 50822 | T29: 39712 | U29: 30553 | V29: 19037 | W29: 30668 | X29: 22338 | Y29: 15792 | Z29: 22608 | AA29: 30665 | AB29: 24883 | AC29: 44617 | AD29: 38131
B30: Investimentos | D30: Investments
B31: Total dos Ativos Não Circulantes | D31: Total Non-Current Assets | F31: 427019 | G31: 1711585 | H31: 1757189 | I31: 1840064 | J31: 1895449 | K31: 1936298 | L31: 3682586 | M31: 3866038 | N31: =SUM(N21:N29) -> 4075659 | O31: =SUM(O21:O29) -> 4108791 | P31: =SUM(P21:P29) -> 4452490 | Q31: =SUM(Q21:Q29) -> 5433150 | R31: =SUM(R21:R29) -> 5512809 | S31: =SUM(S21:S29) -> 5616300 | T31: =SUM(T21:T29) -> 5681753 | U31: =SUM(U21:U29) -> 5675571 | ... AB31: =SUM(AB21:AB29) -> 6508495 | AC31: 6821186 | AD31: =SUM(AD21:AD29) -> 6852766
B33: Total do Ativo | D33: Total Assets | F33: 505903 | G33: 1863920 | H33: 2080173 | I33: 2133207 | J33: 3272268 | K33: 3312562 | L33: 4715393 | M33: 5047808 | N33: =N18+N31 -> 6250950 | O33: =O18+O31 -> 6532051 | P33: =P18+P31 -> 6585094 | Q33: =Q18+Q31 -> 6902165 | R33: =R18+R31 -> 6767583 | S33: =S18+S31 -> 6912653 | T33: =T18+T31 -> 6829184 | U33: =U18+U31 -> 6885124 | ... AB33: =AB18+AB31 -> 8666731 | AC33: 9068118 | AD33: =AD18+AD31 -> 9031815
B35: Passivo | D35: Liabilities
B37: Circulante | D37: Current Liabilities
B38: Fornecedores | D38: Suppliers | F38: 32540 | G38: 42515 | H38: 80089 | I38: 85397 | J38: 81808 | K38: 65658 | L38: 98708 | M38: 153583 | N38: 190036 | O38: 273068 | P38: 352152 | Q38: 417994 | R38: 374827 | S38: 370092 | T38: 254010 | U38: 215748 | V38: 233373 | W38: 259128 | X38: 299110 | Y38: 367947 | Z38: 328410 | AA38: 308179 | AB38: 265879 | AC38: 230608 | AD38: 271366
B39: Salários e encargos sociais | D39: Payroll and related charges | F39: 11142 | G39: 13839 | H39: 16065 | I39: 19765 | J39: 23028 | K39: 28402 | L39: 30563 | M39: 41875 | N39: 38412 | O39: 51180 | P39: 60848 | Q39: 72458 | R39: 63289 | S39: 80290 | T39: 86647 | U39: 79495 | V39: 74351 | W39: 91659 | X39: 93929 | Y39: 106314 | Z39: 86559 | AA39: 108506 | AB39: 88753 | AC39: 102904 | AD39: 83342
B40: Tributos a recolher | D40: Recoverable taxes | F40: 6830 | G40: 16641 | H40: 22762 | I40: 34835 | J40: 54253 | K40: 51170 | L40: 66995 | M40: 124939 | N40: 123668 | O40: 146004 | P40: 124275 | Q40: 119903 | R40: 86136 | S40: 64924 | T40: 49537 | U40: 59146 | V40: 41050 | W40: 63691 | X40: 74193 | Y40: 61155 | Z40: 48786 | AA40: 39730 | AB40: 50549 | AC40: 54556 | AD40: 27390
B41: Empréstimos e financiamentos | D41: Loans and financing | F41: 1183 | G41: 35320 | H41: 212931 | I41: 294175 | J41: 261795 | K41: 268087 | L41: 281762 | M41: 251762 | N41: 282996 | O41: 2205 | P41: 14011 | Q41: 49352 | R41: 59608 | S41: 115535 | T41: 142772 | U41: 149689 | V41: 201755 | W41: 96683 | X41: 0 | Y41: 0 | Z41: 0 | AA41: 0 | AB41: 0 | AC41: 0 | AD41: 0
B42: Debêntures cp | D42: Debentures | E42: 0 | F42: 0 | G42: 0 | H42: 0 | I42: 0 | J42: 0 | K42: 0 | L42: 0 | M42: 0 | N42: 0 | O42: 0 | P42: 0 | Q42: 0 | R42: 0 | S42: 0 | T42: 0 | U42: 0 | V42: 2417 | W42: 28316 | X42: 20907 | Y42: 67824 | Z42: 26513 | AA42: 99163 | AB42: 64914 | AC42: 107719 | AD42: 63733
B43: Valores a pagar de arrendamentos | D43: Lease amounts payable | F43: 509 | G43: 15060.975 | H43: 15241 | I43: 15269 | J43: 17098 | K43: 11782 | L43: 10486 | M43: 11364 | N43: 11945 | O43: 10740 | P43: 20382 | Q43: 29595 | R43: 25608 | S43: 40798 | T43: 32887 | U43: 20440 | V43: 11225 | W43: 24834 | X43: 17138 | Y43: 11823 | Z43: 13202 | AA43: 22169 | AB43: 19173 | AC43: 22137 | AD43: 17250
B44: Instrumentos financeiros derivativos pcp | D44: Derivative financial instruments | F44: 0 | G44: 1042 | H44: 0 | I44: 37137 | J44: 151685 | K44: 211860 | L44: 231125 | M44: 405828 | N44: 461229 | O44: 277828 | P44: 285183 | Q44: 218798 | R44: 142384 | S44: 205405 | T44: 99478 | U44: 81575 | V44: 54227 | W44: 5233 | X44: 1003 | Y44: 1371 | Z44: 327 | AA44: 745 | AB44: 0 | AC44: 328920 | AD44: 128203
B45: Dividendos e juros sobre capital próprio a pagar | D45: Dividends payable | F45: 2 | G45: 12896 | H45: 2 | I45: 2 | J45: 2 | K45: 2 | L45: 40566 | M45: 40566 | N45: 880 | O45: 8 | P45: 106416 | Q45: 106416 | R45: 0 | S45: 0 | T45: 17359 | U45: 17359 | V45: 2 | W45: 0 | X45: 0 | Y45: 0 | Z45: 0 | AA45: 0 | AB45: 0 | AC45: 0 | AD45: 0
B46: Valores a pagar de aquisições | D46: Amounts payable for acquisitions | F46: 0 | G46: 0 | H46: 0 | I46: 0 | J46: 0 | K46: 0 | L46: 453318 | M46: 389697 | N46: 539173 | O46: 502377 | P46: 405886 | Q46: 650086 | R46: 616305 | S46: 247866 | T46: 340256 | U46: 516488 | V46: 422647 | W46: 415068 | X46: 213077 | Y46: 0 | Z46: 0 | AA46: 52928 | AB46: 18515 | AC46: 17802 | AD46: 17895
B47: Provisão para abandono de poços | D47: Provision for well abandonment | F47: 0 | G47: 4489 | H47: 6301 | I47: 6301 | J47: 6301 | K47: 6301 | L47: 419 | M47: 419 | N47: 419 | O47: 419 | P47: 9724 | Q47: 12077 | R47: 12102 | S47: 12102 | T47: 8202 | U47: 6475 | V47: 6268 | W47: 4806 | X47: 342 | Y47: 171 | Z47: 171 | AA47: 1025 | AB47: 4728 | AC47: 4728 | AD47: 4728
B48: Dividendos a pagar | D48: Payable Dividends | AB48: 100000 | AC48: 100000 | AD48: 100000
B49: Outras contas a pagar | D49: Other payables | F49: 21 | G49: 390 | H49: 1170 | I49: 467 | J49: 76 | K49: 18209 | L49: 30588 | M49: 30912 | N49: 43417 | O49: 66866 | P49: 12490 | Q49: 12111 | R49: 16581 | S49: 22284 | T49: 34712 | U49: 8165 | V49: 25171 | W49: 21149 | X49: 12657 | Y49: 19458 | Z49: 6983 | AA49: 10780 | AB49: 6866 | AC49: 62397 | AD49: 33877
B51: Total do Passivo Circulante | D51: Total Current Liabilities | F51: 52227 | G51: 142192.97 | H51: 354561 | I51: 493348 | J51: 596046 | K51: 661471 | L51: 1244530 | M51: 1450945 | N51: 1692175 | O51: =SUM(O38:O49) -> 1330695 | P51: =SUM(P38:P49) -> 1391367 | Q51: =SUM(Q38:Q49) -> 1688790 | R51: =SUM(R38:R49) -> 1396840 | S51: =SUM(S38:S49) -> 1159296 | T51: =SUM(T38:T49) -> 1065860 | U51: =SUM(U38:U49) -> 1154580 | V51: =SUM(V38:V49) -> 1072486 | ... AB51: =SUM(AB38:AB49) -> 619377 | AC51: 1031771 | AD51: =SUM(AD38:AD49) -> 747784
B53: Não Circulante | D53: Non-Current Liabilities
B54: Fornecedores LP | D54: Suppliers | F54: 0 | G54: 0 | H54: 0 | I54: 0 | J54: 0 | K54: 0 | L54: 0 | M54: 0 | N54: 0 | O54: 0 | P54: 0 | Q54: 0 | R54: 0 | S54: 0 | T54: 130476 | U54: 130476 | V54: 130476 | W54: 130476 | X54: 130476 | Y54: 130476 | Z54: 130476 | AA54: 130476 | AB54: 130476 | AC54: 130476 | AD54: 130476
B55: Empréstimos e financiamentos lp | D55: Loans and financing | F55: 4308 | G55: 708699 | H55: 681109 | I55: 695443 | J55: 543188 | K55: 519872 | L55: 459529 | M55: 327079 | N55: 290474 | O55: 665134 | P55: 641570 | Q55: 578870 | R55: 549007 | S55: 804025 | T55: 760208 | U55: 723130 | V55: 787315 | W55: 480973 | X55: 0 | Y55: 0 | Z55: 0 | AA55: 0 | AB55: 0 | AC55: 0 | AD55: 0
B56: Debêntures LP | V56: 1104903 | W56: 1111002 | X56: 1771414 | Y56: 1788205 | Z56: 1797885 | AA56: 2301589 | AB56: 3040102 | AC56: 3066158 | AD56: 3098784
B57: Valores a pagar de arrendamentos lp | D57: Lease amounts payable | F57: 834 | G57: 11067.025 | H57: 7646 | I57: 5841 | J57: 3263 | K57: 2816 | L57: 2421 | M57: 3266 | N57: 4861 | O57: 3423 | P57: 7112 | Q57: 19502 | R57: 15903 | S57: 12883 | T57: 10570 | U57: 9307 | V57: 7303 | W57: 5908 | X57: 5099 | Y57: 4728 | Z57: 10878 | AA57: 9727 | AB57: 7122 | AC57: 23216 | AD57: 21820
B58: Tributos a recolher | D58: Taxes to collect | F58: 0 | G58: 0 | H58: 0 | I58: 0 | J58: 0 | K58: 0 | L58: 0 | M58: 0 | N58: 2116 | O58: 3290 | P58: 6112 | Q58: 6748 | R58: 2211 | S58: 3355 | T58: 0 | U58: 0 | V58: 0 | W58: 0 | X58: 0 | Y58: 0 | Z58: 0 | AA58: 0 | AB58: 0 | AC58: 0 | AD58: 0
B59: Instrumentos financeiros derivativos plp | D59: Derivative financial instruments | F59: 0 | G59: 6079 | H59: 17886 | I59: 89836 | J59: 196645 | K59: 236619 | L59: 233559 | M59: 347494 | N59: 302214 | O59: 119329 | P59: 102409 | Q59: 41152 | R59: 19635 | S59: 7932 | T59: 0 | U59: 0 | V59: 135529 | W59: 142883 | X59: 367837 | Y59: 228879 | Z59: 107765 | AA59: 28455 | AB59: 88449 | AC59: 223887 | AD59: 160991
B60: Tributos diferidos | D60: Deferred taxes | F60: 13926 | G60: 5815 | H60: 0 | I60: 0 | J60: 0 | K60: 0 | L60: 5672 | M60: 52992 | N60: 23952 | O60: 2340 | P60: 6023 | Q60: 0 | R60: 11797 | S60: 20947 | T60: 0 | U60: 10172 | V60: 0 | W60: 0 | X60: 0 | Y60: 0 | Z60: 1275 | AA60: 26249 | AB60: 60324 | AC60: 0 | AD60: 38613
B61: Valores a pagar de aquisições | D61: Amounts payable for acquisitions | F61: 0 | G61: 0 | H61: 0 | I61: 0 | J61: 0 | K61: 0 | L61: 809731 | M61: 690018 | N61: 620592 | O61: 639429 | P61: 512386 | Q61: 359963 | R61: 342190 | S61: 356333 | T61: 145239 | U61: 0 | V61: 0 | W61: 0 | X61: 0 | Y61: 0 | Z61: 0 | AA61: 0 | AB61: 0 | AC61: 0 | AD61: 0
B62: Provisão para processos judiciais | D62: Provision for legal proceedings | F62: 2105 | G62: 2777 | H62: 4965 | I62: 4965 | J62: 5180 | K62: 3745 | L62: 3443 | M62: 3243 | N62: 3350 | O62: 3758 | P62: 3726 | Q62: 5567 | R62: 5217 | S62: 5169 | T62: 5299 | U62: 6445 | V62: 6167 | W62: 47649 | X62: 47923 | Y62: 51077 | Z62: 50132 | AA62: 48116 | AB62: 47946 | AC62: 47844 | AD62: 50175
B63: Provisão para abandono de poços lp | D63: Provision for well abandonment | F63: 10902 | G63: 25493 | H63: 33810 | I63: 35875 | J63: 37248 | K63: 38732 | L63: 84695 | M63: 87393 | N63: 90092 | O63: 92792 | P63: 103887 | Q63: 107216 | R63: 110183 | S63: 113505 | T63: 181422 | U63: 185987 | V63: 190436 | W63: 195119 | X63: 136630 | Y63: 140370 | Z63: 144109 | AA63: 143946 | AB63: 140464 | AC63: 144281 | AD63: 148098
B64: Dividendos a pagar | D64: Payable Dividends | V64: 0 | W64: 0 | X64: 0 | Y64: 0 | Z64: 0 | AA64: 0 | AB64: 200000 | AC64: 200000 | AD64: 200000
B65: Outras contas a pagar | D65: Other accounts payable | F65: 0 | G65: 0 | H65: 0 | I65: 0 | J65: 0 | K65: 0 | L65: 0 | M65: 0 | N65: 0 | O65: 0 | P65: 0 | Q65: 0 | R65: 0 | S65: 0 | T65: 12227 | U65: 13596 | V65: 9303 | W65: 10026 | X65: 10559 | Y65: 11342 | Z65: 9743 | AA65: 2560 | AB65: 3039 | AC65: 4495 | AD65: 1568
B67: Total do Passivo Não Circulante | D67: Total Non-Current Liabilities | F67: =SUM(F54:F65) -> 32075 | G67: =SUM(G54:G65) -> 759930.03 | H67: =SUM(H54:H65) -> 745416 | I67: =SUM(I54:I65) -> 831960 | J67: =SUM(J54:J65) -> 785524 | K67: =SUM(K54:K65) -> 801784 | L67: =SUM(L54:L65) -> 1599050 | M67: =SUM(M54:M65) -> 1511485 | ... AB67: =SUM(AB54:AB65) -> 3717922 | AC67: 3840357 | AD67: =SUM(AD54:AD65) -> 3850525
B69: Total do Passivo | D69: Total Liabilities | F69: 84302 | G69: 902123 | H69: 1099977 | I69: 1325308 | J69: 1381570 | K69: 1463255 | L69: 2843580 | M69: 2962430 | N69: 3029826 | O69: =O67+O51 -> 2860190 | P69: =P67+P51 -> 2774592 | Q69: =Q67+Q51 -> 2807808 | R69: =R67+R51 -> 2452983 | S69: =S67+S51 -> 2483445 | T69: =T67+T51 -> 2311301 | U69: =U67+U51 -> 2233693 | V69: =V67+V51 -> 3443918 | ... AB69: =AB67+AB51 -> 4337299 | AC69: 4872128 | AD69: =AD67+AD51 -> 4598309
B71: Patrimônio Líquido | D71: Net Equity
B73: Capital social | D73: Share capital | F73: 211408 | G73: 669295 | H73: 674941 | I73: 674941 | J73: 1812336 | K73: 1813114 | L73: 1813936 | M73: 1814125 | N73: 2823766 | O73: 2824282 | P73: 2828170 | Q73: 2828842 | R73: 2829973 | S73: 2830283 | T73: 2830774 | U73: 2831269 | V73: 2832275 | W73: 2832476 | X73: 2832476 | Y73: 2832624 | Z73: 2832624 | AA73: 2832624 | AB73: 2832624 | AC73: 2832624 | AD73: 2832698
B74: Ações em tesouraria | D74: Treasury shares | F74: 0 | G74: 0 | H74: 0 | I74: 0 | J74: 0 | K74: -922 | L74: -2292 | M74: -2266 | N74: -43 | O74: -6793 | P74: -6793 | Q74: -10848 | R74: -6638 | S74: -5084 | T74: -5084 | U74: -5084 | V74: -4432 | W74: -7035 | X74: -7035 | Y74: -10188 | Z74: -7965 | AA74: -7886 | AB74: -7884 | AC74: -7545 | AD74: 0
B75: Reserva de capital | D75: Capital reserve | F75: 31031 | G75: 31158 | H75: 31158 | I75: 31158 | J75: 31158 | K75: 33167 | L75: 35176 | M75: 37185 | N75: 36406 | O75: 39743 | P75: 43171 | Q75: 46653 | R75: 46552 | S75: 48299 | T75: 51978 | U75: 55656 | V75: 48431 | W75: 52421 | X75: 56410 | Y75: 60399 | Z75: 58278 | AA75: 61130 | AB75: 64058 | AC75: 64242 | AD75: 60192
B76: Reservas de lucros | D76: Profit reserve | F76: 179162 | G76: 229950 | H76: 160945 | I76: 148055 | J76: 160945 | K76: 160945 | L76: 297202 | M76: 297202.06 | N76: 297202 | O76: 297202 | P76: 1167284 | Q76: 1167284 | R76: 1141293 | S76: 1141164 | T76: 1671360 | U76: 1671360 | V76: 1260477 | W76: 1671360 | X76: 1318945 | Y76: 1318945 | Z76: 1318945 | AA76: 1318945 | AB76: 1393897 | AC76: 1393897 | AD76: 1393897
B77: Lucros (Prejuízos) acumulados | D77: Retained earnings | F77: 0 | G77: 0 | H77: 0 | I77: 0 | J77: 81676 | K77: 104518 | L77: 0 | M77: 401842.94 | N77: 533184 | O77: 745069 | P77: 0 | Q77: 199513 | R77: 375872 | S77: 520868 | T77: 0 | U77: 110033 | V77: 292853 | W77: -5861 | X77: 0 | Y77: 227529 | Z77: 202268 | AA77: 324205 | AB77: 0 | AC77: 123797 | AD77: 224956
B78: Outros Resultados Abrangentes | D78: Equity valuation adjustments | F78: 0 | G78: -3391 | H78: 78671 | I78: -80736 | J78: -229898 | K78: -295996 | L78: -306690 | M78: -497192 | N78: -503872 | O78: -262123 | P78: -255811 | Q78: -171568 | R78: -106933 | S78: -140803 | T78: -65626 | U78: -46284 | V78: -76215 | W78: -3454 | X78: 0 | Y78: 0 | Z78: 0 | AA78: 0 | AB78: 13540 | AC78: -245506 | AD78: -112718
B79: Transação de capital | D79: Capital transaction | F79: 0 | G79: 34481 | H79: 34481 | I79: 34481 | J79: 34481 | K79: 34481 | L79: 34481 | M79: 34481 | N79: 34481 | O79: 34481 | P79: 34481 | Q79: 34481 | R79: 34481 | S79: 34481 | T79: 34481 | U79: 34481 | V79: 34481 | W79: 34481 | X79: 34481 | Y79: 34481 | Z79: 34481 | AA79: 34481 | AB79: 34481 | AC79: 34481 | AD79: 34481
B80: Adiantamento para futuro aumento de capital | D80: Advance for future capital increase | F80: 0 | G80: 304 | H80: 0 | I80: 0 | J80: 0 | K80: 0 | L80: 0 | M80: 0 | N80: 0 | O80: 0 | P80: 0 | Q80: 0 | R80: 0 | S80: 0 | T80: 0 | U80: 0 | V80: 0 | W80: 0 | X80: 0 | Y80: 0 | Z80: 0 | AA80: 0 | AB80: 0 | AC80: 0 | AD80: 0
B82: Total do Patrimônio Líquido | D82: Total Net Equity | F82: 421601 | G82: 961797 | H82: 980196 | I82: 807899 | J82: 1890698 | K82: 1849307 | L82: 1871813 | M82: 2085378 | N82: 3221124 | O82: =SUM(O73:O80) -> 3671861 | P82: =SUM(P73:P80) -> 3810502 | Q82: =SUM(Q73:Q80) -> 4094357 | R82: =SUM(R73:R80) -> 4314600 | S82: =SUM(S73:S80) -> 4429208 | T82: =SUM(T73:T80) -> 4517883 | U82: =SUM(U73:U80) -> 4651431 | V82: =SUM(V73:V80) -> 4387870 | ... AB82: =SUM(AB73:AB80) -> 4330716 | AC82: 4195990 | AD82: =SUM(AD73:AD80) -> 4433506
B84: Total do Passivo e Patrimônio Líquido | D84: Total Liabilities and Net Equity | F84: 505903 | G84: 1863920 | H84: 2080173 | I84: 2133207 | J84: 3272268 | K84: 3312562 | L84: 4715393 | M84: 5047808 | N84: 6250950 | O84: =O82+O69 -> 6532051 | P84: =P82+P69 -> 6585094 | Q84: =Q82+Q69 -> 6902165 | R84: =R82+R69 -> 6767583 | S84: =S82+S69 -> 6912653 | T84: =T82+T69 -> 6829184 | U84: =U82+U69 -> 6885124 | V84: =V82+V69 -> 7831788 | ... AB84: =AB82+AB69 -> 8668015 | AC84: 9068118 | AD84: =AD82+AD69 -> 9031815
F86: =F33-F84 -> 0 | G86: =G33-G84 -> 0 | H86: =H33-H84 -> 0 | I86: =I33-I84 -> 0 | J86: =J33-J84 -> 0 | K86: =K33-K84 -> 0 | L86: =L33-L84 -> 0 | M86: =M33-M84 -> 0 | ... U86: =U33-U84 -> 0
E88: =E84-E33 -> 0 | F88: =F84-F33 -> 0 | G88: =G84-G33 -> 0 | H88: =H84-H33 -> 0 | I88: =I84-I33 -> 0 | J88: =J84-J33 -> 0 | K88: =K84-K33 -> 0 | L88: =L84-L33 -> 0 | ... AB88: =AB84-AB33 -> 1284 | AC88: 0 | AD88: =AD84-AD33 -> 0

Sheet DRE (resumida)
D2: Demonstração de Resultados (Resumida) | Income Statement (Summary)
B4: Em milhares de reais | D4: In thousands of reais | F4: 2018 | G4: 2019 | H4: 1T20 / 1Q20 | I4: 2T20 /2Q20 | J4: 3T20 / 3Q20 | K4: 4T20 / 4Q20 | L4: 2020 | M4: 1T21 / 1Q21 | N4: 2T21 /2Q21 | O4: 3T21 / 3Q21 | P4: 4T21 / 4Q21 | Q4: 2021 | R4: 1T22 / 1Q22 | S4: 2T22 / 2Q22 | T4: 3T22 / 3Q22 | U4: 4T22 / 4Q22 | V4: 2022 | W4: 1T23 / 1Q23 | X4: 2T23 / 2Q23 | Y4: 1S23 | Z4: 3T23 / 3Q23 | AA4: 9M23 | AB4: 4T23 / 4Q23 | AC4: 2023 | AD4: 1T24 / 1Q24 | AE4: 2T24 / 2Q24 | AF4: 1S24/1H24 | AG4: 3T24 / 3Q24 | AH4: 9M24/9M24 | AI4: 4T24 / 4Q24 | AJ4: 2024 | AK4: 1T25 | AL4: 2T25 | AM4: 1S25 | AN4: 3T25 | AO4: 9M25 | AP4: 4T25 | AQ4: 2025 | AR4: 1T26 | AS4: 2T26 | AT4: 1S26
B6: Receita Líquida | D6: Net Revenue | F6: 299668 | G6: 339923 | H6: 195548 | I6: 185488 | J6: 200177 | K6: 206628 | L6: 787841 | M6: 245788 | N6: 249110 | O6: 260344 | P6: 285362 | Q6: 1040604 | R6: 703476 | S6: 691009 | T6: 804848 | U6: 776606 | V6: 2975939 | W6: 719212 | X6: 658314 | Y6: 1377526 | Z6: 747829 | AA6: 2125355 | AB6: =AC6-AA6 -> 689006 | AC6: 2814361 | AD6: 744735 | AE6: 826254 | AF6: 1570989 | AG6: 850189 | AH6: 2421178 | AI6: 843376 | AJ6: 3264554 | AK6: 860752 | AL6: 806302 | AM6: 1667054 | AN6: 786385 | AO6: 2453439 | AP6: 704170 | AQ6: 3157609 | AR6: 684456 | AS6: 807943 | AT6: =AS6+AR6 -> 1492399
B7: Custos dos Serviços Prestados e dos Produtos Vendidos | D7: Costs of Sales and Services | F7: -187387 | G7: -253367 | H7: -128605 | I7: -111882 | J7: -118385 | K7: -151727.58 | L7: -510599.58 | M7: -153098 | N7: -166331 | O7: -179203 | P7: -169218 | Q7: -667850 | R7: -333865 | S7: -367690 | T7: -420747 | U7: -412110 | V7: -1534412 | W7: -442263 | X7: -472834 | Y7: -915097 | Z7: -499783 | AA7: -1414880 | AB7: =AC7-AA7 -> -501781 | AC7: -1916661 | AD7: -475848 | AE7: -501955 | AF7: -977803 | AG7: -564861 | AH7: -1542664 | AI7: -530141 | AJ7: -2072805 | AK7: -540866 | AL7: -553122 | AM7: -1093988 | AN7: -552209 | AO7: -1646197 | AP7: -489976 | AQ7: -2136173 | AR7: -467859 | AS7: -516223 | AT7: =AS7+AR7 -> -984082
B9: Lucro Bruto | D9: Gross Profit | F9: 112281 | G9: 86556 | H9: 66943 | I9: 73606 | J9: 81792 | K9: 54900.421 | L9: 277241.42 | M9: 92690 | N9: 82779 | O9: 81141 | P9: 116144 | Q9: 372754 | R9: 369611 | S9: 323319 | T9: =SUM(T6:T7) -> 384101 | U9: =SUM(U6:U7) -> 364496 | V9: =SUM(V6:V7) -> 1441527 | W9: =SUM(W6:W7) -> 276949 | X9: =SUM(X6:X7) -> 185480 | Y9: =SUM(Y6:Y7) -> 462429 | Z9: =SUM(Z6:Z7) -> 248046 | AA9: =SUM(AA6:AA7) -> 710475 | AB9: =AC9-AA9 -> 187225 | AC9: =SUM(AC6:AC7) -> 897700 | AD9: =SUM(AD6:AD7) -> 268887 | AE9: =SUM(AE6:AE7) -> 324299 | AF9: =SUM(AF6:AF7) -> 593186 | AG9: =SUM(AG6:AG7) -> 285328 | AH9: =SUM(AH6:AH7) -> 878514 | AI9: =SUM(AI6:AI7) -> 313235 | AJ9: =SUM(AJ6:AJ7) -> 1191749 | ... AQ9: =SUM(AQ6:AQ7) -> 1021436 | AR9: 216597 | AS9: =SUM(AS6:AS7) -> 291720 | AT9: =SUM(AT6:AT7) -> 508317
B11: Receitas (Despesas) | D11: Income (Expenses)
B12: Perdas de crédito esperadas | D12: Expected credit losses | F12: 0 | G12: 0 | H12: 0 | I12: 0 | J12: 0 | K12: 0 | L12: 0 | M12: 0 | N12: 0 | O12: 0 | P12: 0 | Q12: 0 | R12: 0 | S12: 0 | T12: -37962 | U12: -32749 | V12: -70711 | W12: 0 | X12: 0 | Y12: 0 | Z12: 0 | AA12: 0 | AB12: =AC12-AA12 -> 0 | AC12: 0 | AD12: 0 | AE12: 0 | AF12: 0 | AG12: 0 | AH12: 0 | AI12: 0 | AJ12: 0 | AK12: 0 | AL12: 0 | AM12: 0 | AN12: 0 | AO12: 0 | AP12: 0 | AQ12: 0 | AR12: 0 | AS12: 0 | AT12: =AS12+AR12 -> 0
B13: Gerais, vendas e administrativas | D13: Sales, general and administrative | F13: -24763 | G13: -31525 | H13: -14882 | I13: -8311 | J13: -12384 | K13: -11909 | L13: -47486 | M13: -11283 | N13: -18188 | O13: -11315 | P13: -22058 | Q13: -62844 | R13: -21788 | S13: -23913 | T13: -29803 | U13: -34873 | V13: -110377 | W13: -45840 | X13: -35741 | Y13: -81581 | Z13: -48862 | AA13: -130443 | AB13: =AC13-AA13 -> -83622 | AC13: -214065 | AD13: -42618 | AE13: -48331 | AF13: -90949 | AG13: -55612 | AH13: -146561 | AI13: -62154 | AJ13: -208715 | AK13: -56502 | AL13: -66443 | AM13: -122945 | AN13: -55195 | AO13: -178140 | AP13: -61856 | AQ13: -239996 | AR13: -61907 | AS13: -52951 | AT13: =AS13+AR13 -> -114858
B14: Outras Receitas (Despesas), Líquidas | D14: Other net income (expenses) | F14: 2070 | G14: 5415 | H14: -2 | I14: 565 | J14: -2354 | K14: 3855.5786 | L14: 2064.5786 | M14: -10827 | N14: -1618 | O14: -12888 | P14: 29 | Q14: -25304 | R14: -3016 | S14: -4643 | T14: -5483 | U14: 10903 | V14: -2239 | W14: -196 | X14: 24313 | Y14: 24117 | Z14: -4272 | AA14: 19845 | AB14: =AC14-AA14 -> -23663 | AC14: -3818 | AD14: -26779 | AE14: -6867 | AF14: -33646 | AG14: 6688 | AH14: -26958 | AI14: -7856 | AJ14: -34814 | AK14: -3619 | AL14: -8332 | AM14: -11951 | AN14: -21377 | AO14: -33328 | AP14: -26533 | AQ14: -59861 | AR14: -4596 | AS14: -15713 | AT14: =AS14+AR14 -> -20309
B15: Investimentos | D15: Investments
B16: Total das Despesas | D16: Total Expenses | F16: -22693 | G16: -26110 | H16: -14884 | I16: -7746 | J16: -14738 | K16: -8053.4214 | L16: -45421.421 | M16: -22110 | N16: -19806 | O16: -24203 | P16: -22029 | Q16: -88148 | R16: -24804 | S16: -28556 | T16: =SUM(T12:T14) -> -73248 | U16: =SUM(U12:U14) -> -56719 | V16: =SUM(V12:V14) -> -183327 | W16: =SUM(W12:W14) -> -46036 | X16: =SUM(X12:X14) -> -11428 | Y16: =SUM(Y12:Y14) -> -57464 | Z16: =SUM(Z12:Z14) -> -53134 | AA16: =SUM(AA12:AA14) -> -110598 | AB16: =AC16-AA16 -> -107285 | AC16: =SUM(AC12:AC14) -> -217883 | AD16: =SUM(AD12:AD14) -> -69397 | AE16: =SUM(AE12:AE14) -> -55198 | AF16: =SUM(AF12:AF14) -> -124595 | AG16: =SUM(AG12:AG14) -> -48924 | AH16: =SUM(AH12:AH14) -> -173519 | AI16: =SUM(AI12:AI14) -> -70010 | AJ16: =SUM(AJ12:AJ14) -> -243529 | ... AQ16: =SUM(AQ12:AQ14) -> -299857 | AR16: -66503 | AS16: =SUM(AS12:AS14) -> -68664 | AT16: =SUM(AT12:AT14) -> -135167
B18: Lucro Operacional | D18: Operating Income | F18: 89588 | G18: 60446 | H18: 52059 | I18: 65860 | J18: 67054 | K18: 46847 | L18: 231820 | M18: 70580 | N18: 62973 | O18: 56938 | P18: 94115 | Q18: 284606 | R18: 344807 | S18: 294763 | T18: =T16+T9 -> 310853 | U18: =U9+U16 -> 307777 | V18: =V9+V16 -> 1258200 | W18: =W9+W16 -> 230913 | X18: =X9+X16 -> 174052 | Y18: =Y9+Y16 -> 404965 | Z18: =Z9+Z16 -> 194912 | AA18: =AA9+AA16 -> 599877 | AB18: =AC18-AA18 -> 79940 | AC18: =AC9+AC16 -> 679817 | AD18: =AD9+AD16 -> 199490 | AE18: =AE9+AE16 -> 269101 | AF18: =AF9+AF16 -> 468591 | AG18: =AG9+AG16 -> 236404 | AH18: =AH9+AH16 -> 704995 | AI18: =AI9+AI16 -> 243225 | AJ18: =AJ9+AJ16 -> 948220 | ... AQ18: =AQ9+AQ16 -> 721579 | AR18: 150094 | AS18: =AS9+AS16 -> 223056 | AT18: =AT9+AT16 -> 373150
B20: Resultado Financeiro | D20: Financial Income
B21: Resultado Financeiro | D21: Financial Income | F21: -894 | G21: 11392 | H21: -256891 | I21: -85454 | J21: -53788 | K21: 46676 | L21: -349457 | M21: -94785 | N21: 63670 | O21: -21140 | P21: 1266 | Q21: -50989 | R21: 185855 | S21: -126853 | T21: -45488 | U21: 52886 | V21: 66400 | W21: 6301 | X21: 55392 | Y21: 61693 | Z21: -48395 | AA21: 13298 | AB21: 34785 | AC21: 49012 | AD21: -70978 | AE21: -216252 | AF21: -287230 | AG21: -40324 | AH21: -327554 | AI21: -257261 | AJ21: -584815 | AK21: 48997 | AL21: 75421 | AM21: 124418 | AN21: -8980 | AO21: 115438 | AP21: -60823 | AQ21: 54615 | AR21: -1042 | AS21: 10781 | AT21: =AS21+AR21 -> 9739
B23: Lucro (Prejuízo) Antes Dos Impostos | D23: Profit (Loss) Before Taxes | F23: 88694 | G23: 71838 | H23: -204832 | I23: -19594 | J23: 13266 | K23: 93523 | L23: -117637 | M23: -24205 | N23: 126643 | O23: 35798 | P23: 95381 | Q23: 233617 | R23: 530662 | S23: 167910 | T23: =T21+T18 -> 265365 | U23: =U18+U21 -> 360663 | V23: =V18+V21 -> 1324600 | W23: =W18+W21 -> 237214 | X23: =X18+X21 -> 229444 | Y23: =Y18+Y21 -> 466658 | Z23: =Z18+Z21 -> 146517 | AA23: =AA18+AA21 -> 613175 | AB23: =AC23-AA23 -> 115654 | AC23: =AC18+AC21 -> 728829 | AD23: =AD18+AD21 -> 128512 | AE23: =AE18+AE21 -> 52849 | AF23: =AF18+AF21 -> 181361 | AG23: =AG18+AG21 -> 196080 | AH23: =AH18+AH21 -> 377441 | AI23: =AI18+AI21 -> -14036 | AJ23: =AJ18+AJ21 -> 363405 | ... AQ23: =AQ18+AQ21 -> 776194 | AR23: 149052 | AS23: =AS18+AS21 -> 233837 | AT23: =AT18+AT21 -> 382889
B25: Imposto De Renda e Contribuição Social | D25: Income Tax and Social Contribution
B26: Corrente | D26: Current | F26: -17649 | G26: -14519 | H26: -7354 | I26: -5316 | J26: -2783 | K26: 172 | L26: -15281 | M26: -2163 | N26: -17986 | O26: -13669 | P26: -12835 | Q26: -46653 | R26: -51087 | S26: -44422 | T26: -81140 | U26: 47403 | V26: -329141 | W26: -45468 | X26: 6819 | Y26: -38649 | Z26: 31622 | AA26: -7027 | AB26: -25641 | AC26: -76162 | AD26: -8061 | AE26: 4621 | AF26: -3440 | AG26: -4316 | AH26: -7756 | AI26: -3432 | AJ26: -11188 | AK26: -6552 | AL26: -3713 | AM26: -10265 | AN26: -1382 | AO26: -11647 | AP26: -1989 | AQ26: -13636 | AR26: -2559 | AS26: -6368 | AT26: =AS26+AR26 -> -8927
B27: Diferido | D27: Deferred | F27: 1904 | G27: 6363 | H27: 76145 | I27: 9754 | J27: -4141 | K27: -30599 | L27: 51159 | M27: 13478 | N27: -14091 | O27: 797 | P27: -10249 | Q27: -10065 | R27: -77737 | S27: 7543 | T27: 27658 | U27: 573 | V27: -41963 | W27: 7767 | X27: -58622 | Y27: -50855 | Z27: -33042 | AA27: -83897 | AB27: 96672 | AC27: 12775 | AD27: -10418 | AE27: 78711 | AF27: 68293 | AG27: -32924 | AH27: 35369 | AI27: 49912 | AJ27: 85281 | AK27: -74681 | AL27: -11974 | AM27: -86655 | AN27: -25305 | AO27: -111960 | AP27: -12246 | AQ27: -124206 | AR27: -22696 | AS27: -24786 | AT27: =AS27+AR27 -> -47482
B29: Total Imposto De Renda e Contribuição Social | D29: Total Income Tax and Social Contribution | F29: -15745 | G29: -8156 | H29: 68791 | I29: 4438 | J29: -6924 | K29: -30427 | L29: 35878 | M29: 11315 | N29: -32077 | O29: -12872 | P29: -23084 | Q29: -56718 | R29: -128824 | S29: -36879 | T29: -53482 | U29: 47976 | V29: -371104 | W29: -37701 | X29: -51803 | Y29: -89504 | Z29: -1420 | AA29: -90924 | AB29: 27537 | AC29: -63387 | AD29: -18479 | AE29: 83332 | AF29: 64853 | AG29: -37240 | AH29: =SUM(AH26:AH27) -> 27613 | AI29: =SUM(AI26:AI27) -> 46480 | AJ29: =SUM(AJ26:AJ27) -> 74093 | AK29: =SUM(AK26:AK27) -> -81233 | AL29: =SUM(AL26:AL27) -> -15687 | AM29: =SUM(AM26:AM27) -> -96920 | AN29: =SUM(AN26:AN27) -> -26687 | AO29: =SUM(AO26:AO27) -> -123607 | ... AQ29: =SUM(AQ26:AQ27) -> -137842 | AR29: -25255 | AS29: =SUM(AS26:AS27) -> -31154 | AT29: =SUM(AT26:AT27) -> -56409
B31: Lucro (Prejuízo) Líquido Do Exercício / Período | D31: Net Income (Loss) For the Year / Period | F31: 72949 | G31: 63682 | H31: -136041 | I31: -15156 | J31: 6342 | K31: 63096 | L31: -81759 | M31: -12890 | N31: 94566 | O31: 22926 | P31: 72297 | Q31: 176899 | R31: 401838 | S31: 131031 | T31: 211883 | U31: 408639 | V31: 953496 | W31: 199513 | X31: 177641 | Y31: 377154 | Z31: 145097 | AA31: 522251 | AB31: 143191 | AC31: 665442 | AD31: 110033 | AE31: 136181 | AF31: 246214 | AG31: 158840 | AH31: =AH23+AH29 -> 405054 | AI31: =AI23+AI29 -> 32444 | AJ31: =AJ23+AJ29 -> 437498 | AK31: =AK23+AK29 -> 227529 | AL31: =AL23+AL29 -> 238139 | AM31: =AM23+AM29 -> 465668 | AN31: =AN23+AN29 -> 121937 | AO31: =AO23+AO29 -> 587605 | ... AQ31: =AQ23+AQ29 -> 638352 | AR31: 123797 | AS31: =AS23+AS29 -> 202683 | AT31: =AT23+AT29 -> 326480

Sheet DRE (detalhada)
D2: Demonstração de Resultados (Detalhada) | Income Statement (Detailed)
F3: =LEFT(F4,4) -> 2018 | G3: =LEFT(G4,4) -> 2019 | H3: =LEFT(H4,4) -> 1T20 | I3: =LEFT(I4,4) -> 2T20 | J3: =LEFT(J4,4) -> 3T20 | K3: =LEFT(K4,4) -> 4T20 | L3: 2020 | M3: 1T21 | N3: 2T21 | O3: 3T21 | P3: 4T21 | Q3: 2021 | R3: 1T22 | S3: 2T22 | T3: 3T22 | U3: 4T22 | V3: 2022 | W3: 1T23 | X3: 2T23 | Y3: 1S23 | Z3: 3T23 | AA3: 9M23 | AB3: 4T23 | AC3: 2023 | AD3: 1T24 | AE3: 2T24 | AF3: 1S24 | AG3: 3T24 | AH3: 9M24 | AI3: 4T24 | AJ3: 2024 | AK3: 1T25 | AL3: 2T25 | AM3: 1S25 | AN3: 3T25 | AO3: 9M25
B4: Em milhares de reais | D4: In thousands of reais | F4: 2018 | G4: 2019 | H4: 1T20 / 1Q20 | I4: 2T20 /2Q20 | J4: 3T20 / 3Q20 | K4: 4T20 / 4Q20 | L4: 2020 | M4: 1T21 / 1Q21 | N4: 2T21 /2Q21 | O4: 3T21 / 3Q21 | P4: 4T21 / 4Q21 | Q4: 2021 | R4: 1T22 / 1Q22 | S4: 2T22 / 2Q22 | T4: 3T22 / 3Q22 | U4: 4T22 / 4Q22 | V4: 2022 | W4: 1T23 / 1Q23 | X4: 2T23 / 2Q23 | Y4: 1S23 | Z4: 3T23 / 3Q23 | AA4: 9M23 | AB4: 4T23 / 4Q23 | AC4: 2023 | AD4: 1T24 / 1Q24 | AE4: 2T24 / 2Q24 | AF4: 1S24/1H24 | AG4: 3T24 / 3Q24 | AH4: 9M24/9M24 | AI4: 4T24 / 4Q24 | AJ4: 2024 | AK4: 1T25 | AL4: 2T25 | AM4: 1S25 | AN4: 3T25 | AO4: 9M25 | AP4: 4T25 | AQ4: 2025 | AR4: 1T26 | AS4: 2T26 | AT4: 1S26
B6: Receita Bruta de Venda de Petróleo | D6: Gross Revenue from Oil Sales | R6: 635161 | S6: 699277 | T6: 702849 | U6: 621677 | V6: 2658964 | W6: 578678 | X6: 594264 | Y6: 1172942 | Z6: 596705 | AA6: 1769647 | AB6: 560729 | AC6: 2330376 | AD6: 570687 | AE6: 622591 | AF6: 1193278 | AG6: 621530 | AH6: 1814808 | AI6: 625495 | AJ6: 2440303 | AK6: 614798 | AL6: 548665 | AM6: 1163463 | AN6: 519199.88 | AO6: 1682662.9 | AP6: 430470.76 | AQ6: 2113133 | AR6: 487080.65 | AS6: 654344 | AT6: =AS6+AR6 -> 1141424.7
B7: Receita Bruta de Venda de Gás e subprodutos | D7: Gross Revenue from Gas and by-products Sales | R7: 326134 | S7: 329303 | T7: 443029 | U7: 449608 | V7: 1548074 | W7: 382777 | X7: 282286 | Y7: 665063 | Z7: 314195 | AA7: 979258 | AB7: 273287 | AC7: 1252545 | AD7: 368683 | AE7: 374445 | AF7: 743128 | AG7: 379143 | AH7: 1122271 | AI7: 358066 | AJ7: 1480337 | AK7: 390100 | AL7: 397182 | AM7: 787282 | AN7: 385496 | AO7: 1172778 | AP7: 381308 | AQ7: 1554086 | AR7: 343781 | AS7: 360964 | AT7: =AS7+AR7 -> 704745
B8: Receita Bruta de Produtos Vendidos | D8: Gross Revenue from Products Sold | F8: 9746 | G8: 28020.558 | H8: 113907 | I8: 78824 | J8: 132038.5 | K8: 111834.65 | L8: 436604.15 | M8: 229753 | N8: 244527 | O8: 283903 | P8: 342669.5 | Q8: 1109774 | R8: 961295 | S8: 1028580 | T8: =SUM(T6:T7) -> 1145878 | U8: 1071285 | V8: =SUM(V6:V7) -> 4207038 | W8: =SUM(W6:W7) -> 961455 | X8: =SUM(X6:X7) -> 876550 | Y8: =SUM(Y6:Y7) -> 1838005 | Z8: =SUM(Z6:Z7) -> 910900 | AA8: =SUM(AA6:AA7) -> 2748905 | AB8: =SUM(AB6:AB7) -> 834016 | AC8: =SUM(AC6:AC7) -> 3582921 | AD8: =SUM(AD6:AD7) -> 939370 | AE8: 997036 | AF8: 1936406 | AG8: 1000673 | AH8: 2937079 | AI8: 983561 | AJ8: 3920640 | AK8: 1004898 | AL8: 945847 | AM8: 1950745 | AN8: 904695.88 | AO8: 2855440.9 | AP8: 811778.76 | AQ8: 3667219 | AR8: 830862 | AS8: 1015308 | AT8: =AS8+AR8 -> 1846170
B9: Receita Bruta de Prestação de Serviços | D9: Gross Revenue from Services Provided | F9: 314296 | G9: 329447 | H9: 85074 | I9: 49265 | J9: 56767.5 | K9: 91207.5 | L9: 282314 | M9: 79768 | N9: 78341 | O9: 92202 | P9: 103625.5 | Q9: 353937 | R9: 0 | S9: 0 | T9: 0 | U9: 0 | V9: 0 | W9: 0 | X9: 0 | Y9: =SUM(W9:X9) -> 0 | Z9: =AA9-Y9 -> 0 | AA9: 0 | AB9: 0 | AC9: 0 | AD9: 1081 | AE9: 8677 | AF9: 9956 | AG9: 28067 | AH9: 38023 | AI9: 5292 | AJ9: 43315 | AK9: 430 | AL9: 2527 | AM9: 2957 | AN9: 18478 | AO9: 21435 | AP9: 20148 | AQ9: 41583 | AR9: 15967 | AS9: 28120 | AT9: =AS9+AR9 -> 44087
B10: Instrumentos financeiros derivativos | D10: Derivative financial instruments | F10: 0 | G10: 14569.442 | H10: 30334 | I10: 78827 | J10: 46103 | K10: 41730.85 | L10: 196994.85 | M10: -4743 | N10: -3540 | O10: -39637 | P10: -69939 | Q10: -126780 | R10: -85230 | S10: -130361 | T10: -127316 | U10: -98724 | V10: -441631 | W10: -71468 | X10: -60286 | Y10: -131754 | Z10: -70610 | AA10: -202364 | AB10: -65845 | AC10: -268209 | AD10: -59170 | AE10: -32073 | AF10: -91243 | AG10: -30735 | AH10: -121978 | AI10: -5234 | AJ10: -127212 | AK10: 0 | AL10: 0 | AM10: 0 | AN10: 0 | AO10: 0 | AP10: 882 | AQ10: 882 | AR10: -35235 | AS10: -89286 | AT10: =AS10+AR10 -> -124521
B12: Receita Bruta | D12: Gross Profit | F12: 324042 | G12: 372037 | H12: 229315 | I12: 206916 | J12: 234909 | K12: 244773 | L12: 915913 | M12: 304778 | N12: 319328 | O12: 336468 | P12: 376356 | Q12: 1336931 | R12: 876065 | S12: 898219 | T12: =SUM(T8:T10) -> 1018562 | U12: =SUM(U8:U10) -> 972561 | V12: =SUM(V8:V10) -> 3765407 | W12: =SUM(W8:W10) -> 889987 | X12: =SUM(X8:X10) -> 816264 | Y12: =SUM(Y8:Y10) -> 1706251 | Z12: =SUM(Z8:Z10) -> 840290 | AA12: =SUM(AA8:AA10) -> 2546541 | ... AQ12: =SUM(AQ8:AQ10) -> 3709684 | AR12: 811594 | AS12: =SUM(AS8:AS10) -> 954142 | AT12: =SUM(AT8:AT10) -> 1765736
B14: Impostos sobre Venda de Petróleo | D14: Taxes on Oil Sales Income | R14: -100040.45 | S14: -139519.36 | T14: -124762.66 | U14: =-109597+2 -> -109595 | V14: -473916.77 | W14: -98669.193 | X14: -102389.9 | Y14: -201059.1 | Z14: -25916.542 | AA14: =-226975.6386 -> -226975.64 | AB14: -22324.721 | AC14: -249300.36 | AD14: -52745.217 | AE14: -57638.599 | AF14: -110383.82 | AG14: -56276.844 | AH14: -166660.66 | AI14: -57826.339 | AJ14: -224487 | AK14: -56364.378 | AL14: -50522.204 | AM14: -106886.58 | AN14: -47688 | AO14: -154574.58 | AP14: -39236.418 | AQ14: -193811 | AR14: -44668 | AS14: -60428 | AT14: =AS14+AR14 -> -105096
B15: Impostos sobre Venda de Gás e subprodutos | D15: Taxes on Gas and by-products Income | R15: -72548.551 | S15: -67690.64 | T15: -88951.343 | U15: =-86358-2 -> -86360 | V15: -315551.23 | W15: -72105.807 | X15: -55560.096 | Y15: -127665.9 | Z15: -66544.458 | AA15: =AA17-AA14 -> -194210.36 | AB15: -56839.993 | AC15: -251050.35 | AD15: -83800.98 | AE15: -88526.554 | AF15: -172327.53 | AG15: -87539.465 | AH15: -259867 | AI15: -81662 | AJ15: -341529 | AK15: -88150.6 | AL15: -91234.897 | AM15: -179385.5 | AN15: -86837.626 | AO15: -266223.12 | AP15: -86994.876 | AQ15: -353218 | AR15: -80356 | AS15: -81814 | AT15: =AS15+AR15 -> -162170
B16: Impostos sobre Prestação de Serviços | D16: Taxes on Services Provided | R16: 0 | S16: 0 | T16: 0 | U16: 0 | V16: 0 | W16: 0 | X16: 0 | Y16: 0 | Z16: 0 | AA16: 0 | AB16: 0 | AC16: 0 | AD16: 0 | AE16: -1221.0485 | AF16: -1419.0485 | AG16: -3999.2909 | AH16: -5418.3394 | AI16: -754.66061 | AJ16: -6173 | AK16: -61.2364 | AL16: -313.94214 | AM16: -375.17854 | AN16: -2263.4509 | AO16: -2638.6295 | AP16: -2407.3705 | AQ16: -5046 | AR16: -2114 | AS16: -3957 | AT16: =AS16+AR16 -> -6071
B17: Impostos sobre faturamento | D17: Taxes on Income | F17: -24374 | G17: -32114 | H17: -33767 | I17: -21428 | J17: -34732 | K17: -38145 | L17: -128072 | M17: -58990 | N17: -70218 | O17: -76125 | P17: -90994 | Q17: -296327 | R17: -172589 | S17: -207210 | T17: -213714 | U17: -195955 | V17: -789468 | W17: -170775 | X17: =SUM(X14:X15) -> -157950 | Y17: =SUM(Y14:Y15) -> -328725 | Z17: -92461 | AA17: -421186 | AB17: =AC17-AA17 -> -79165 | AC17: -500351 | AD17: -136744 | AE17: -147386.2 | AF17: -284130.4 | AG17: -147815.6 | AH17: -431946 | AI17: -140243 | AJ17: -572189 | AK17: -144576 | AL17: -142072 | AM17: -286648 | AN17: -136789 | AO17: -423437 | AP17: -128638.66 | AQ17: -552075 | AR17: -127138 | AS17: -146199 | AT17: =AS17+AR17 -> -273337
B19: Receita Líquida de Venda de Petróleo | D19: Net Revenue from Oil Sales | R19: =R6+R10+R14 -> 449890.55 | S19: =S6+S10+S14 -> 429396.64 | T19: =T6+T10+T14 -> 450770.34 | U19: =U6+U10+U14 -> 413358 | V19: =V6+V10+V14 -> 1743416.2 | W19: =W6+W10+W14 -> 408540.81 | X19: =X6+X10+X14 -> 431588.1 | Y19: 840128.9 | Z19: =Z6+Z14+Z10 -> 500178.46 | AA19: =AA6+AA14+AA10 -> 1340307.4 | AB19: =AB6+AB14+AB10 -> 472559.28 | AC19: =AC6+AC14+AC10 -> 1812866.6 | AD19: =AD6+AD10+AD14 -> 458771.78 | AE19: 532879.4 | AF19: 991651.18 | AG19: 534518.16 | AH19: 1526169.3 | AI19: 562434.66 | AJ19: =AJ6+AJ14+AJ10 -> 2088604 | AK19: =AK6+AK14+AK10 -> 558433.62 | AL19: =AL6+AL14+AL10 -> 498142.8 | AM19: =AM6+AM14+AM10 -> 1056576.4 | AN19: =AN6+AN14+AN10 -> 471511.88 | AO19: =AO6+AO14+AO10 -> 1528088.3 | AP19: =AP6+AP14+AP10 -> 392116.34 | AQ19: =AQ6+AQ14+AQ10 -> 1920204 | AR19: 407177.65 | AS19: =AS6+AS14+AS10 -> 504630 | AT19: =AS19+AR19 -> 911807.65
B20: Receita Líquida de Venda de Gás e subprodutos | D20: Net Revenue from Gas and by-products Sales | R20: =R7+R15 -> 253585.45 | S20: =S7+S15 -> 261612.36 | T20: =T7+T15 -> 354077.66 | U20: =U7+U15 -> 363248 | V20: =V7+V15 -> 1232522.8 | W20: =W7+W15 -> 310671.19 | X20: =X7+X15 -> 226725.9 | Y20: 537397.1 | Z20: =Z7+Z15 -> 247650.54 | AA20: =AA7+AA15 -> 785047.64 | AB20: =AB7+AB15 -> 216447.01 | AC20: =AC7+AC15 -> 1001494.6 | AD20: =AD7+AD15 -> 284882.02 | AE20: 285918.45 | AF20: 570800.47 | AG20: 291603.53 | AH20: 862404 | AI20: 276404 | AJ20: 1138808 | AK20: 301949.4 | AL20: 305947.1 | AM20: 607896.5 | AN20: 298658.37 | AO20: 906554.88 | AP20: 294313.12 | AQ20: 1200868 | AR20: 263425 | AS20: 279150 | AT20: =AS20+AR20 -> 542575
B21: Receita Líquida de Prestação de Serviços | AD21: =AD9+AD16 -> 1081 | AE21: 7455.9515 | AF21: 8536.9515 | AG21: 24067.709 | AH21: 32604.661 | AI21: 4537.3394 | AJ21: 37142 | AK21: 368.7636 | AL21: 2213.0579 | AM21: 2581.8215 | AN21: 16214.549 | AO21: 18796.371 | AP21: 17740.629 | AQ21: 36537 | AR21: 13853 | AS21: 24163 | AT21: =AS21+AR21 -> 38016
B22: Receita Líquida | D22: Net Revenue | F22: 299668 | G22: 339923 | H22: 195548 | I22: 185488 | J22: 200177 | K22: 206628 | L22: 787841 | M22: 245788 | N22: 249110 | O22: 260344 | P22: 285362 | Q22: 1040604 | R22: 703476 | S22: 691009 | T22: 804848 | U22: 776606 | V22: 2975939 | W22: =W12+W17 -> 719212 | X22: =X12+X17 -> 658314 | Y22: =Y12+Y17 -> 1377526 | Z22: =Z12+Z17 -> 747829 | AA22: =AA12+AA17 -> 2125355 | AB22: =AB12+AB17 -> 689006 | AC22: =AC12+AC17 -> 2814361 | AD22: =SUM(AD19:AD21) -> 744734.8 | AE22: =SUM(AE19:AE21) -> 826253.8 | AF22: =SUM(AF19:AF21) -> 1570988.6 | AG22: =SUM(AG19:AG21) -> 850189.4 | AH22: =SUM(AH19:AH21) -> 2421178 | AI22: =SUM(AI19:AI21) -> 843376 | AJ22: =SUM(AJ19:AJ21) -> 3264554 | AK22: =SUM(AK19:AK21) -> 860751.79 | ... AO22: =SUM(AO19:AO21) -> 2453439.5 | AP22: =AP17+AP12 -> 704170.09 | AQ22: =AQ17+AQ12 -> 3157609 | AR22: 684456 | AS22: =AS17+AS12 -> 807943 | AT22: =AT17+AT12 -> 1492399
B24: Custos e Despesas | D24: Costs and Expenses
B25: Pessoal | D25: Personnel | F25: -44940 | G25: -55201 | H25: -21692 | I25: -18386 | J25: -18260 | K25: -23799 | L25: -82137 | M25: -25614 | N25: -30937 | O25: -29444 | P25: -42273 | Q25: -128268 | R25: -48037 | S25: -54872 | T25: -62667 | U25: -62448 | V25: -228024 | W25: -65988 | X25: -66633 | Y25: -132621 | Z25: -62901 | AA25: -195522 | AB25: -79753 | AC25: -275275 | AD25: -58408 | AE25: -72003 | AF25: -130411 | AG25: -74291 | AH25: -204702 | AI25: -69569 | AJ25: -274271 | AK25: -66957 | AL25: -74794 | AM25: -141751 | AN25: -76082 | AO25: -217833 | AP25: -66169 | AQ25: -284002 | AR25: -77736 | AS25: -72554 | AT25: =AS25+AR25 -> -150290
B26: Serviços e Materiais | D26: Services and Materials | F26: -62157 | G26: -80718 | H26: -31095 | I26: -21629 | J26: -26794 | K26: -36449 | L26: -115967 | M26: -37317 | N26: -35193 | O26: -45093 | P26: -44229 | Q26: -161832 | R26: -59955 | S26: -65115 | T26: -60543 | U26: -69012 | V26: -254625 | W26: -94436 | X26: -99298 | Y26: -193734 | Z26: -82691 | AA26: -276425 | AB26: -119485 | AC26: -395910 | AD26: -108629 | AE26: -117957 | AF26: -226586 | AG26: -151932 | AH26: -378518 | AI26: -175324 | AJ26: -553842 | AK26: -156264 | AL26: -167706 | AM26: -323970 | AN26: -201486 | AO26: -525456 | AP26: -195297 | AQ26: -720753 | AR26: -157122 | AS26: -160701 | AT26: =AS26+AR26 -> -317823
B27: Eletricidade | D27: Electricity | F27: -30966 | G27: -38618 | H27: -13995 | I27: -10402 | J27: -10098 | K27: -11337 | L27: -45832 | M27: -12195 | N27: -12689 | O27: -14188 | P27: -17796 | Q27: -56868 | R27: -19048 | S27: -15963 | T27: -19014 | U27: -19852 | V27: -73877 | W27: -19133 | X27: -20081 | Y27: -39214 | Z27: -21087 | AA27: -60301 | AB27: -16929 | AC27: -77230 | AD27: -18296 | AE27: -17160 | AF27: -35456 | AG27: -18441 | AH27: -53897 | AI27: -18196 | AJ27: -72093 | AK27: -17416 | AL27: -19716 | AM27: -37132 | AN27: -17274 | AO27: -54406 | AP27: -17386 | AQ27: -71792 | AR27: -18531 | AS27: -18239 | AT27: =AS27+AR27 -> -36770
B28: Vendas | D28: Sales | F28: 0 | G28: 0 | H28: 0 | I28: 0 | J28: 0 | K28: 0 | L28: 0 | M28: 0 | N28: 0 | O28: 0 | P28: 0 | Q28: 0 | R28: 0 | S28: 0 | T28: 0 | U28: 0 | V28: 0 | W28: 0 | X28: 0 | Y28: 0 | Z28: -8856 | AA28: -8856 | AB28: -31639 | AC28: -40495 | AD28: -892 | AE28: 0 | AF28: -892 | AG28: -3048 | AH28: -3940 | AI28: 0 | AJ28: -3940 | AK28: 0 | AL28: 0 | AM28: 0 | AN28: 0 | AO28: 0 | AP28: 0 | AQ28: 0 | AR28: 0 | AS28: 0 | AT28: =AS28+AR28 -> 0
B29: Outros custos e despesas | D29: Other costs and expenses | F29: -8755 | G29: -6327 | H29: -12547 | I29: -8224 | J29: -12591 | K29: 10728 | L29: -22634 | M29: -18451 | N29: -14753 | O29: -9371 | P29: -12274 | Q29: -54850 | R29: -9960 | S29: -16066 | T29: -18130 | U29: -8338 | V29: -52494 | W29: -13112 | X29: 16856 | Y29: 3744 | Z29: -11341 | AA29: -7597 | AB29: -28486 | AC29: -36083 | AD29: -41708.802 | AE29: -12455 | AF29: -54163.802 | AG29: -2139 | AH29: -56302.802 | AI29: -17617.198 | AJ29: -73920 | AK29: -12786 | AL29: -7148 | AM29: -19934 | AN29: 8511 | AO29: -11423 | AP29: 993 | AQ29: -10430 | AR29: -1670 | AS29: -8299 | AT29: =AS29+AR29 -> -9969
B30: Compra/"Swap" de gás | D30: Gas Purchase | F30: 0 | G30: 0 | H30: 0 | I30: 0 | J30: 0 | K30: 0 | L30: 0 | M30: 0 | N30: 0 | O30: 0 | P30: 0 | Q30: 0 | R30: -34458 | S30: -34133 | T30: -57296 | U30: -78208 | V30: -204095 | W30: -58476 | X30: -15881 | Y30: -74357 | Z30: -4291 | AA30: -78648 | AB30: -19546 | AC30: -98194 | AD30: -12625 | AE30: -13169 | AF30: -25794 | AG30: -17075 | AH30: -42869 | AI30: -19082 | AJ30: -61951 | AK30: -39948 | AL30: -23793 | AM30: -63741 | AN30: -21251 | AO30: -84992 | AP30: -19715 | AQ30: -104707 | AR30: -5209 | AS30: -43517 | AT30: =AS30+AR30 -> -48726
B31: Escoamento de gás | D31: Gas Outflow | F31: 0 | G31: 0 | H31: 0 | I31: 0 | J31: 0 | K31: 0 | L31: 0 | M31: 0 | N31: 0 | O31: 0 | P31: 0 | Q31: 0 | R31: -2420 | S31: -2580 | T31: -3164 | U31: -3318 | V31: -11482 | W31: -4195 | X31: -6828 | Y31: -11023 | Z31: -7670 | AA31: -18693 | AB31: -5203 | AC31: -23896 | AD31: -6360 | AE31: -4853 | AF31: -11213 | AG31: -3957 | AH31: -15170 | AI31: -3543 | AJ31: -18713 | AK31: -3740 | AL31: -3715 | AM31: -7455 | AN31: -3633 | AO31: -11088 | AP31: -320 | AQ31: -11408 | AR31: -409 | AS31: -278 | AT31: =AS31+AR31 -> -687
B32: Processamento de gás | D32: Gas Processing | F32: 0 | G32: 0 | H32: 0 | I32: 0 | J32: 0 | K32: 0 | L32: 0 | M32: 0 | N32: 0 | O32: 0 | P32: 0 | Q32: 0 | R32: -21672 | S32: -24127 | T32: -27436 | U32: -28920 | V32: -102155 | W32: -37188 | X32: -48835 | Y32: -86023 | Z32: -54594 | AA32: -140617 | AB32: -42535 | AC32: -183152 | AD32: -61036 | AE32: -58346 | AF32: -119382 | AG32: -52073 | AH32: -171455 | AI32: -48286 | AJ32: -219741 | AK32: -49021 | AL32: -51884 | AM32: -100905 | AN32: -48455 | AO32: -149360 | AP32: -40388 | AQ32: -189748 | AR32: -34464 | AS32: -33687 | AT32: =AS32+AR32 -> -68151
B33: Transporte de gás | D33: Gas Transport | F33: 0 | G33: 0 | H33: 0 | I33: 0 | J33: 0 | K33: 0 | L33: 0 | M33: 0 | N33: 0 | O33: 0 | P33: 0 | Q33: 0 | R33: -30029 | S33: -33506 | T33: -33706 | U33: -30939 | V33: -128180 | W33: -42502 | X33: -35425 | Y33: -77927 | Z33: -48793 | AA33: -126720 | AB33: -41422 | AC33: -168142 | AD33: -30644 | AE33: -31293 | AF33: -61937 | AG33: -29438 | AH33: -91375 | AI33: -27030 | AJ33: -118405 | AK33: -22351 | AL33: -24885 | AM33: -47236 | AN33: -24681 | AO33: -71917 | AP33: -22502 | AQ33: -94419 | AR33: -19244 | AS33: -18523 | AT33: =AS33+AR33 -> -37767
B34: Royalties | D34: Royalties | F34: -958 | G34: -3234 | H34: -10890 | I34: -7880 | J34: -13519 | K34: -14577 | L34: -46866 | M34: -20579 | N34: -24184 | O34: -27649 | P34: -31568 | Q34: -103980 | R34: -63158 | S34: -64776 | T34: -61497 | U34: -51445 | V34: -240876 | W34: -49346 | X34: -62951 | Y34: -112297 | Z34: -68271 | AA34: -180568 | AB34: -57272 | AC34: -237840 | AD34: -52784 | AE34: -51703 | AF34: -104487 | AG34: -58393 | AH34: -162880 | AI34: -61762 | AJ34: -224642 | AK34: -68422 | AL34: -58889 | AM34: -127311 | AN34: -52080 | AO34: -179391 | AP34: -48303 | AQ34: -227694 | AR34: -59801 | AS34: -56051 | AT34: =AS34+AR34 -> -115852
B35: Perdas de crédito esperadas | D35: Expected credit losses | F35: 0 | G35: 0 | H35: 0 | I35: 0 | J35: 0 | K35: 0 | L35: 0 | M35: 0 | N35: 0 | O35: 0 | P35: 0 | Q35: 0 | R35: 0 | S35: 0 | T35: -37962 | U35: -32749 | V35: -70711 | W35: 0 | X35: 0 | Y35: 0 | Z35: 0 | AA35: 0 | AB35: 0 | AC35: 0 | AD35: 0 | AE35: 0 | AF35: 0 | AG35: 0 | AH35: 0 | AI35: 0 | AJ35: 0 | AK35: 0 | AL35: 0 | AM35: 0 | AN35: 0 | AO35: 0 | AP35: 0 | AQ35: 0 | AR35: 0 | AS35: 0 | AT35: =AS35+AR35 -> 0
B37: Total dos Custos e Despesas | D37: Total Costs and Expenses | F37: -147776 | G37: -184098 | H37: -90219 | I37: -66521 | J37: -81262 | K37: -75434 | L37: -313436 | M37: -114156 | N37: -117756 | O37: -125745 | P37: -148140 | Q37: -505798 | R37: -288737 | S37: -311138 | T37: -381415 | U37: -385229 | V37: -1366519 | W37: =SUM(W25:W35) -> -384376 | X37: =SUM(X25:X35) -> -339076 | Y37: =SUM(Y25:Y35) -> -723452 | Z37: =SUM(Z25:Z35) -> -370495 | AA37: =SUM(AA25:AA35) -> -1093947 | AB37: =SUM(AB25:AB35) -> -442270 | AC37: =SUM(AC25:AC35) -> -1536217 | AD37: =SUM(AD25:AD35) -> -391382.8 | ... AQ37: =SUM(AQ25:AQ35) -> -1714953 | AR37: -374186 | AS37: =SUM(AS25:AS35) -> -411849 | AT37: =SUM(AT25:AT35) -> -786035
B39: EBITDA | D39: EBITDA | F39: 151892 | G39: 155825 | H39: 105329 | I39: 118967 | J39: 118915 | K39: 131194 | L39: 474405 | M39: 131632 | N39: 131354 | O39: 134599 | P39: 137222 | Q39: 534806 | R39: 414739 | S39: 379871 | T39: =T22+T37 -> 423433 | U39: =U37+U22 -> 391377 | V39: =V37+V22 -> 1609420 | W39: =W37+W22 -> 334836 | X39: =X37+X22 -> 319238 | Y39: =Y37+Y22 -> 654074 | Z39: =Z37+Z22 -> 377334 | AA39: =AA37+AA22 -> 1031408 | AB39: =AB37+AB22 -> 246736 | ... AQ39: =AQ37+AQ22 -> 1442656 | AR39: 310270 | AS39: =AS37+AS22 -> 396094 | AT39: =AT37+AT22 -> 706364
B41: Depleção, Depreciação e Amortização | D41: Depletion, Depreciation and Amortization | F41: -62304 | G41: -95379 | H41: -53270 | I41: -53107 | J41: -51861 | K41: -84347 | L41: -242585 | M41: -61052 | N41: -68381 | O41: -77661 | P41: -43107 | Q41: -250200 | R41: -69932 | S41: -85108 | T41: -112580 | U41: -83600 | V41: -351220 | W41: -103923 | X41: -145186 | Y41: -249109 | Z41: -182422 | AA41: -431531 | AB41: =AC41-AA41 -> -166796 | AC41: -598327 | AD41: -153862 | AE41: -178214 | AF41: -332076 | AG41: -202998 | AH41: -535074 | AI41: -159742 | AJ41: -694816 | AK41: -164082 | AL41: -195367 | AM41: -359449 | AN41: -192350 | AO41: -551799 | AP41: -169278 | AQ41: -721077 | AR41: -152281 | AS41: -173038 | AT41: =AS41+AR41 -> -325319
B42: Depreciação de arrendamento mercantil | D42: Lease right of use depreciation | AR42: -7895 | AS42: 0 | AT42: =AS42+AR42 -> -7895
B44: Lucro Operacional | D44: Operating Income (Loss) | F44: 89588 | G44: 60446 | H44: 52059 | I44: 65860 | J44: 67054 | K44: 46847 | L44: 231820 | M44: 70580 | N44: 62973 | O44: 56938 | P44: 94115 | Q44: 284606 | R44: 344807 | S44: 294763 | T44: =T39+T41 -> 310853 | U44: =U39+U41 -> 307777 | V44: =V39+V41 -> 1258200 | W44: =W39+W41 -> 230913 | X44: =X39+X41 -> 174052 | Y44: =Y39+Y41 -> 404965 | Z44: =Z39+Z41 -> 194912 | AA44: =AA39+AA41 -> 599877 | ... AQ44: =AQ39+AQ41 -> 721579 | AR44: 150094 | AS44: =AS39+AS41+AS42 -> 223056 | AT44: =AT39+AT41+AT42 -> 373150
B46: Resultado Financeiro | D46: Financial Income
B47: Receitas Financeiras | D47: Financial Revenues | F47: 2920 | G47: 1785 | H47: 402 | I47: 4035 | J47: 5330 | K47: -8978 | L47: 789 | M47: 15543 | N47: 5335 | O47: 5228 | P47: 5246 | Q47: 31352 | R47: 4287 | S47: 6335 | T47: 7489 | U47: 10924 | V47: 29035 | W47: 10888 | X47: 14872 | Y47: 25760 | Z47: 20463 | AA47: 46223 | AB47: =AC47-AA47 -> 19726 | AC47: 65949 | AD47: 10619 | AE47: 15674 | AF47: 26249 | AG47: 12304 | AH47: 38553 | AI47: 11999 | AJ47: 50552 | AK47: 12415 | AL47: 10179 | AM47: 22594 | AN47: 13527 | AO47: 36121 | AP47: 19131 | AQ47: 55252 | AR47: 14703 | AS47: 12493 | AT47: =AS47+AR47 -> 27196
B48: Despesas Financeiras | D48: Financial Expenses | F48: -3569 | G48: -9685 | H48: -28179 | I48: -33412 | J48: -33518 | K48: -22053 | L48: -117162 | M48: -23061 | N48: -30962 | O48: -22148 | P48: -17776 | Q48: -93947 | R48: -23182 | S48: -26210 | T48: -44024 | U48: -19218 | V48: -109445 | W48: -24454 | X48: -21116 | Y48: -45570 | Z48: -33073 | AA48: -78644 | AB48: =AC48-AA48 -> -30229 | AC48: -108873 | AD48: -49186 | AE48: -43505 | AF48: -81244 | AG48: -70989 | AH48: -152233 | AI48: -88611 | AJ48: -240844 | AK48: -70095 | AL48: -66573 | AM48: -136668 | AN48: -88196 | AO48: -224864 | AP48: -88262 | AQ48: -313126 | AR48: -117000 | AS48: -122104 | AT48: =AS48+AR48 -> -239104
B49: Variação Cambial, Líquida | D49: Exchange Variation, Net | F49: -245 | G49: 19292 | H49: -229114 | I49: -56077 | J49: -25600 | K49: 77707 | L49: -233084 | M49: -87267 | N49: 89297 | O49: -4220 | P49: 13796 | Q49: 11606 | R49: 204750 | S49: -106978 | T49: -8953 | U49: 61180 | V49: 146810 | W49: 19867 | X49: 61636 | Y49: 81503 | Z49: -35785 | AA49: 45719 | AB49: =AC49-AA49 -> 46217 | AC49: 91936 | AD49: -32411 | AE49: -55233 | AF49: -87644 | AG49: 10427 | AH49: -77217 | AI49: 51241 | AJ49: -25976 | AK49: -34124 | AL49: -21396 | AM49: -55520 | AN49: -7994 | AO49: -63514 | AP49: 9207 | AQ49: -54307 | AR49: -52021 | AS49: 2447 | AT49: =AS49+AR49 -> -49574
B53: SWAP | AE53: -135529 | AF53: -135529 | AG53: -7354 | AH53: -142883 | AI53: -225957 | AJ53: -368840 | AK53: 138590 | AL53: 150078 | AM53: 288668 | AN53: 79637 | AO53: 368305 | AP53: -16183 | AQ53: 352122 | AR53: 265655 | AS53: 99522 | AT53: =AS53+AR53 -> 365177
B54: Swap - Marcação a Mercado (MTM) | AE54: =AE53-AE55 -> -135529 | AF54: =AF53-AF55 -> -135529 | AG54: =AG53-AG55 -> -7354 | AH54: =AH53-AH55 -> -142883 | AI54: =AI53-AI55 -> -225957 | AJ54: =AJ53-AJ55 -> -368840 | AK54: =AK53-AK55 -> 138590 | AL54: =AL53-AL55 -> 122158 | ... AS54: =AS53-AS55 -> 44882.898 | AT54: =AS54+AR54 -> 285587
B55: Swap - Apuração no período | AE55: 0 | AF55: 0 | AG55: 0 | AH55: 0 | AI55: 0 | AJ55: 0 | AK55: 0 | AL55: 27920 | AM55: =SUM(AK55:AL55) -> 27920 | AN55: 0 | AO55: =SUM(AM55:AN55) -> 27920 | AP55: 46993 | AQ55: =SUM(AO55:AP55) -> 74913 | AR55: 24950.898 | AS55: 54639.102 | AT55: =AS55+AR55 -> 79590
B56: Collar | AE56: 2341 | AF56: -9062 | AG56: 15288 | AH56: 6226 | AI56: -5933 | AJ56: 293 | AK56: 2211 | AL56: 3133 | AM56: 5344 | AN56: -5954 | AO56: -610 | AP56: 15284 | AQ56: 14674 | AR56: -112379 | AS56: 18423 | AT56: =AS56+AR56 -> -93956
B57: Collar - Marcação a Mercado (MTM) | AE57: =AE56-AE58 -> 2668 | AF57: =AF56-AF58 -> -8735 | AG57: =AG56-AG58 -> 15288 | AH57: =AH56-AH58 -> 6553 | AI57: =AI56-AI58 -> -5933 | AJ57: =AJ56-AJ58 -> 620 | AK57: =AK56-AK58 -> 2211 | AL57: =AL56-AL58 -> 2423 | ... AS57: =AS56-AS58 -> 68425 | AT57: =AS57+AR57 -> -24635
B58: Collar - Apuração no período | AE58: -327 | AF58: =AE58 -> -327 | AG58: 0 | AH58: =AF58 -> -327 | AI58: 0 | AJ58: =AF58 -> -327 | AK58: 0 | AL58: 710 | AM58: =SUM(AK58:AL58) -> 710 | AN58: 0 | AO58: =SUM(AM58:AN58) -> 710 | AP58: =-1419 -> -1419 | AQ58: =SUM(AO58:AP58) -> -709 | AR58: -19319 | AS58: -50002 | AT58: =AS58+AR58 -> -69321
B60: Total Instrumentos Financeiros | AE60: -133188 | AF60: -144591 | AG60: 7934 | AH60: -136657 | AI60: -231890 | AJ60: -368547 | AK60: 140801 | AL60: 153211 | AM60: 294012 | AN60: 73683 | AO60: 367695 | AP60: -899 | AQ60: 366796 | AR60: 153276 | AS60: 117945 | AT60: 271221
B61: Total do Resultado Financeiro | D61: Total Financial Income | F61: -894 | G61: 11392 | H61: -256891 | I61: -85454 | J61: -53788 | K61: 46676 | L61: -349457 | M61: -94785 | N61: 63670 | O61: -21140 | P61: 1266 | Q61: -50989 | R61: 185855 | S61: -126853 | T61: =SUM(T47:T49) -> -45488 | U61: =SUM(U47:U49) -> 52886 | V61: =SUM(V47:V49) -> 66400 | W61: =SUM(W47:W49) -> 6301 | X61: =SUM(X47:X49) -> 55392 | Y61: =SUM(Y47:Y49) -> 61693 | Z61: =SUM(Z47:Z49) -> -48395 | AA61: =SUM(AA47:AA49) -> 13298 | ... AD61: =SUM(AD47:AD49) -> -70978 | AE61: =SUM(AE47:AE49,AE60) -> -216252 | AF61: =SUM(AF47:AF49,AF60) -> -287230 | AG61: =SUM(AG47:AG49,AG60) -> -40324 | AH61: =SUM(AH47:AH49,AH60) -> -327554 | AI61: =AI60+AI48+AI47+AI49 -> -257261 | AJ61: =AJ60+AJ48+AJ47+AJ49 -> -584815 | AK61: =AK60+AK48+AK47+AK49 -> 48997 | AL61: =AL60+AL48+AL47+AL49 -> 75421 | AM61: =AM60+AM48+AM47+AM49 -> 124418 | AN61: =AN60+AN48+AN47+AN49 -> -8980 | AO61: =AO60+AO48+AO47+AO49 -> 115438 | AP61: =AP60+AP48+AP47+AP49 -> -60823 | AQ61: =AQ60+AQ48+AQ47+AQ49 -> 54615 | AR61: -1042 | AS61: =AS60+AS48+AS47+AS49 -> 10781 | AT61: =AT60+AT48+AT47+AT49 -> 9739
B63: Lucro (Prejuízo) Antes dos Impostos | D63: Profit (Loss) Before Taxes | F63: 88694 | G63: 71838 | H63: -204832 | I63: -19594 | J63: 13266 | K63: 93523 | L63: -117637 | M63: -24205 | N63: 126643 | O63: 35798 | P63: 95381 | Q63: 233617 | R63: 530662 | S63: 167910 | T63: =T44+T61 -> 265365 | U63: =U44+U61 -> 360663 | V63: =V44+V61 -> 1324600 | W63: =W44+W61 -> 237214 | X63: =X44+X61 -> 229444 | Y63: =Y44+Y61 -> 466658 | Z63: =Z44+Z61 -> 146517 | AA63: =AA44+AA61 -> 613175 | ... AQ63: =AQ44+AQ61 -> 776194 | AR63: 149052 | AS63: =AS44+AS61 -> 233837 | AT63: =AT44+AT61 -> 382889
B65: Imposto De Renda e Contribuição Social | D65: Income Tax and Social Contribution
B66: Corrente | D66: Current | F66: -35290 | G66: -22793 | H66: -7384 | I66: -5286 | J66: -2783 | K66: 172 | L66: -15281 | M66: -4459 | N66: -32958 | O66: -14826 | P66: -21930 | Q66: -74173 | R66: -88112 | S66: -71837 | T66: -122224 | U66: -46968 | V66: -329141 | W66: -90439 | X66: -8518 | Y66: -98957 | Z66: -11876 | AA66: -110833 | AB66: 34671 | AC66: -76162 | AD66: -8061 | AE66: 4621 | AF66: =AE66+AD66 -> -3440 | AG66: -4316 | AH66: -7756 | AI66: -3432 | AJ66: -11188 | AK66: -6552 | AL66: -3713 | AM66: -10265 | AN66: -1382 | AO66: -11647 | AP66: -1989 | AQ66: -13636 | AR66: -2559 | AS66: -6368 | AT66: =AS66+AR66 -> -8927
B67: Diferido | D67: Deferred | F67: 1904 | G67: 6363 | H67: 76145 | I67: 9754 | J67: -4141 | K67: -30599 | L67: 51159 | M67: 13478 | N67: -14091 | O67: 797 | P67: -10249 | Q67: -10065 | R67: -77737 | S67: 7543 | T67: 27658 | U67: 573 | V67: -41963 | W67: 7767 | X67: -58622 | Y67: -50855 | Z67: -33042 | AA67: -83897 | AB67: 96672 | AC67: 12775 | AD67: -10418 | AE67: 78711 | AF67: =AE67+AD67 -> 68293 | AG67: -32924 | AH67: 35369 | AI67: 49912 | AJ67: 85281 | AK67: -74681 | AL67: -11974 | AM67: -86655 | AN67: -25305 | AO67: -111960 | AP67: -12246 | AQ67: -124206 | AR67: -22696 | AS67: -24786 | AT67: =AS67+AR67 -> -47482
B70: Total Imposto de Renda e Contribuição Social | D70: Total Income Tax and Social Contribution | F70: -15745 | G70: -8156 | H70: 68791 | I70: 4438 | J70: -6924 | K70: -30427 | L70: 35878 | M70: 11315 | N70: -32077 | O70: -12872 | P70: -23084 | Q70: -56718 | R70: -128824 | S70: -36879 | T70: =SUM(T66:T68) -> -94566 | U70: =SUM(U66:U68) -> -46395 | V70: =SUM(V66:V68) -> -371104 | W70: =SUM(W66:W68) -> -82672 | X70: =SUM(X66:X68) -> -67140 | Y70: =SUM(Y66:Y68) -> -149812 | Z70: =SUM(Z66:Z68) -> -44918 | AA70: =SUM(AA66:AA68) -> -194730 | ... AQ70: =SUM(AQ66:AQ68) -> -137842 | AR70: -25255 | AS70: =SUM(AS66:AS68) -> -31154 | AT70: =SUM(AT66:AT68) -> -56409
B72: Lucro (Prejuízo) Líquido Do Exercício / Período | D72: Net Income (Loss) For the Year / Period | F72: 72949 | G72: 63682 | H72: -136041 | I72: -15156 | J72: 6342 | K72: 63096 | L72: -81759 | M72: -12890 | N72: 94566 | O72: 22926 | P72: 72297 | Q72: 176899 | R72: 401838 | S72: 131031 | T72: =T63+T70 -> 170799 | U72: =U63+U70 -> 314268 | V72: =V63+V70 -> 953496 | W72: =W63+W70 -> 154542 | X72: =X63+X70 -> 162304 | Y72: =Y63+Y70 -> 316846 | Z72: =Z63+Z70 -> 101599 | AA72: =AA63+AA70 -> 418445 | ... AQ72: =AQ63+AQ70 -> 638352 | AR72: 123797 | AS72: =AS63+AS70 -> 202683 | AT72: =AT63+AT70 -> 326480
F73: 0 | G73: 0 | H73: 0 | I73: 0 | J73: 0 | K73: 0 | L73: 0 | M73: 0 | N73: 0 | O73: 0 | P73: 0 | Q73: 0 | R73: 0 | S73: 0 | T73: 0 | U73: 0 | V73: 0 | W73: 0 | X73: 0 | Y73: 0 | Z73: 0 | AA73: 0 | AB73: 0 | AC73: 0 | AD73: 0
B75: Marcação a Marcado sem Efeito Caixa | D75: Market to Market Variation w/o cash effect | AD75: 0 | AE75: 135529 | AF75: 135529 | AG75: 7354 | AH75: 142883 | AI75: 225957 | AJ75: 368840 | AK75: -138590 | AL75: -150078 | AM75: -288668 | AN75: -79637 | AO75: -368305 | AP75: 16183 | AQ75: -352122 | AR75: -265655 | AS75: -99522 | AT75: =AS75+AR75 -> -365177
B77: Imposto diferido MTM | D77: Swap - MTM Deferred Tax | AD77: 0 | AE77: -46079.86 | AF77: -46079.86 | AG77: -2500.36 | AH77: -48580.22 | AI77: -76825.38 | AJ77: -125405.6 | AK77: 47120.6 | AL77: 51026.52 | AM77: 98147.12 | AN77: 27076.58 | AO77: 125223.7 | AP77: -5502.22 | AQ77: 119721.48 | AR77: 90322.7 | AS77: 33837.48 | AT77: =AS77+AR77 -> 124160.18
B79: Lucro Líquido Ajustado | D79: Adjusted Net Income (Loss) | AD79: 0 | AE79: 225629.94 | AF79: 335662.94 | AG79: 163694.04 | AH79: 499356.98 | AI79: 181575.42 | AJ79: 680932.4 | AK79: 136059.6 | AL79: 139087.52 | AM79: 275147.12 | AN79: 69376.461 | AO79: 344523.58 | AP79: 61427.872 | AQ79: 405951.48 | AR79: -51535.3 | AS79: 136998.48 | AT79: 85463.18

Sheet Fluxo de Caixa
F2: Fluxo de Caixa | Cash Flow
L3: 2020 | M3: =LEFT(M4,4) -> 1T21 | N3: =LEFT(N4,4) -> 2T21 | O3: =LEFT(O4,4) -> 3T21 | P3: =LEFT(P4,4) -> 4T21 | Q3: =LEFT(Q4,4) -> 2021 | R3: =LEFT(R4,4) -> 1T22 | S3: =LEFT(S4,4) -> 2T22 | T3: =LEFT(T4,4) -> 3T22 | ... AO3: =LEFT(AO4,4) -> 9M25
B4: Em milhares de reais | D4: In thousands of reais | F4: 2018 | G4: 2019 | H4: 1T20 / 1Q20 | I4: 2T20 /2Q20 | J4: 3T20 / 3Q20 | K4: 4T20 / 4Q20 | L4: 2020 | M4: 1T21 / 1Q21 | N4: 2T21 /2Q21 | O4: 3T21 / 3Q21 | P4: 4T21 / 4Q21 | Q4: 2021 | R4: 1T22 / 1Q22 | S4: 2T22 / 2Q22 | T4: 3T22 / 3Q22 | U4: 4T22 / 4Q22 | V4: 2022 | W4: 1T23 / 1Q23 | X4: 2T23 / 2Q23 | Y4: 1S23 | Z4: 3T23 / 3Q23 | AA4: 9M23 | AB4: 4T23 / 4Q23 | AC4: 2023 | AD4: 1T24 / 1Q24 | AE4: 2T24 / 2Q24 | AF4: 1S24/1H24 | AG4: 3T24 / 3Q24 | AH4: 9M24/9M24 | AI4: 4T24 / 4Q24 | AJ4: 2024 | AK4: 1T25 | AL4: 2T25 | AM4: 1S25 | AN4: 3T25 | AO4: 9M25 | AP4: 4T25 | AQ4: 2025 | AR4: 1T26 | AS4: 2T26 | AT4: 1S26
B6: Fluxo de Caixa Proveniente das Operações | D6: Cash Flow Operation Activities
B8: Resultado antes dos impostos sobre o lucro | D8: Income (loss) before taxes on income | F8: 88694 | G8: 71838 | H8: -204832 | I8: -19594 | J8: 13266 | K8: 93523 | L8: -117637 | M8: -24205 | N8: 126643 | O8: 35798 | P8: 95381 | Q8: 233617 | R8: 530662 | S8: 167910 | T8: 265365 | U8: 360663 | V8: 1324600 | W8: 237214 | X8: 229444 | Y8: 466658 | Z8: 146517 | AA8: 613175 | AB8: 115654 | AC8: 728829 | AD8: 128512 | AE8: 52849 | AF8: 181361 | AG8: 196080 | AH8: 377441 | AI8: -14036 | AJ8: 363405 | AK8: 308762 | AL8: 253826 | AM8: 562588 | AN8: 148624 | AO8: 711212 | AP8: 64982 | AQ8: 776194 | AR8: 149052 | AS8: 233837 | AT8: =AS8+AR8 -> 382889
B10: Ajustes para reconciliar o lucro (prejuízo) antes dos impostos do | D10: Adjustments to reconcile income (loss) before taxes in the period
B11: exercício / período com o caixa gerado pelas atividades operacionais | D11: with cash from operating activities
B12: Juros, amortização de captação e variações cambiais líquidas | D12: Net Interest and foreign exchange variations | F12: =992-336 -> 656 | G12: =-14854-25+1194+1393 -> -12292 | H12: =248629-361+1043+5208 -> 254519 | I12: =76281-204+4058+882 -> 81017 | J12: =43655-233+4869+400 -> 48691 | K12: =-62679+599+6546+2713 -> -52821 | L12: =305886-199+8871+16848 -> 331406 | M12: =103869-988+3353+1461 -> 107695 | N12: =-105789+1343+3443+976 -> -100027 | O12: =46847+9+3222+724 -> 50802 | P12: =35104+232+2973+3161 -> 41470 | Q12: =80031+596+3161+12991 -> 96779 | R12: =-193553+2449 -> -191104 | S12: =121312+2800+697 -> 124809 | T12: =23267+17116+344 -> 40727 | U12: =-47238-491+387 -> -47342 | V12: =-96212+21874+1428 -> -72910 | W12: =-5905+1575+27 -> -4303 | X12: =-71135+257-27 -> -70905 | Y12: =-77040+1832 -> -75208 | Z12: 58109 | AA12: -17099 | AB12: -64719 | AC12: -81818 | AD12: 56234 | AE12: 147080 | AF12: 203314 | AG12: 39957 | AH12: 243271 | AI12: 144290 | AJ12: 387561 | AK12: 87758 | AL12: 73625 | AM12: 161383 | AN12: 76640 | AO12: 238023 | AP12: 76433 | AQ12: 314456 | AR12: 151041 | AS12: 121702 | AT12: =AS12+AR12 -> 272743
B13: Depreciação, amortização e depleção | D13: Depreciation, amortization and depletion | F13: 62304 | G13: 95411 | H13: 53270 | I13: 53107 | J13: 51861 | K13: 84347 | L13: 242585 | M13: 61052.493 | N13: 68380.507 | O13: 77661 | P13: 43106 | Q13: 250200 | R13: 69932 | S13: 85108 | T13: 112580 | U13: 83600 | V13: 351220 | W13: 103923 | X13: 145186 | Y13: 249109 | Z13: 182422 | AA13: 431531 | AB13: 166796 | AC13: 598327 | AD13: 153862 | AE13: 178214 | AF13: 332076 | AG13: 202998 | AH13: 535074 | AI13: 159742 | AJ13: 694816 | AK13: 164082 | AL13: 195367 | AM13: 359449 | AN13: 192350 | AO13: 551799 | AP13: 169278 | AQ13: 721077 | AR13: 160176 | AS13: 173038 | AT13: =AS13+AR13 -> 333214
B14: Perdas de Crédito Esperada | D14: Provision for inventories loss | F14: -118 | G14: 71 | H14: 58 | I14: -121 | J14: 104 | K14: 5301 | L14: 5342 | M14: 0 | N14: 0 | O14: 0 | P14: 0 | Q14: 0 | R14: 0 | S14: 0 | T14: 37962 | U14: 32749 | V14: 70711 | W14: 0 | X14: 0 | Y14: 0 | Z14: 0 | AA14: 0 | AB14: 0 | AC14: 0 | AD14: 0 | AE14: 0 | AF14: 0 | AG14: 0 | AH14: 0 | AI14: 0 | AJ14: 0 | AK14: 0 | AL14: 0 | AM14: 0 | AN14: 0 | AO14: 0 | AP14: 0 | AQ14: 0 | AR14: 0 | AS14: 0 | AT14: =AS14+AR14 -> 0
B15: Valor justo dos instrumentos financeiros derivativos no resultado | D15: Fair value of settled hedge | F15: 0 | G15: 0 | H15: 0 | I15: 0 | J15: -8574 | K15: 8574 | L15: 0 | M15: 0 | N15: 0 | O15: 56841 | P15: 69939 | Q15: 126780 | R15: 85230 | S15: 130361 | T15: 127316 | U15: 98724 | V15: 441631 | W15: 71468 | X15: 60286 | Y15: 131754 | Z15: 70610 | AA15: 202364 | AB15: 65890 | AC15: 268254 | AD15: 70573 | AE15: 165261 | AF15: 235834 | AG15: 22801 | AH15: 258635 | AI15: 237124 | AJ15: 495759 | AK15: -140801 | AL15: -153211 | AM15: -294012 | AN15: -73683 | AO15: -367695 | AP15: 17 | AQ15: -367678 | AR15: -118041 | AS15: -28659 | AT15: =AS15+AR15 -> -146700
B16: Provisões, perdas estimadas e outros | D16: Provisions, estimated losses and others | F16: 2023 | G16: 2490 | H16: 4663 | I16: -3674 | J16: 7261 | K16: -7753 | L16: 497 | M16: 0 | N16: 215 | O16: 3711 | P16: 16245 | Q16: 20171 | R16: 1844 | S16: 1853 | T16: 5400 | U16: 3392 | V16: 12489 | W16: 3479 | X16: -451 | Y16: 3028 | Z16: 1699 | AA16: 4727 | AB16: 3810 | AC16: 8537 | AD16: 7547 | AE16: 38789 | AF16: 46336 | AG16: 2563 | AH16: 48899 | AI16: 10906 | AJ16: 59805 | AK16: 4022 | AL16: -2422 | AM16: 1600 | AN16: -6432 | AO16: -4832 | AP16: 4983 | AQ16: 151 | AR16: 82 | AS16: -1719 | AT16: =AS16+AR16 -> -1637
B17: Contraprestação de parcela contingente de valores a pagar de aquisições | D17: Consideration of contingent portion of amounts payable for acquisitions | F17: 0 | G17: 0 | H17: 0 | I17: 0 | J17: 0 | K17: 0 | L17: 0 | M17: 0 | N17: 0 | O17: 0 | P17: 0 | Q17: 0 | R17: 0 | S17: 0 | T17: 0 | U17: 0 | V17: 0 | W17: 0 | X17: 0 | Y17: 0 | Z17: 0 | AA17: 0 | AB17: 0 | AC17: 0 | AD17: 22033 | AE17: 0 | AF17: 22033 | AG17: 0 | AH17: 22033 | AI17: 0 | AJ17: 22033 | AK17: 0 | AL17: 0 | AM17: 0 | AN17: 0 | AO17: 0 | AP17: 0 | AQ17: 0 | AR17: 0 | AS17: 0 | AT17: =AS17+AR17 -> 0
B18: Atualização da provisão para abandono de poços | D18: Adjustment of provision for well abandonment | F18: =1501-2027 -> -526 | G18: =1254-243 -> 1011 | H18: 1273 | I18: 1271 | J18: 1271 | K18: =1665-1975 -> -310 | L18: =5480-1975 -> 3505 | M18: 2065 | N18: 1373 | O18: 1484 | P18: =1640-6994 -> -5354 | Q18: =6562-6994 -> -432 | R18: 2698 | S18: 2699 | T18: 2700 | U18: 2700 | V18: 10797 | W18: 3292 | X18: 3352 | Y18: 6644 | Z18: 3339 | AA18: 9983 | AB18: 2849 | AC18: 12832 | AD18: 4565 | AE18: 4449 | AF18: 9014 | AG18: 4683 | AH18: 13697 | AI18: 4565 | AJ18: 18262 | AK18: 3740 | AL18: 3739 | AM18: 7479 | AN18: 3739 | AO18: 11218 | AP18: 3740 | AQ18: 14958 | AR18: 3817 | AS18: 3817 | AT18: =AS18+AR18 -> 7634
B19: Baixas do imobilizado, de arrendamentos e outras | D19: Write-off of property, plant and equipment and leases | F19: 1688 | G19: 8037 | H19: 20477 | I19: 3044 | J19: 38534 | K19: 19222 | L19: 81277 | M19: 32270 | N19: 24470 | O19: 44695 | P19: 60805 | Q19: 162240 | R19: 45119 | S19: 27844 | T19: 34916 | U19: 33480 | V19: 141359 | W19: 59514 | X19: 28691 | Y19: 88205 | Z19: 88623 | AA19: 176828 | AB19: 58367 | AC19: 235195 | AD19: 68563 | AE19: 54417 | AF19: 122980 | AG19: 59362 | AH19: 182342 | AI19: 136840 | AJ19: 319182 | AK19: 46232 | AL19: 54444 | AM19: 100676 | AN19: 38470 | AO19: 139146 | AP19: 62141 | AQ19: 201287 | AR19: 5435 | AS19: 11566 | AT19: =AS19+AR19 -> 17001
B20: Reversão da provisão de abandono de poços | AP20: -265 | AQ20: -265 | AR20: 0 | AS20: 0 | AT20: =AS20+AR20 -> 0
AE21: 0 | AF21: 0 | AG21: 0 | AH21: 0 | AI21: 0 | AT21: =AS21+AR21 -> 0
B22: Variações Nos Ativos | D22: Changes in Assets | AE22: 0 | AF22: 0 | AG22: 0 | AH22: 0 | AI22: 0 | AJ22: 0 | AK22: 0 | AL22: 0 | AM22: 0 | AN22: 0 | AO22: 0 | AP22: 0 | AQ22: 0 | AR22: 0 | AS22: 0 | AT22: =AS22+AR22 -> 0
B23: Contas a receber de clientes | D23: Trade receivables | F23: -9067 | G23: -40351 | H23: -45969 | I23: 29848 | J23: -6249 | K23: -7753 | L23: -30123 | M23: -36389 | N23: 12055 | O23: -31934 | P23: -14793 | Q23: -71061 | R23: -282691 | S23: 9954 | T23: -19727 | U23: -48497 | V23: -340961 | W23: 23651 | X23: 64249 | Y23: 87900 | Z23: =AA23-Y23 -> -48200 | AA23: 39700 | AB23: -11882 | AC23: 27818 | AD23: 10850 | AE23: -27457 | AF23: -16607 | AG23: 14678 | AH23: -1929 | AI23: -783 | AJ23: -2712 | AK23: 5762 | AL23: 25178 | AM23: 30940 | AN23: 19541 | AO23: 50481 | AP23: 49561 | AQ23: 100042 | AR23: -60823 | AS23: -11820 | AT23: =AS23+AR23 -> -72643
B24: Estoques | D24: Inventories | F24: 297 | G24: -451 | H24: -731 | I24: 861 | J24: -2242 | K24: 1381 | L24: -731 | M24: -50 | N24: 392 | O24: -142 | P24: -5541 | Q24: -5341 | R24: -2440 | S24: 867 | T24: 1285 | U24: -4611 | V24: -4899 | W24: 8186 | X24: -2519 | Y24: 5667 | Z24: =AA24-Y24 -> -17341 | AA24: -11674 | AB24: 17359 | AC24: 5685 | AD24: -431 | AE24: 5339 | AF24: 4908 | AG24: 482 | AH24: 5390 | AI24: -1046 | AJ24: 4344 | AK24: -3189 | AL24: 77 | AM24: -3112 | AN24: 3428 | AO24: 316 | AP24: 3216 | AQ24: 3532 | AR24: -3550 | AS24: 1624 | AT24: =AS24+AR24 -> -1926
B25: Tributos a recuperar | D25: Taxes to be recovered | F25: -55 | G25: 7932 | H25: -4627 | I25: 451 | J25: -2126 | K25: -1496 | L25: -7798 | M25: -5656 | N25: -4742 | O25: -8956 | P25: 341 | Q25: -19013 | R25: 7002 | S25: -22962 | T25: -14194 | U25: -81984 | V25: -112138 | W25: -4872 | X25: -9964 | Y25: -14836 | Z25: =AA25-Y25 -> -49761 | AA25: -64597 | AB25: -6492 | AC25: -71089 | AD25: 89370 | AE25: 76811 | AF25: 166181 | AG25: -630 | AH25: 165551 | AI25: -17011 | AJ25: 148540 | AK25: -3865 | AL25: 14135 | AM25: 10270 | AN25: -8971 | AO25: 1299 | AP25: -21976 | AQ25: -20677 | AR25: 43911 | AS25: 23830 | AT25: =AS25+AR25 -> 67741
B26: Almoxarifado para inversões fixas | AR26: 496 | AS26: -5032 | AT26: =AS26+AR26 -> -4536
B27: Outros ativos | D27: Other assets | F27: 406 | G27: -1045 | H27: -5439 | I27: -112 | J27: 1103 | K27: -7188 | L27: -11636 | M27: -1572 | N27: 8025 | O27: -835 | P27: -4703 | Q27: 915 | R27: -8587 | S27: -4859 | T27: -31947 | U27: 30107 | V27: -15286 | W27: -14712 | X27: 11539 | Y27: -3173 | Z27: -3466 | AA27: -6639 | AB27: -3224 | AC27: -9863 | AD27: 19880 | AE27: -53264 | AF27: -33384 | AG27: -10056 | AH27: -43440 | AI27: -2991 | AJ27: -46431 | AK27: -36046 | AL27: 30621 | AM27: -5425 | AN27: -1526 | AO27: -6951 | AP27: -25299 | AQ27: -32250 | AR27: -12443 | AS27: -4831 | AT27: =AS27+AR27 -> -17274
AE28: 0 | AF28: 0 | AG28: 0 | AH28: 0 | AI28: 0 | AJ28: 0 | AK28: 0 | AL28: 0 | AM28: 0 | AN28: 0 | AO28: 0 | AP28: 0 | AQ28: 0 | AR28: 0 | AS28: 0 | AT28: =AS28+AR28 -> 0
B29: Variações Nos Passivos | D29: Changes in Liabilities | AE29: 0 | AF29: 0 | AG29: 0 | AH29: 0 | AI29: 0 | AJ29: 0 | AK29: 0 | AL29: 0 | AM29: 0 | AN29: 0 | AO29: 0 | AP29: 0 | AQ29: 0 | AR29: 0 | AS29: 0 | AT29: =AS29+AR29 -> 0
B30: Fornecedores | D30: Suppliers | F30: 14697 | G30: 9975 | H30: 14945 | I30: -24954 | J30: 19205 | K30: 28378 | L30: 37574 | M30: 5308 | N30: -3589 | O30: -16150 | P30: 33050 | Q30: 18619 | R30: 54875 | S30: 36453 | T30: 83032 | U30: 79084 | V30: 253444 | W30: 55055 | X30: -43167 | Y30: 11888 | Z30: =AA30-Y30 -> -4735 | AA30: 7153 | AB30: 14394 | AC30: 21547 | AD30: -38262 | AE30: 17625 | AF30: -20637 | AG30: 25755 | AH30: 5118 | AI30: 39982 | AJ30: 45100 | AK30: 68837 | AL30: -40776 | AM30: 28061 | AN30: -19061 | AO30: 9000 | AP30: -56416 | AQ30: -47416 | AR30: -38991 | AS30: 40037 | AT30: =AS30+AR30 -> 1046
B31: Salários e encargos sociais | D31: Salaries and social charges | F31: 4000 | G31: 2697 | H31: 1208 | I31: 7006 | J31: -10189 | K31: 4201 | L31: 2226 | M31: 3700 | N31: 3263 | O31: 5374 | P31: -12291 | Q31: 46 | R31: 11312 | S31: -3463 | T31: 12768 | U31: 9668 | V31: 30285 | W31: 7519 | X31: -5858 | Y31: 1661 | Z31: =AA31-Y31 -> 18325 | AA31: 19986 | AB31: 6357 | AC31: 26343 | AD31: -7152 | AE31: 5886 | AF31: -1266 | AG31: 17536 | AH31: 16270 | AI31: 2271 | AJ31: 18541 | AK31: 12385 | AL31: -13362 | AM31: -977 | AN31: 22026 | AO31: 21049 | AP31: -19750 | AQ31: 1299 | AR31: 14490 | AS31: -13424 | AT31: =AS31+AR31 -> 1066
B32: Impostos a recolher | D32: Taxes to be collected | F32: -11860 | G32: -4708 | H32: 5199 | I32: -9294 | J32: -5188 | K32: 1547 | L32: -7736 | M32: 10045 | N32: 1812 | O32: 2214 | P32: 6336 | Q32: 20407 | R32: 36218 | S32: 19205 | T32: 7055 | U32: 81518 | V32: 143996 | W32: -20559 | X32: -2074 | Y32: -22633 | Z32: =AA32-Y32 -> 17688 | AA32: -4945 | AB32: 7156 | AC32: 2211 | AD32: 6434 | AE32: -6856 | AF32: -422 | AG32: 20811 | AH32: 20389 | AI32: -20350 | AJ32: 39 | AK32: -11943 | AL32: -37057 | AM32: -49000 | AN32: -8759 | AO32: -57759 | AP32: 9741 | AQ32: -48018 | AR32: 4283 | AS32: -32064 | AT32: =AS32+AR32 -> -27781
B33: Outras contas a pagar | D33: Other accounts payable | F33: =-25-116 -> -141 | G33: 593 | H33: 557 | I33: -929 | J33: 268 | K33: 884 | L33: 780 | M33: -703 | N33: -391 | O33: 4942 | P33: 12379 | Q33: 16227 | R33: 324 | S33: 12505 | T33: 23449 | U33: -54376 | V33: -18098 | W33: -1577 | X33: 4470 | Y33: 2893 | Z33: =AA33-Y33 -> 5703 | AA33: 8596 | AB33: 12428 | AC33: 21024 | AD33: -26547 | AE33: 17006 | AF33: -9541 | AG33: -4022 | AH33: -13563 | AI33: -8492 | AJ33: -22055 | AK33: 6801 | AL33: -13291 | AM33: -6490 | AN33: 4613 | AO33: -1877 | AP33: 30499 | AQ33: 28622 | AR33: 52142 | AS33: -31133 | AT33: =AS33+AR33 -> 21009
AE34: 0 | AF34: 0 | AG34: 0 | AH34: 0 | AI34: 0 | AJ34: 0 | AK34: 0 | AL34: 0 | AM34: 0 | AN34: 0 | AO34: 0 | AP34: 0 | AQ34: 0 | AR34: 0 | AS34: 0 | AT34: =AS34+AR34 -> 0
B35: Pagamento de processos judicias | D35: Payment of tax, civil, labor and regulatory contingencies | F35: 0 | G35: 0 | H35: 0 | I35: 0 | J35: 0 | K35: 0 | L35: 0 | M35: 0 | N35: 0 | O35: -1435 | P35: -87 | Q35: -1522 | R35: -35 | S35: 0 | T35: 0 | U35: 0 | V35: -35 | W35: 0 | X35: 0 | Y35: 0 | Z35: =AA35-Y35 -> 0 | AA35: 0 | AB35: 0 | AC35: 0 | AD35: 0 | AE35: 0 | AF35: 0 | AG35: 0 | AH35: 0 | AI35: 0 | AJ35: 0 | AK35: 0 | AL35: 0 | AM35: 0 | AN35: 0 | AO35: 0 | AP35: 0 | AQ35: 0 | AR35: 0 | AS35: 0 | AT35: =AS35+AR35 -> 0
B36: Pagamento de contratos de hedge | D36: Payment of hedge contracts | F36: 0 | G36: 0 | H36: 0 | I36: 0 | J36: 8574 | K36: -8574 | L36: 0 | M36: 0 | N36: 0 | O36: -56841 | P36: -69939 | Q36: -126780 | R36: -85230 | S36: -130361 | T36: -127316 | U36: -98724 | V36: -441631 | W36: -71468 | X36: -60286 | Y36: -131754 | Z36: =AA36-Y36 -> -70610 | AA36: -202364 | AB36: -65845 | AC36: -268209 | AD36: -59170 | AE36: -32400 | AF36: -91570 | AG36: -30734 | AH36: -122304 | AI36: -5235 | AJ36: -127539 | AK36: 0 | AL36: 0 | AM36: 0 | AN36: 0 | AO36: 0 | AP36: 0 | AQ36: 0 | AR36: 0 | AS36: 0 | AT36: =AS36+AR36 -> 0
B37: Pagamento (Recebimento) de Derivativos | F37: 0 | G37: 0 | H37: 0 | I37: 0 | J37: 0 | K37: 0 | L37: 0 | M37: 0 | N37: 0 | O37: 0 | P37: 0 | Q37: 0 | R37: 0 | S37: 0 | T37: 0 | U37: 0 | V37: 0 | W37: 0 | X37: 0 | Y37: 0 | Z37: 0 | AA37: 0 | AB37: 0 | AC37: 0 | AD37: 0 | AE37: 0 | AF37: 0 | AG37: 0 | AH37: 0 | AI37: 0 | AJ37: 0 | AK37: 0 | AL37: 28630 | AM37: 28630 | AN37: 0 | AO37: 28630 | AP37: 44692 | AQ37: 73322 | AR37: -29603 | AS37: -84649 | AT37: =AS37+AR37 -> -114252
B38: Juros pagos | D38: Interest paid | F38: -682 | G38: -1658 | H38: -9985 | I38: -23669 | J38: -18898 | K38: -19456 | L38: -72008 | M38: -15767 | N38: -16912 | O38: -13902 | P38: -13545 | Q38: -60126 | R38: -12194 | S38: -10159 | T38: -20259 | U38: -3499 | V38: -46111 | W38: -23951 | X38: -258 | Y38: -24209 | Z38: -29526 | AA38: -53735 | AB38: -6704 | AC38: -60439 | AD38: -37358 | AE38: -8534 | AF38: -45892 | AG38: -39196 | AH38: -85088 | AI38: -55813 | AJ38: -140901 | AK38: -667 | AL38: -91940 | AM38: -92607 | AN38: -1461 | AO38: -94068 | AP38: -105615 | AQ38: -199683 | AR38: -40613 | AS38: -127569 | AT38: =AS38+AR38 -> -168182
B39: Imposto de renda e contribuição social pagos | D39: Income tax and social contribution paid | F39: -552 | G39: 0 | H39: -1284 | I39: -140 | J39: 0 | K39: 0 | L39: -1424 | M39: -135 | N39: -380 | O39: -18966 | P39: -3346 | Q39: -22827 | R39: -29361 | S39: -62782 | T39: -64685 | U39: -65485 | V39: -222313 | W39: -33826 | X39: -29411 | Y39: -63237 | Z39: =AA39-Y39 -> -6134 | AA39: -69371 | AB39: -4007 | AC39: -73378 | AD39: -3517 | AE39: -10801 | AF39: -14318 | AG39: -1874 | AH39: -16192 | AI39: -2430 | AJ39: -18622 | AK39: -6864 | AL39: -5050 | AM39: -11914 | AN39: -1679 | AO39: -13593 | AP39: -911 | AQ39: -14504 | AR39: -1493 | AS39: -4973 | AT39: =AS39+AR39 -> -6466
B41: Variação do caixa resultante das atividades operacionais | D41: Net Cash Generated by Operating Activities | F41: 151764 | G41: 139550 | H41: 83302 | I41: 94118 | J41: 136672 | K41: 142007 | L41: 456099 | M41: 137658.49 | N41: 120587.51 | O41: 134361 | P41: 246292 | Q41: 638899 | R41: 233574 | S41: =SUM(S8:S39) -> 384982 | T41: =SUM(T8:T39) -> 476427 | U41: =SUM(U8:U39) -> 411167 | V41: =SUM(V8:V39) -> 1506150 | W41: =SUM(W8:W39) -> 398033 | X41: =SUM(X8:X39) -> 322324 | Y41: =SUM(Y8:Y39) -> 720357 | Z41: =SUM(Z8:Z39) -> 363262 | AA41: =SUM(AA8:AA39) -> 1083619 | AB41: 308187 | AC41: 1391806 | AD41: =SUM(AD8:AD39) -> 465986 | AE41: =SUM(AE8:AE39) -> 624414 | AF41: =SUM(AF8:AF39) -> 1090400 | AG41: =SUM(AG8:AG39) -> 521194 | AH41: =SUM(AH8:AH39) -> 1611594 | AI41: =SUM(AI8:AI39) -> 607533 | AJ41: =SUM(AJ8:AJ39) -> 2219127 | AK41: =SUM(AK8:AK39) -> 505006 | ... AQ41: =SUM(AQ8:AQ39) -> 1504449 | AR41: 279368 | AS41: =SUM(AS8:AS39) -> 263578 | AT41: =SUM(AT8:AT39) -> 542946
B43: Fluxo de Caixa das Atividades de Investimentos | D43: Cash Flow from Investment Activities
B45: Aplicações financeiras | D45: Financial aplications | F45: 549 | G45: -6905 | H45: -56634 | I45: -73957 | J45: -16673 | K45: 22435 | L45: -124829 | M45: 2225 | N45: -872773 | O45: 207629 | P45: 177047 | Q45: -485872 | R45: -20091 | S45: -828337 | T45: 142031 | U45: 134920 | V45: -571477 | W45: 502207 | X45: 25767 | Y45: 527974 | Z45: =AA45-Y45 -> 79527 | AA45: 607501 | AB45: 370032 | AC45: 977533 | AD45: -63941 | AE45: -796242 | AF45: -860183 | AG45: 129235 | AH45: -730948 | AI45: 313769 | AJ45: -417179 | AK45: 21021 | AL45: 262226 | AM45: 283247 | AN45: -210738 | AO45: 72509 | AP45: -715255 | AQ45: -642746 | AR45: -27402 | AS45: 84903 | AT45: =AS45+AR45 -> 57501
B46: Aquisição da SPE Tieta, líquida do caixa recebido | D46: SPE Tieta Aquisition, net of cash received | F46: 0 | G46: 0 | H46: 0 | I46: 0 | J46: 0 | K46: 0 | L46: 0 | M46: 0 | N46: 0 | O46: 0 | P46: 0 | Q46: 0 | R46: 0 | S46: 0 | T46: 0 | U46: 0 | V46: 0 | W46: -472255 | X46: 0 | Y46: -472255 | Z46: =AA46-Y46 -> 0 | AA46: -472255 | AB46: 0 | AC46: -472255 | AD46: 0 | AE46: 0 | AF46: 0 | AG46: 0 | AH46: 0 | AI46: 0 | AJ46: 0 | AK46: 0 | AL46: 0 | AM46: 0 | AN46: 0 | AO46: 0 | AP46: 0 | AQ46: 0 | AR46: 0 | AS46: 0 | AT46: =AS46+AR46 -> 0
B47: Adições ao imobilizado e intangível | D47: Additions to assets and intangible | F47: =-112663-472 -> -113135 | G47: =-1332983-1266 -> -1334249 | H47: -50202 | I47: -10608 | J47: -55735 | K47: -109451 | L47: =-225996-1559 -> -227555 | M47: -126003 | N47: -60949 | O47: -122793 | P47: -522536 | Q47: -832281 | R47: =-213439-972 -> -214411 | S47: =-317145-368 -> -317513 | T47: =-353861+1340 -> -352521 | U47: -343172 | V47: -1227617 | W47: -397155 | X47: -325084 | Y47: -722239 | Z47: =AA47-Y47 -> -346625 | AA47: -1068864 | AB47: -297585 | AC47: -1366449 | AD47: -234663 | AE47: -232611 | AF47: -467274 | AG47: -253470 | AH47: -720744 | AI47: -464663 | AJ47: -1185407 | AK47: -297789 | AL47: -422397 | AM47: -720186 | AN47: -609250 | AO47: -1329436 | AP47: -309927 | AQ47: -1639363 | AR47: -199274 | AS47: -189575 | AT47: =AS47+AR47 -> -388849
B49: Variação do caixa resultante das atividades de investimento | D49: Cash generated by (invested in) Investment activities | F49: -112586 | G49: -1341154 | H49: -107352 | I49: -84309 | J49: -73373 | K49: -87350 | L49: -352384 | M49: -123780 | N49: -933846 | O49: 84451 | P49: -344978 | Q49: -1318153 | R49: -234502 | S49: =SUM(S45:S48) -> -1145850 | T49: =SUM(T45:T48) -> -210490 | U49: =SUM(U45:U48) -> -208252 | V49: =SUM(V45:V48) -> -1799094 | W49: =SUM(W45:W48) -> -367203 | X49: =SUM(X45:X48) -> -299317 | Y49: =SUM(Y45:Y48) -> -666520 | Z49: =SUM(Z45:Z48) -> -267098 | AA49: =SUM(AA45:AA48) -> -933618 | AB49: 72447 | AC49: -861171 | AD49: =SUM(AD45:AD48) -> -298604 | AE49: =SUM(AE45:AE48) -> -1028853 | AF49: =SUM(AF45:AF48) -> -1327457 | AG49: =SUM(AG45:AG48) -> -124235 | AH49: =SUM(AH45:AH48) -> -1451692 | AI49: =SUM(AI45:AI48) -> -150894 | AJ49: =SUM(AJ45:AJ48) -> -1602586 | AK49: =SUM(AK45:AK48) -> -276768 | ... AQ49: =SUM(AQ45:AQ48) -> -2282109 | AR49: -226676 | AS49: =SUM(AS45:AS48) -> -104672 | AT49: =SUM(AT45:AT48) -> -331348
B51: Fluxo de Caixa Proveniente das Atividades de Financiamento | D51: Cash Flow From Financing Activities
B53: Emissão de debêntures, líquidas dos custos de captação | AE53: 1097570 | AF53: 1097570 | AG53: 0 | AH53: 1097570 | AI53: 648457 | AJ53: 1746027 | AK53: 0 | AL53: 0 | AM53: 0 | AN53: 497355 | AO53: 497355 | AP53: 729899 | AQ53: 1227254 | AR53: 0 | AS53: 0 | AT53: =AS53+AR53 -> 0
B54: Adições, líquidas dos custos de captação | D54: Additions, net of funding costs | F54: 0 | G54: =807160-52871 -> 754289 | H54: 0 | I54: 0 | J54: 0 | K54: 0 | L54: 0 | M54: 60479 | N54: 0 | O54: 0 | P54: 0 | Q54: 60479 | R54: 0 | S54: 0 | T54: =658438-14918 -> 643520 | U54: 0 | V54: =658438-14918 -> 643520 | W54: 0 | X54: 0 | Y54: 0 | Z54: =AA54-Y54 -> 279030 | AA54: 279030 | AB54: 0 | AC54: 279030 | AD54: 0 | AE54: 0 | AF54: 0 | AG54: 0 | AH54: 0 | AI54: 0 | AJ54: 0 | AK54: 0 | AL54: 0 | AM54: 0 | AN54: 0 | AO54: 0 | AP54: 0 | AQ54: 0 | AR54: 0 | AS54: 0 | AT54: =AS54+AR54 -> 0
B55: Pagamentos de financiamentos | D55: Financing payments | F55: -1117 | G55: -1393 | H55: -349 | I55: -601 | J55: -66168 | K55: -37467 | L55: -104585 | M55: -55548 | N55: -67889 | O55: -88333 | P55: -71433 | Q55: -283203 | R55: -56931 | S55: -63374 | T55: -584039 | U55: -331 | V55: -704675 | W55: -331 | X55: 0 | Y55: -331 | Z55: =AA55-Y55 -> 0 | AA55: -331 | AB55: 0 | AC55: -331 | AD55: -44594 | AE55: 0 | AF55: -44594 | AG55: -379595 | AH55: -424189 | AI55: -619331 | AJ55: -1043520 | AK55: 0 | AL55: 0 | AM55: 0 | AN55: 0 | AO55: 0 | AP55: 0 | AQ55: 0 | AR55: 0 | AS55: 0 | AT55: =AS55+AR55 -> 0
B56: Pagamento de valores a pagar por aquisições | D56: Payments of aquisitions to be paid | F56: 0 | G56: 0 | H56: 0 | I56: 0 | J56: 0 | K56: 0 | L56: 0 | M56: 0 | N56: 0 | O56: 0 | P56: 0 | Q56: 0 | R56: 0 | S56: -40483 | T56: -52545 | U56: -180926 | V56: -273954 | W56: -175703 | X56: 0 | Y56: -175703 | Z56: =AA56-Y56 -> -377667 | AA56: -553370 | AB56: -98518 | AC56: -651888 | AD56: -7335 | AE56: -137104 | AF56: -144439 | AG56: 0 | AH56: -144439 | AI56: -254273 | AJ56: -398712 | AK56: -197796 | AL56: 0 | AM56: -197796 | AN56: 0 | AO56: -197796 | AP56: -35617 | AQ56: -233413 | AR56: 0 | AS56: 0 | AT56: =AS56+AR56 -> 0
B57: Exercício de opção de ações | D57: Stock option exercise | F57: 0 | G57: 0 | H57: 0 | I57: 0 | J57: 0 | K57: 0 | L57: 0 | M57: 0 | N57: 5625 | O57: 778 | P57: 822 | Q57: 1600 | R57: 189 | S57: 333 | T57: 516 | U57: 3889 | V57: 4927 | W57: 672 | X57: 872 | Y57: 1544 | Z57: =AA57-Y57 -> 310 | AA57: 1854 | AB57: 490 | AC57: 2344 | AD57: 0 | AE57: 1006 | AF57: 1006 | AG57: 201 | AH57: 1207 | AI57: 0 | AJ57: 1207 | AK57: 148 | AL57: 0 | AM57: 148 | AN57: 0 | AO57: 148 | AP57: 0 | AQ57: 148 | AR57: 0 | AS57: 74 | AT57: =AS57+AR57 -> 74
B58: Integralização de capital social subscrito | D58: Payment of subscribed share capital | F58: 179 | G58: =492368+304 -> 492672 | H58: =2664-304 -> 2360 | I58: =711+304 -> 1015 | J58: 1967 | K58: -5342 | L58: 0 | M58: 0 | N58: 1187375 | O58: 0 | P58: 0 | Q58: 1187375 | R58: 0 | S58: 1034000 | T58: 0 | U58: 0 | V58: 1034000 | W58: 0 | X58: 259 | Y58: 259 | Z58: =AA58-Y58 -> 0 | AA58: 259 | AB58: 1 | AC58: 260 | AD58: 495 | AE58: 0 | AF58: 495 | AG58: 0 | AH58: 495 | AI58: 0 | AJ58: 495 | AK58: 0 | AL58: 0 | AM58: 0 | AN58: 0 | AO58: 0 | AP58: 0 | AQ58: 0 | AR58: 0 | AS58: 0 | AT58: =AS58+AR58 -> 0
B59: Dividendos e juros sobre capital próprio pagos | D59: Dividends and interest on equity paid | F59: -35000 | G59: 0 | H59: 0 | I59: 0 | J59: 0 | K59: 0 | L59: 0 | M59: 0 | N59: 0 | O59: 0 | P59: 0 | Q59: 0 | R59: 0 | S59: -39686 | T59: -872 | U59: -164751 | V59: -205309 | W59: 0 | X59: -132790 | Y59: -132790 | Z59: =AA59-Y59 -> 0 | AA59: -132790 | AB59: -149153 | AC59: -281943 | AD59: 0 | AE59: -427357 | AF59: -427357 | AG59: -2 | AH59: -427359 | AI59: -348617 | AJ59: -775976 | AK59: 0 | AL59: -238158 | AM59: -238158 | AN59: 0 | AO59: -238158 | AP59: 0 | AQ59: -238158 | AR59: 0 | AS59: -100000 | AT59: =AS59+AR59 -> -100000
B60: Amortização de arrendamento mercantil - principal | D60: Amortization of leasing - principal | F60: -363 | G60: -7726 | H60: -2760 | I60: -7075 | J60: -8836 | K60: -5723 | L60: -24394 | M60: -5625 | N60: -11216 | O60: -5098 | P60: -4587 | Q60: -20901 | R60: -4438 | S60: -3164 | T60: -4169 | U60: -4745 | V60: -16516 | W60: -6695 | X60: -7134 | Y60: -13829 | Z60: =AA60-Y60 -> -9564 | AA60: -23393 | AB60: -14750 | AC60: -38143 | AD60: -10983 | AE60: -9549 | AF60: -20532 | AG60: -5028 | AH60: -25560 | AI60: -8014 | AJ60: -33574 | AK60: -7364 | AL60: -13047 | AM60: -20411 | AN60: -10062 | AO60: -30473 | AP60: -6414 | AQ60: -36887 | AR60: -9646 | AS60: -10425 | AT60: =AS60+AR60 -> -20071
B61: Custo para emissão de ações | D61: Cost for issuing shares | F61: 0 | G61: 0 | H61: 0 | I61: 0 | J61: 0 | K61: 0 | L61: 0 | M61: 0 | N61: 0 | O61: 0 | P61: 0 | Q61: 0 | R61: 0 | S61: -37413 | T61: 0 | U61: 0 | V61: -37413 | W61: 0 | X61: 0 | Y61: 0 | Z61: 0 | AA61: 0 | AB61: 0 | AC61: 0 | AD61: 0 | AE61: 0 | AF61: 0 | AG61: 0 | AH61: 0 | AI61: 0 | AJ61: 0 | AK61: 0 | AL61: 0 | AM61: 0 | AN61: 0 | AO61: 0 | AP61: 0 | AQ61: 0 | AR61: 0 | AS61: 0 | AT61: =AS61+AR61 -> 0
B62: Caixa líquido da compra e venda de ações em tesouraria | D62: Net cash from the purchase and sale of treasury shares | F62: 0 | G62: 0 | H62: 0 | I62: 0 | J62: -140 | K62: 0 | L62: -140 | M62: 0 | N62: -75727 | O62: =1293-4001 -> -2708 | P62: =163-1526 -> -1363 | Q62: =1456-75727-5527 -> -79798 | R62: 31 | S62: =8 -> 8 | T62: -8403 | U62: 0 | V62: =39-8403 -> -8364 | W62: -4055 | X62: 0 | Y62: -4055 | Z62: =AA62-Y62 -> 0 | AA62: -4055 | AB62: 0 | AC62: -4055 | AD62: 0 | AE62: -11261 | AF62: -11261 | AG62: -2863 | AH62: -14124 | AI62: 0 | AJ62: -14124 | AK62: -3153 | AL62: -4170 | AM62: -7323 | AN62: 0 | AO62: -7323 | AP62: -1 | AQ62: -7324 | AR62: 0 | AS62: -117 | AT62: =AS62+AR62 -> -117
B64: Variação do caixa resultante das atividades de financiamento | D64: Cash generated by (invested in) Financing Activities | F64: -36301 | G64: 1237842 | H64: -749 | I64: -6661 | J64: -73177 | K64: -48532 | L64: -129119 | M64: -694 | N64: 1038168 | O64: -95361 | P64: -76561 | Q64: =SUM(Q54:Q62) -> 865552 | R64: =SUM(R54:R62) -> -61149 | S64: =SUM(S54:S62) -> 850221 | T64: =SUM(T54:T62) -> -5992 | U64: =SUM(U54:U62) -> -346864 | V64: =SUM(V54:V62) -> 436216 | W64: =SUM(W54:W62) -> -186112 | X64: =SUM(X54:X62) -> -138793 | ... AA64: =SUM(AA54:AA62) -> -432796 | AB64: -261930 | AC64: -694726 | AD64: =SUM(AD54:AD62) -> -62417 | AE64: =SUM(AE53:AE62) -> 513305 | AF64: =SUM(AF53:AF62) -> 450888 | AG64: =SUM(AG53:AG62) -> -387287 | AH64: =SUM(AH53:AH62) -> 63601 | AI64: =SUM(AI53:AI62) -> -581778 | AJ64: =SUM(AJ53:AJ62) -> -518177 | AK64: =SUM(AK53:AK62) -> -208165 | AL64: =SUM(AL53:AL62) -> -255375 | ... AQ64: =SUM(AQ53:AQ62) -> 711620 | AR64: -9646 | AS64: =SUM(AS53:AS62) -> -110468 | AT64: =SUM(AT53:AT62) -> -120114
B66: Variações cambiais sobre caixa e equivalentes de caixa | D66: Exchange variations on cash and cash equivalents | F66: 0 | G66: 0 | H66: 0 | I66: 0 | J66: 0 | K66: 0 | L66: 0 | M66: 0 | N66: 0 | O66: 0 | P66: 0 | Q66: 0 | R66: 1385 | S66: -821 | T66: -277 | U66: 310 | V66: 597 | W66: 226 | X66: -426 | Y66: -200 | Z66: =AA66-Y66 -> 447 | AA66: 247 | AB66: 0 | AC66: 247 | AD66: 0 | AE66: 0 | AF66: 0 | AG66: 0 | AH66: 0 | AI66: 0 | AJ66: 0 | AK66: 0 | AL66: 0 | AM66: 0 | AN66: 0 | AO66: 0 | AP66: 0 | AQ66: 0 | AR66: 0 | AS66: 0 | AT66: =AS66+AR66 -> 0
B68: Variação do Saldo de Caixa e Equivalentes de Caixa | D68: Increase (Decrease) in Cash Balance and Cash Equivalents | F68: 2877 | G68: 36238 | H68: -24799 | I68: 3148 | J68: -9878 | K68: 6125 | L68: -25404 | M68: 13184.493 | N68: 224909.51 | O68: 123451 | P68: -175247 | Q68: 186298 | R68: -60692 | S68: =S64+S66+S49+S41 -> 88532 | T68: =T64+T66+T49+T41 -> 259668 | U68: =U64+U66+U49+U41 -> -143639 | V68: =V64+V66+V49+V41 -> 143869 | W68: =W64+W66+W49+W41 -> -155056 | X68: =X64+X66+X49+X41 -> -116212 | Y68: =Y64+Y66+Y49+Y41 -> -271268 | Z68: =Z64+Z66+Z49+Z41 -> -11280 | AA68: =AA64+AA66+AA49+AA41 -> -282548 | AB68: 118704 | AC68: -163844 | AD68: =AD64+AD66+AD49+AD41 -> 104965 | AE68: =AE64+AE66+AE49+AE41 -> 108866 | AF68: =AF64+AF66+AF49+AF41 -> 213831 | AG68: =AG64+AG66+AG49+AG41 -> 9672 | AH68: =AH64+AH66+AH49+AH41 -> 223503 | AI68: =AI64+AI66+AI49+AI41 -> -125139 | AJ68: =AJ64+AJ66+AJ49+AJ41 -> 98364 | AK68: =AK64+AK66+AK49+AK41 -> 20073 | ... AQ68: =AQ64+AQ66+AQ49+AQ41 -> -66040 | AR68: 43046 | AS68: =AS64+AS66+AS49+AS41 -> 48438 | AT68: =AT64+AT66+AT49+AT41 -> 91484
B70: Caixa e equivalentes de caixa no início do período / exercício | D70: Cash and cash equivalents at the beginning of the period /fiscal year | F70: 17150 | G70: 20027 | H70: 56265 | I70: 31466 | J70: 34614 | K70: 24736 | L70: 56265 | M70: 30861 | N70: 44045.493 | O70: 268955 | P70: 392406 | Q70: 30861 | R70: 217159 | S70: 156467 | T70: 244999 | U70: 504667 | V70: 217159 | W70: 361028 | X70: 205972 | Y70: 361028 | Z70: 89760 | AA70: 361028 | AB70: 78480 | AC70: 361028 | AD70: 197184 | AE70: 302149 | AF70: 197184 | AG70: 411015 | AH70: 197184 | AI70: 420687 | AJ70: 197184 | AK70: 295548 | AL70: 295548 | AM70: 295548 | AN70: 222608 | AO70: 295548 | AP70: 277772 | AQ70: 295548 | AR70: 229508 | AS70: =AR71 -> 272554 | AT70: =AQ71 -> 229508
B71: Caixa e equivalentes de caixa no fim do período / exercício | D71: Cash and cash equivalents at the end of the period /fiscal year | F71: 20027 | G71: 56265 | H71: 31466 | I71: 34614 | J71: 24736 | K71: 30861 | L71: 30861 | M71: 44045.493 | N71: 268955 | O71: 392406 | P71: 217159 | Q71: 217159 | R71: 156467 | S71: 244999 | T71: 504667 | U71: 361028 | V71: 361028 | W71: 205972 | X71: 89760 | Y71: 89760 | Z71: 78480 | AA71: 78480 | AB71: 197184 | AC71: 197184 | AD71: 302149 | AE71: 411015 | AF71: 411015 | AG71: 420687 | AH71: 420687 | AI71: 295548 | AJ71: 295548 | AK71: 315621 | AL71: 222608 | AM71: 222608 | AN71: 277772 | AO71: 277772 | AP71: 229508 | AQ71: 229508 | AR71: 272554 | AS71: 320992 | AT71: =AS71 -> 320992
B73: Variação do Saldo de Caixa e Equivalentes de Caixa | D73: Increase (Decrease) in Cash Balance and Cash Equivalents | F73: =F71-F70 -> 2877 | G73: =G71-G70 -> 36238 | H73: =H71-H70 -> -24799 | I73: =I71-I70 -> 3148 | J73: =J71-J70 -> -9878 | K73: =K71-K70 -> 6125 | L73: =L71-L70 -> -25404 | M73: =M71-M70 -> 13184.493 | ... AQ73: =AQ71-AQ70 -> -66040 | AR73: 43046 | AS73: =AS71-AS70 -> 48438 | AT73: =AT71-AT70 -> 91484
F75: =F68-F73 -> 0 | G75: =G68-G73 -> 0 | H75: =H68-H73 -> 0 | I75: =I68-I73 -> 0 | J75: =J68-J73 -> 0 | K75: =K68-K73 -> 0 | L75: =L68-L73 -> 0 | M75: =M68-M73 -> -2.910383e-11 | ... AD75: =AD68-AD73 -> 0
L76: =L41+L47 -> 228544 | M76: =M41+M47 -> 11655.493 | N76: =N41+N47 -> 59638.507 | O76: =O41+O47 -> 11568 | P76: =P41+P47 -> -276244 | Q76: =Q41+Q47 -> -193382 | R76: =R41+R47 -> 19163 | S76: =S41+S47 -> 67469 | ... AQ76: =AQ41+AQ47 -> -134914 | AR76: 80094 | AS76: =AS41+AS47 -> 74003 | AT76: =AT41+AT47 -> 154097

Sheet Imob e Intang
C2: Capex | Ativo Imobilizado e Intangível
M3: Consolidado em 31/12/2025 | O3: Adições | Q3: Baixas | S3: Transferências | U3: UPGN Guamaré | W3: Consolidado em 30/06/2026
K4: Imobilizado
K5: Máquinas e equipamentos | M5: 718521 | O5: 9879.411 | Q5: 0 | S5: 19070.898 | W5: =SUM(M5:U5) -> 747471.31
B6: Capex 1T26 (em R$ MM) | C6: Adições | D6: Transferências | E6: Subtotal | F6: Baixas* | G6: Total | K6: UPGN Gumaré | M6: 0 | O6: 0 | Q6: =0 -> 0 | S6: 0 | W6: =SUM(M6:U6) -> 0 | AD6: Capex (R$ Milhões) | AF6: 2T23 | AH6: 4T23 | AJ6: 1T24 | AL6: 2T24 | AN6: 1S24 | AP6: 3T24 | AS6: 9M24 | AU6: 4T24 | AW6: 2024 | AY6: 1T25 | BA6: 2T25 | BC6: 1S25 | BE6: 3T25 | BG6: 9M25 | BI6: 4T25 | BK6: 2025 | BM6: 1T26 | BO6: 2T26 | BQ6: 1S26
B7: Desenvolvimento de Reservas | C7: 150.34396 | D7: 48.50735 | E7: 198.85131 | F7: -2.3801772 | G7: 196.47113 | K7: Imobilizados em andamento (iv) | M7: 72171 | O7: 13663.38 | Q7: 0 | S7: -16072.697 | W7: =SUM(M7:U7) -> 69761.683 | AD7: Desenvolvimento de Reservas | AF7: 205.2 | AH7: 187.765 | AJ7: 162.968 | AL7: 156.282 | AN7: =AL7+AJ7 -> 319.25 | AP7: 184.072 | AS7: =AP7+AN7 -> 503.322 | AU7: 279.722 | AW7: =AU7+AS7 -> 783.044 | AY7: 222.4 | BA7: 287.144 | BC7: =BA7+AY7 -> 509.544 | BE7: 286.728 | BG7: =AY7+BA7+BE7 -> 796.272 | BI7: 209.844 | BK7: =BI7+BE7+BA7+AY7 -> 1006.116 | BM7: 196.47113 | BO7: =BQ7-BM7 -> 173.53254 | BQ7: =G23 -> 370.00367
B8: Almoxarifado para inversões fixas | C8: 35.804836 | D8: -47.876884 | E8: -12.072048 | F8: -2.3429458 | G8: -14.414993 | K8: Direito de produção de óleo e gás (i) | M8: 2931329 | O8: 0 | Q8: 0 | S8: 0 | W8: =SUM(M8:U8) -> 2931329 | AD8: Almoxarifado para inversões fixas | AF8: 51.5 | AH8: 2.171 | AJ8: -23.994 | AL8: -28.539 | AN8: =AL8+AJ8 -> -52.533 | AP8: -20.97 | AS8: =AP8+AN8 -> -73.503 | AU8: -21 | AW8: =AU8+AS8 -> -94.503 | AY8: 9.507 | BA8: 18.493 | BC8: =BA8+AY8 -> 28 | BE8: -4 | BG8: =AY8+BA8+BE8 -> 24 | BI8: 3 | BK8: =BI8+BE8+BA8+AY8 -> 27 | BM8: -14.414993 | BO8: =BQ8-BM8 -> -9.4680086 | BQ8: =G24 -> -23.883002
B9: Blocos Exploratórios | C9: 0.01625565 | D9: 5.6843419e-19 | E9: 0.01625565 | F9: 0 | G9: 0.01625565 | K9: Desenvolvimento de campos | M9: 5186676 | O9: 289483.4 | Q9: -4144.248 | S9: 84664.52 | W9: =SUM(M9:U9) -> 5556679.7 | AD9: Investimentos em Midstream | AF9: 0 | AH9: 1.664 | AJ9: 0.094 | AL9: 0 | AN9: =AL9+AJ9 -> 0.094 | AP9: 0 | AS9: =AP9+AN9 -> 0.094 | AU9: 0 | AW9: 0 | AY9: 0 | BA9: 37 | BC9: =BA9+AY9 -> 37 | BE9: 260.01302 | BG9: =AY9+BA9+BE9 -> 297.01302 | BI9: 34.261829 | BK9: =BI9+BE9+BA9+AY9 -> 331.27485 | BM9: 0 | BO9: =BQ9-BM9 -> 9.879411 | BQ9: =G26 -> 9.879411
B10: Investimentos em Midstream | C10: 0 | D10: 0 | E10: 0 | F10: 0 | G10: 0 | K10: Blocos exploratórios (ii) | M10: 20157 | O10: 31.822 | Q10: 0 | S10: 0 | W10: =SUM(M10:U10) -> 20188.822 | AD10: Demais ativos fixos e intangíveis | AF10: 38 | AH10: 9.32 | AJ10: 21.275 | AL10: 36.841 | AN10: =AL10+AJ10 -> 58.116 | AP10: 26.683 | AS10: =AP10+AN10 -> 84.799 | AU10: 48 | AW10: =AU10+AS10 -> 132.799 | AY10: 16.7 | BA10: 24.045 | BC10: =BA10+AY10 -> 40.745 | BE10: 25.89 | BG10: =AY10+BA10+BE10 -> 66.635 | BI10: 21.054 | BK10: =BI10+BE10+BA10+AY10 -> 87.689 | BM10: 15.249761 | BO10: =BQ10-BM10 -> 19.039806 | BQ10: =G27 -> 34.289567
B11: Demais ativos fixos e intangíveis | C11: 16.591828 | D11: -0.63046587 | E11: 15.961362 | F11: -0.71160112 | G11: 15.249761 | K11: Abandono de poço | M11: 79303 | O11: 0 | Q11: 0 | S11: 0 | W11: =SUM(M11:U11) -> 79303 | AD11: Capex Total | AF11: 294.7 | AH11: 200.92 | AJ11: 160.343 | AL11: 164.584 | AN11: =SUM(AN7:AN10) -> 324.927 | AP11: =SUM(AP7:AP10) -> 189.785 | AS11: =SUM(AS7:AS10) -> 514.712 | AU11: 306.892 | AW11: =SUM(AW7:AW10) -> 821.34 | AY11: 248.607 | BA11: 366.682 | BC11: =SUM(BC7:BC10) -> 615.289 | BE11: 568.63102 | BG11: =SUM(BG7:BG10) -> 1183.92 | BI11: 268.15983 | BK11: =BK7+BK8+BK9+BK10 -> 1452.0799 | BM11: 197.32216 | BO11: =SUM(BO7:BO10) -> 192.98375 | BQ11: =SUM(BQ7:BQ10) -> 390.28965
B12: Total | C12: 202.75688 | D12: 0 | E12: 202.75688 | F12: -5.4347242 | G12: 197.32216 | K12: Almoxarifado para inversões fixas (iii) | M12: 477651 | O12: 70602.554 | Q12: -12144.963 | S12: -82340.593 | W12: =SUM(M12:U12) -> 453768
K13: Adiantamentos | M13: 18419 | O13: 21430.895 | Q13: -712 | S13: -23458.006 | W13: =SUM(M13:U13) -> 15679.889
B14: Capex 2T26 (em R$ MM) | C14: Adições | D14: Transferências | E14: Subtotal | F14: Baixas* | G14: Total | K14: Outros | M14: 199325 | O14: 2026.687 | Q14: 0 | S14: 3248.665 | W14: =SUM(M14:U14) -> 204600.35 | AD14: Capex (R$ Milhões) | AJ14: 4T24 | AL14: 2024 | AN14: 2T26 | AP14: 1T26 | AS14: Δ% | AU14: 2T25 | AW14: Δ% | AY14: 1S26 | BA14: 1S25 | BC14: Δ%
B15: Desenvolvimento de Reservas | C15: =C23-C7 -> 139.13944 | D15: =D23-D7 -> 36.15717 | E15: =SUM(C15:D15) -> 175.29661 | F15: =F23-F7 -> -1.7640708 | G15: =E15+F15 -> 173.53254 | AD15: Desenvolvimento de Reservas | AJ15: =AU7 -> 279.722 | AL15: =AW7 -> 783.044 | AN15: =BO7 -> 173.53254 | AP15: =BM7 -> 196.47113 | AS15: {=_xlfn.IFS(AP15*AN15<0,"n.m.",AP15*AN15=0,"n.m.",AP15*AN15>0,AN15/AP15-1)} -> -0.11675301 | AU15: =BA7 -> 287.144 | AW15: {=_xlfn.IFS(AU15*AN15<0,"n.m.",AU15*AN15=0,"n.m.",AU15*AN15>0,AN15/AU15-1)} -> -0.39566024 | AY15: =BQ7 -> 370.00367 | BA15: =BC7 -> 509.544 | BC15: {=_xlfn.IFS(BA15*AU15<0,"n.m.",BA15*AU15=0,"n.m.",BA15*AU15>0,AU15/BA15-1)} -> -0.43646869
B16: Almoxarifado para inversões fixas | C16: =C24-C8 -> 34.797717 | D16: =D24-D8 -> -34.463709 | E16: =SUM(C16:D16) -> 0.3340081 | F16: =F24-F8 -> -9.8020168 | G16: =E16+F16 -> -9.4680086 | K16: Total | M16: =SUM(M5:M14) -> 9703552 | N16: =SUM(N5:N14) -> 0 | O16: =SUM(O5:O14) -> 407118.15 | P16: =SUM(P5:P14) -> 0 | Q16: =SUM(Q5:Q14) -> -17001.211 | R16: =SUM(R5:R14) -> 0 | S16: =SUM(S5:S14) -> -14887.213 | U16: =SUM(U5:U14) -> 0 | W16: =SUM(W5:W14) -> 10078782 | X16: =W16-M16 -> 375229.72 | AD16: Almoxarifado para inversões fixas | AJ16: =AU8 -> -21 | AL16: =AW8 -> -94.503 | AN16: =BO8 -> -9.4680086 | AP16: =BM8 -> -14.414993 | AS16: {=_xlfn.IFS(AP16*AN16<0,"n.m.",AP16*AN16=0,"n.m.",AP16*AN16>0,AN16/AP16-1)} -> -0.34318328 | AU16: =BA8 -> 18.493 | AW16: {=_xlfn.IFS(AU16*AN16<0,"n.m.",AU16*AN16=0,"n.m.",AU16*AN16>0,AN16/AU16-1)} -> n.m. | AY16: =BQ8 -> -23.883002 | BA16: =BC8 -> 28 | BC16: {=_xlfn.IFS(BA16*AU16<0,"n.m.",BA16*AU16=0,"n.m.",BA16*AU16>0,AU16/BA16-1)} -> -0.33953571
B17: Blocos Exploratórios | C17: =C25-C9 -> 0.01556635 | D17: =D25-D9 -> -5.6843419e-19 | E17: =SUM(C17:D17) -> 0.01556635 | F17: =F25-F9 -> 0 | G17: =E17+F17 -> 0.01556635 | AD17: Demais ativos fixos e intangíveis | AJ17: =AU10 -> 48 | AL17: =AW10 -> 132.799 | AN17: =BO10 -> 19.039806 | AP17: =BM10 -> 15.249761 | AS17: {=_xlfn.IFS(AP17*AN17<0,"n.m.",AP17*AN17=0,"n.m.",AP17*AN17>0,AN17/AP17-1)} -> 0.24853143 | AU17: =BA10 -> 24.045 | AW17: {=_xlfn.IFS(AU17*AN17<0,"n.m.",AU17*AN17=0,"n.m.",AU17*AN17>0,AN17/AU17-1)} -> -0.20815945 | AY17: =$BQ$10 -> 34.289567 | BA17: =BC10 -> 40.745 | BC17: {=_xlfn.IFS(BA17*AU17<0,"n.m.",BA17*AU17=0,"n.m.",BA17*AU17>0,AU17/BA17-1)} -> -0.40986624
B18: Investimentos em Midstream | C18: =C26-C10 -> 9.879411 | D18: =D26-D10 -> 0 | E18: =SUM(C18:D18) -> 9.879411 | F18: =F26-F10 -> 0 | G18: =E18+F18 -> 9.879411 | AD18: Subtotal Capex | AL18: =AL15+AL16+AL17 -> 821.34 | AN18: =AN15+AN16+AN17 -> 183.10433 | AP18: =AP15+AP16+AP17 -> 197.3059 | AS18: {=_xlfn.IFS(AP18*AN18<0,"n.m.",AP18*AN18=0,"n.m.",AP18*AN18>0,AN18/AP18-1)} -> -0.071977406 | AU18: =AU15+AU16+AU17 -> 329.682 | AW18: {=_xlfn.IFS(AU18*AN18<0,"n.m.",AU18*AN18=0,"n.m.",AU18*AN18>0,AN18/AU18-1)} -> -0.44460318 | AY18: =AY15+AY16+AY17 -> 380.41024 | BA18: =BA15+BA16+BA17 -> 578.289 | BC18: {=_xlfn.IFS(BA18*AU18<0,"n.m.",BA18*AU18=0,"n.m.",BA18*AU18>0,AU18/BA18-1)} -> -0.42990097
B19: Demais ativos fixos e intangíveis | C19: =C27-C11 -> 20.733665 | D19: =D27-D11 -> -1.6934602 | E19: =SUM(C19:D19) -> 19.040205 | F19: =F27-F11 -> -0.00039888 | G19: =E19+F19 -> 19.039806 | K19: Depreciação, amortização e depleção | AD19: Investimentos em Midstream¹ | AJ19: =AU9 -> 0 | AL19: =AW9 -> 0 | AN19: =BO9 -> 9.879411 | AP19: =BM9 -> 0 | AS19: {=_xlfn.IFS(AP19*AN19<0,"n.m.",AP19*AN19=0,"n.m.",AP19*AN19>0,AN19/AP19-1)} -> n.m. | AU19: =BA9 -> 37 | AW19: {=_xlfn.IFS(AU19*AN19<0,"n.m.",AU19*AN19=0,"n.m.",AU19*AN19>0,AN19/AU19-1)} -> -0.73298889 | AY19: =BQ9 -> 9.879411 | BA19: =BA9 -> 37 | BC19: {=_xlfn.IFS(BA19*AY19<0,"n.m.",BA19*AY19=0,"n.m.",BA19*AY19>0,AY19/BA19-1)} -> -0.73298889
B20: Total | C20: =C28-C12 -> 204.5658 | D20: =D28-D12 -> 9.9999999e-07 | E20: =SUM(E15:E19) -> 204.5658 | F20: =F28-F12 -> -11.566486 | G20: =G15+G16+G17+G18+G19 -> 192.99931 | AD20: Capex Total | AJ20: =SUM(AJ15:AJ19) -> 306.722 | AL20: =AL18+AL19 -> 821.34 | AN20: =AN18+AN19 -> 192.98375 | AP20: =AP18+AP19 -> 197.3059 | AS20: {=_xlfn.IFS(AP20*AN20<0,"n.m.",AP20*AN20=0,"n.m.",AP20*AN20>0,AN20/AP20-1)} -> -0.021905863 | AU20: =AU18+AU19 -> 366.682 | AW20: {=_xlfn.IFS(AU20*AN20<0,"n.m.",AU20*AN20=0,"n.m.",AU20*AN20>0,AN20/AU20-1)} -> -0.4737027 | AY20: =AY18+AY19 -> 390.28965 | BA20: =BA18+BA19 -> 615.289 | BC20: {=_xlfn.IFS(BA20*AU20<0,"n.m.",BA20*AU20=0,"n.m.",BA20*AU20>0,AU20/BA20-1)} -> -0.40404915
K21: Máquinas e equipamentos - depreciação | M21: -103788 | O21: -30726.671 | Q21: 0 | S21: 0 | W21: =SUM(M21:V21) -> -134514.67 | AD21: ¹ Para o 2T26, o montante de R$ 10 milhões registrados na linha de investimentos em midstream não possui efeito caixa no período.
B22: Capex 1S26 (em R$ MM) | C22: Adições | D22: Transferências | E22: Subtotal | F22: Baixas* | G22: Total | K22: UPGN Gumaré - depreciação | M22: 0 | O22: 0 | Q22: =0 -> 0 | S22: =0 -> 0 | W22: =SUM(M22:V22) -> 0 | AN22: 3Q24 | AP22: 4Q24 | AS22: 2024 | AU22: 1Q25 | AW22: 2Q25 | AY22: 3Q25 | BA22: 4Q25 | BC22: 2025 | BE22: 1Q26 | BG22: 2Q26
B23: Desenvolvimento de Reservas | C23: =$O$9/1000 -> 289.4834 | D23: =$S$9/1000 -> 84.66452 | E23: =SUM(C23:D23) -> 374.14792 | F23: =$Q$9/1000 -> -4.144248 | G23: =E23+F23 -> 370.00367 | K23: Direito de produção de óleo e gás - Amortização | M23: -922414 | O23: -57683.667 | Q23: 0 | S23: 0 | W23: =SUM(M23:V23) -> -980097.67 | AD23: Desenvolvimento de Reservas | AF23: 2T23 | AH23: 4T23 | AJ23: 1T24 | AL23: 2T24 | AN23: 3T24 | AP23: 4T24 | AS23: 2024 | AU23: 1T25 | AW23: 2T25 | AY23: 3T25 | BA23: 4T25 | BC23: 2025 | BE23: 1T26 | BG23: 2T26
B24: Almoxarifado para inversões fixas | C24: =$O$12/1000 -> 70.602554 | D24: =$S$12/1000 -> -82.340593 | E24: =SUM(C24:D24) -> -11.738039 | F24: =$Q$12/1000 -> -12.144963 | G24: =E24+F24 -> -23.883002 | K24: Desenvolvimento de campos - Amortização | M24: -2422704 | O24: -204654.22 | Q24: 0 | S24: 0 | W24: =SUM(M24:V24) -> -2627358.2 | AB24: Drilling | AD24: Perfuração | AF24: 48 | AH24: 41.524966 | AJ24: 63 | AL24: 23 | AN24: 39 | AP24: 109 | AS24: =AJ24+AL24+AN24+AP24 -> 234 | AU24: 93 | AW24: 111 | AY24: 67.290417 | BA24: 41 | BC24: =SUM(AU24:BA24) -> 312.29042 | BE24: 26 | BG24: 21
B25: Blocos Exploratórios | C25: =$O$10/1000 -> 0.031822 | D25: =$S$10/1000 -> 0 | E25: =SUM(C25:D25) -> 0.031822 | F25: =$Q$10/1000 -> 0 | G25: =E25+F25 -> 0.031822 | K25: Abandono de poços - Amortização | M25: -41848 | O25: -2083.836 | Q25: 0 | S25: 0 | W25: =SUM(M25:V25) -> -43931.836 | AB25: Workovers | AD25: Workovers | AF25: 107 | AH25: 85.928747 | AJ25: 60 | AL25: 94 | AN25: 114 | AP25: 103 | AS25: =AJ25+AL25+AN25+AP25 -> 371 | AU25: 82 | AW25: 132 | AY25: 159 | BA25: 105 | BC25: =SUM(AU25:BA25) -> 478 | BE25: 135 | BG25: 121
B26: Investimentos em Midstream | C26: =($O$5/1000) -> 9.879411 | D26: =S22/1000 -> 0 | E26: =SUM(C26:D26) -> 9.879411 | F26: =$Q$6/1000 -> 0 | G26: =E26+F26 -> 9.879411 | K26: Outros | M26: -41957 | O26: -9281.477 | Q26: 0 | S26: 0 | W26: =SUM(M26:V26) -> -51238.477 | AB26: Facilities | AD26: Facilidades | AF26: 50 | AH26: 60.424162 | AJ26: 40 | AL26: 39 | AN26: 31 | AP26: 68 | AS26: =AJ26+AL26+AN26+AP26 -> 178 | AU26: 47 | AW26: 44 | AY26: 61 | BA26: 64 | BC26: =SUM(AU26:BA26) -> 216 | BE26: 35 | BG26: 32
B27: Demais ativos fixos e intangíveis | C27: =$C$28-SUM($C$23:$C$26) -> 37.325493 | D27: =D28-SUM(D23:D26) -> -2.323926 | E27: =SUM(C27:D27) -> 35.001567 | F27: =F28-F23-F24 -> -0.712 | G27: =E27+F27 -> 34.289567 | K27: Total | M27: =SUM(M21:M26) -> -3532711 | N27: =SUM(N21:N26) -> 0 | O27: =SUM(O21:O26) -> -304429.88 | Q27: =SUM(Q21:Q26) -> 0 | R27: =SUM(R21:R26) -> 0 | S27: =SUM(S21:S26) -> 0 | W27: =SUM(W21:W26) -> -3837140.9 | AD27: Total | AF27: 205 | AH27: 187.87787 | AJ27: 163 | AL27: 156 | AN27: 184 | AP27: =SUM(AP24:AP26) -> 280 | AS27: =AJ27+AL27+AN27+AP27 -> 783 | AU27: =SUM(AU24:AU26) -> 222 | AW27: =SUM(AW24:AW26) -> 287 | AY27: =SUM(AY24:AY26) -> 287.29042 | BA27: =SUM(BA24:BA26) -> 210 | BC27: =SUM(AU27:BA27) -> 1006.2904 | BE27: 196 | BG27: 174
B28: Total | C28: =($O$16+$O$32)/1000 -> 407.32268 | D28: =($S$16+$S$32)/1000 -> 9.9999999e-07 | E28: =SUM(E23:E27) -> 407.32268 | F28: =($Q$16+$Q$32)/1000 -> -17.001211 | G28: =G23+G24+G25+G26+G27 -> 390.32147
K31: Custo - Intangível
K32: Software | M32: 113042 | O32: 204.531 | Q32: 0 | S32: 14887.214 | W32: =SUM(M32:U32) -> 128133.74 | X32: =W32-M32 -> 15091.745
B33: Parcelas Guamaré | C33: R$ Milhões | D33: Pago em | W33: =SUM(M33:U33) -> 0
B34: Signing | C34: =36849150/1000000 -> 36.84915 | D34: 1T25 | K34: Amortização | W34: =SUM(M34:U34) -> 0
B35: CADE | C35: =91035006.14/1000000 -> 91.035006 | D35: 3T25 | K35: Software - amortização | M35: -29658 | O35: -9252.01 | Q35: 0 | S35: 0 | W35: =SUM(M35:U35) -> -38910.01
B36: Closing | C36: =168827164.94/1000000 -> 168.82716 | D36: 3T25
B37: Pós-closing | C37: 34.413 | D37: 4T25 | K37: Total do imobilizado e intangível | M37: =M16+M27+M32+M35 -> 6254225 | O37: =O16+O27+O32+O35 -> 93640.793 | Q37: =Q16+Q27+Q32+Q35 -> -17001.211 | S37: =S16+S27+S32+S35 -> 0.00099999999 | W37: =W16+W27+W32+W35 -> 6330864.6
B38: Total parcelas pagas | C38: =SUM(C34:C37) -> 331.12432
B39: Parcela Pendente | C39: 17.895
B40: Total UPGN Guamaré | C40: =C38+C39 -> 349.01932

Sheet Realização
D2: Preço de Realização | Realization Price
I6: 1T22 | K6: 2T22 | M6: 3T22 | O6: 4T22 | Q6: 2022 | S6: 1T23 | U6: 2T23 | W6: 1S23 | Y6: 3T23 | AA6: 9M23 | AC6: 4T23 | AE6: 2023 | AG6: 1T24 | AI6: 2T24 | AK6: 1S24 | AM6: 3T24 | AO6: 9M24 | AQ6: 4T24 | AS6: 2024 | AU6: 1T25 | AW6: 2T25 | AY6: 1S25 | BA6: 3T25 | BC6: 9M25 | BE6: 4T25 | BG6: 2025 | BI6: 1T26 | BJ6: 2T26 | BK6: 1S26
B8: Petróleo | D8: Oil
B9: Receita Líquida | D9: Net Revenue | F9: R$ MM | I9: 449.89055 | K9: 429.39664 | M9: 450.77034 | O9: 413.358 | Q9: 1743.4162 | S9: 408.54081 | U9: 431.5881 | W9: 840.1289 | Y9: 500.17846 | AA9: 1340.3074 | AC9: 472.55928 | AE9: 1812.8666 | AG9: 458.77178 | AI9: 532.8794 | AK9: 991.65118 | AM9: 0 | AO9: 0 | AQ9: 562.43466 | AS9: 2088.604 | AU9: 558.434 | AW9: 498.14242 | AY9: 1056.5764 | BA9: 471.51188 | BC9: 1528.0883 | BE9: 392.11634 | BG9: 1920.2046 | BI9: 407.17765 | BJ9: 504.63 | BK9: 911.80765
B10: Receita Líquida excluindo efeito do hedge | D10: Net Revenue excluding hedge effect | F10: R$ MM | I10: 535.12055 | K10: 559.75764 | M10: 578.08634 | O10: 512.082 | Q10: 2185.0472 | S10: 480.00881 | U10: 491.8741 | W10: 971.8829 | Y10: 570.78846 | AA10: 1542.6714 | AC10: 538.40428 | AE10: 2081.0756 | AG10: 517.94178 | AI10: 564.9524 | AK10: 1082.8942 | AM10: 0 | AO10: 0 | AQ10: 567.66866 | AS10: 2215.816 | AU10: 558.434 | AW10: 498.14242 | AY10: 1056.5764 | BA10: 471.51188 | BC10: 1528.0883 | BE10: 391.23434 | BG10: 1919.3226 | BI10: 442.41265 | BJ10: 593.916 | BK10: 1036.3287
B11: Produção Entregue | D11: Delivered Production | F11: M Bbl | I11: 1114.11 | K11: 1132.586 | M11: 1193.332 | O11: 1232.5282 | Q11: 4672.5282 | S11: 1250.19 | U11: 1413.139 | W11: 2663.329 | Y11: 1475.2773 | AA11: 4138.6063 | AC11: 1388 | AE11: =S11+U11+Y11+AC11 -> 5526.6063 | AG11: 1366 | AI11: 1387.7666 | AK11: 2753.7666 | AM11: 2T26 | AO11: 4139.5265 | AQ11: 1418.8009 | AS11: 5585.8691 | AU11: 1464.4164 | AW11: 1479.4954 | AY11: 2943.9117 | BA11: 1420.8113 | BC11: 4364.723 | BE11: 1318.9401 | BG11: 5683.6632 | BI11: 1221.1926 | BJ11: 1257.0308 | BK11: 2478.2234
B12: Preço médio de Venda | D12: Average Sales Price | F12: US$ / Bbl | I12: 77.210633 | K12: 77.058819 | M12: 71.966514 | O12: 63.815585 | Q12: 72.25417 | S12: 62.905094 | U12: 61.689453 | W12: 62.188203 | Y12: 69.473032 | AA12: 64.663343 | AC12: =AC9*10^3/AC$11/AC$38 -> #DIV/0! | AE12: =AE9*10^3/AE$11/AE$38 -> 65.67652 | AG12: =AG9*10^3/AG$11/AG$38 -> #DIV/0! | AI12: 73.601794 | AK12: 70.86816 | AM12: =AM9*1000/AM11/AM38 -> #VALUE! | AO12: =AO9*1000/AO11/AO38 -> #DIV/0! | AQ12: =AQ9*1000/AQ11/AQ38 -> #DIV/0! | AS12: =AS9*1000/AS11/AS38 -> 69.377366 | AU12: =AU9*1000/AU11/AU38 -> 65.161587 | AW12: =AW9*1000/AW11/AW38 -> 59.423564 | AY12: =AY9*1000/AY11/AY38 -> 62.319078 | BA12: =BA9*1000/BA11/BA38 -> 60.904848 | BC12: =BC9*1000/BC11/BC38 -> 61.962527 | BE12: =BE9*1000/BE11/BE38 -> 55.100944 | BG12: =BG9*1000/BG11/BG38 -> 60.481928 | BI12: =BI9*1000/BI11/BI38 -> 63.399983 | BJ12: =BJ9*1000/BJ11/BJ38 -> 79.503423 | BK12: =BK9*1000/BK11/BK38 -> 71.383355
B13: Preço de Realização excluindo efeito do hedge | D13: Realization Price excluding hedge effect | F13: US$ / Bbl | I13: 91.837884 | K13: 100.45319 | M13: 92.292804 | O13: 79.056926 | Q13: =Q10*10^3/Q11/Q38 -> 90.557132 | S13: 73.909383 | U13: 70.30649 | W13: 71.940926 | Y13: 79.280513 | AA13: 74.426427 | AC13: =AC10*10^3/AC$11/AC$38 -> #DIV/0! | AE13: =AE10*10^3/AE11/AE38 -> 75.393194 | AG13: =AG10*10^3/AG$11/AG$38 -> #DIV/0! | AI13: 78.031746 | AK13: 77.388823 | AM13: 0 | AO13: =AO10*1000/AO11/AO38 -> #DIV/0! | AQ13: =AQ10*1000/AQ11/AQ38 -> #DIV/0! | AS13: =AS10*10^3/AS11/AS38 -> 73.602979 | AU13: =AU10*10^3/AU11/AU38 -> 65.161587 | AW13: =AW10*10^3/AW11/AW38 -> 59.423564 | AY13: =AY10*10^3/AY11/AY38 -> 62.319078 | BA13: =BA10*10^3/BA11/BA38 -> 60.904848 | BC13: =BC10*10^3/BC11/BC38 -> 61.962527 | BE13: =BE10*10^3/BE11/BE38 -> 54.977004 | BG13: =BG10*10^3/BG11/BG38 -> 60.454147 | BI13: 68.886283 | BJ13: =BJ10*10^3/BJ11/BJ38 -> 93.570249 | BK13: =BK10*10^3/BK11/BK38 -> 81.131822
B15: Gás | D15: Gas
B16: Receita Líquida | D16: Net Revenue | F16: R$ MM | I16: 253.58545 | K16: 261.61236 | M16: 354.07666 | O16: 363.2503 | Q16: 1232.5228 | S16: 310.67119 | U16: 226.7259 | W16: 537.3971 | Y16: 247.65054 | AA16: 785.04764 | AC16: 216.44701 | AE16: 1001.4946 | AG16: 284.88202 | AI16: 285.91845 | AK16: 570.80047 | AM16: 534.51816 | AO16: =SUM(AM16,AK16) -> 1105.3186 | AQ16: 562.43466 | AS16: 2088.604 | AU16: 301.9494 | AW16: 305.9471 | AY16: 607.8965 | BA16: 298.65837 | BC16: 906.55488 | BE16: 294.31312 | BG16: 1200.868 | BI16: 263.425 | BJ16: 279.15 | BK16: =BJ16+BI16 -> 542.575
B18: Gás Rico Produzido - Upstream
B19: Ativo Potiguar | D19: Potiguar Asset | F19: Mm3 | I19: 45129.417 | K19: 48712.666 | M19: 53826.839 | O19: 61700.288 | Q19: 209369.21 | S19: 60178.729 | U19: 62962.255 | W19: 123140.98 | Y19: 75397.26 | AA19: 198538.24 | AC19: 63562.65 | AE19: 262100.89 | AG19: 68071.981 | AI19: 72029.161 | AK19: 140101.14 | AM19: 69452.534 | AO19: 209553.68 | AQ19: 70530.374 | AS19: 280084.05 | AU19: 67948.473 | AW19: 69871.877 | AY19: 137820.35 | BA19: 67373.44 | BC19: 205193.79 | BE19: 64579.426 | BG19: 269773.22 | BI19: 67517.334 | BJ19: 68344.542 | BK19: 135861.88
B20: Ativo Bahia / Sergipe | D20: Bahia / Sergipe Asset | F20: Mm3 | I20: 56117.979 | K20: 68221.307 | M20: 78896.122 | O20: 79821.679 | Q20: 283057.09 | S20: 90413.627 | U20: 88605.756 | W20: 179019.38 | Y20: 90529.398 | AA20: 269548.78 | AC20: 94597.028 | AE20: 364145.81 | AG20: 91091.821 | AI20: 88245.941 | AK20: 179337.76 | AM20: 94496.865 | AO20: 273834.63 | AQ20: 86786.304 | AS20: 360620.93 | AU20: 88719.393 | AW20: 89668.505 | AY20: 178387.9 | BA20: 91120.747 | BC20: 269508.65 | BE20: 90506.451 | BG20: 360015.1 | BI20: 83765.655 | BJ20: 82510.577 | BK20: 166276.23
B21: Total Gás Rico Produzido | D21: Total Rich Gas Produced | F21: Mm3 | I21: 101247.4 | K21: 116933.97 | M21: 132722.96 | O21: 141521.97 | Q21: 492426.3 | S21: 150592.36 | U21: 151568.01 | W21: 302160.37 | Y21: 165926.66 | AA21: 468087.02 | AC21: 158159.68 | AE21: 626246.7 | AG21: =SUM(AG19:AG20) -> 159163.8 | AI21: 160275.1 | AK21: 319438.9 | AM21: =AM20+AM19 -> 163949.4 | AO21: =AO20+AO19 -> 483388.3 | AQ21: =AQ20+AQ19 -> 157316.68 | AS21: =AS20+AS19 -> 640704.98 | AU21: 156667.87 | AW21: 159540.38 | AY21: 316208.25 | BA21: 158494.19 | BC21: 474702.44 | BE21: 155085.88 | BG21: 629788.31 | BI21: 151282.99 | BJ21: 150855.12 | BK21: 302138.11
B23: Aproveitamento
B24: Ativo Potiguar | D24: Potiguar Asset | F24: % | I24: 0.9 | K24: 0.9 | M24: 0.91 | O24: 0.92 | Q24: 0.90846483 | S24: 0.89 | U24: 0.57 | W24: 0.7263833 | Y24: 0.76 | AA24: 0.73914964 | AC24: 0.48 | AE24: 0.67630271 | AG24: =AG28/AG19 -> 0.90644857 | AI24: 0.92096844 | AK24: 0.91391357 | AM24: =AM28/AM19 -> 0.85283138 | AO24: =AO28/AO19 -> 0.89366905 | AQ24: =AQ28/AQ19 -> 0.86882072 | AS24: =AS28/AS19 -> 0.88741178 | AU24: =AU28/AU19 -> 0.88501061 | AW24: =AW28/AW19 -> 0.92949788 | AY24: =AY28/AY19 -> 0.90756467 | BA24: =BA28/BA19 -> 0.86025802 | BC24: =BC28/BC19 -> 0.89203198 | BE24: =BE28/BE19 -> 0.9464586 | BG24: =BG28/BG19 -> 0.90506085 | BI24: 0.92007388 | BJ24: =BJ28/BJ19 -> 0.7090741 | BK24: =BK28/BK19 -> 0.81393165
B25: Ativo Bahia / Sergipe | D25: Bahia / Sergipe Asset | F25: % | I25: 0.92 | K25: 0.95 | M25: 0.96 | O25: 0.94 | Q25: 0.9440196 | S25: 0.94 | U25: 0.93 | W25: 0.93505049 | Y25: 0.96 | AA25: 0.94342992 | AC25: 0.96 | AE25: 0.94773446 | AG25: =AG29/AG20 -> 0.94702328 | AI25: 0.95185328 | AK25: 0.94939996 | AM25: =AM29/AM20 -> 0.93328342 | AO25: =AO29/AO20 -> 0.94383834 | AQ25: =AQ29/AQ20 -> 0.96113954 | AS25: =AS29/AS20 -> 0.94800201 | AU25: =AU29/AU20 -> 0.91124969 | AW25: =AW29/AW20 -> 0.93407297 | AY25: =AY29/AY20 -> 0.92272204 | BA25: =BA29/BA20 -> 0.93226261 | BC25: =BC29/BC20 -> 0.9259477 | BE25: =BE29/BE20 -> 0.92215728 | BG25: =BG29/BG20 -> 0.92499481 | BI25: 0.93637408 | BJ25: =BJ29/BJ20 -> 0.94116308 | BK25: =BK29/BK20 -> 0.9387505
B27: Gás Rico Entregue
B28: Ativo Potiguar | D28: Potiguar Asset | F28: Mm3 | I28: 40616.475 | K28: 43841.399 | M28: 48982.424 | O28: 56764.265 | Q28: 190204.56 | S28: 53559.069 | U28: 35888.485 | W28: 89447.554 | Y28: 57301.917 | AA28: 146749.47 | AC28: 30510.072 | AE28: 177259.54 | AG28: 61703.75 | AI28: 66336.584 | AK28: 128040.33 | AM28: 59231.3 | AO28: 187271.63 | AQ28: 61278.25 | AS28: 248549.88 | AU28: 60135.119 | AW28: 64945.762 | AY28: 125080.88 | BA28: 57958.542 | BC28: 183039.42 | BE28: 61121.753 | BG28: 244161.18 | BI28: 62120.936 | BJ28: 48461.344 | BK28: =BJ28+BI28 -> 110582.28
B29: Ativo Bahia / Sergipe | D29: Bahia / Sergipe Asset | F29: Mm3 | I29: 51628.54 | K29: 64810.241 | M29: 75740.277 | O29: 75032.378 | Q29: 267211.44 | S29: 84988.809 | U29: 82403.353 | W29: 167392.16 | Y29: 86908.222 | AA29: 254300.38 | AC29: 90813.147 | AE29: 345113.53 | AG29: 86266.075 | AI29: 83997.188 | AK29: 170263.26 | AM29: 88192.357 | AO29: 258455.62 | AQ29: 83413.748 | AS29: 341869.37 | AU29: 80845.52 | AW29: 83756.927 | AY29: 164602.45 | BA29: 84948.465 | BC29: 249550.91 | BE29: 83461.183 | BG29: 333012.09 | BI29: 78435.988 | BJ29: 77655.909 | BK29: =BJ29+BI29 -> 156091.9
B30: Total Gás Rico Entregue | D30: Total Rich Gas Delivered | F30: Mm3 | I30: 92245.015 | K30: 108651.64 | M30: 124722.7 | O30: 131796.64 | Q30: 457416 | S30: 138547.88 | U30: 118291.84 | W30: 256839.72 | Y30: 144210.14 | AA30: 401049.86 | AC30: 121323.22 | AE30: 522373.07 | AG30: =SUM(AG28:AG29) -> 147969.83 | AI30: 150333.77 | AK30: 298303.6 | AM30: =SUM(AM28:AM29) -> 147423.66 | AO30: =SUM(AO28:AO29) -> 445727.26 | AQ30: =AQ29+AQ28 -> 144692 | AS30: =AS29+AS28 -> 590419.25 | AU30: 140980.64 | AW30: 148702.69 | AY30: 289683.33 | BA30: 142907.01 | BC30: 432590.33 | BE30: 144582.94 | BG30: 577173.27 | BI30: 140556.92 | BJ30: 126117.25 | BK30: =BJ30+BI30 -> 266674.18
B32: Preço de Realização
B33: Preço de Realização incl. Transporte | D33: Realization Price incl. Transport | F33: R$ / m3 | I33: 2.7490423 | K33: 2.4078087 | M33: 2.8389111 | O33: 2.7561423 | Q33: 2.6945336 | S33: 2.2423382 | U33: 1.9166657 | W33: 2.0923442 | Y33: 1.7172894 | AA33: 1.9574814 | AC33: 1.7840526 | AE33: 1.9172019 | AG33: =AG16*10^3/AG30 -> 1.925271 | AI33: 1.901891 | AK33: 1.9134884 | AM33: =AM16*10^3/AM30 -> 3.6257285 | AO33: =AO16*10^3/AO30 -> 2.4798094 | AQ33: =AQ16*10^3/AQ30 -> 3.8871165 | AS33: =AS16*10^3/AS30 -> 3.537493 | AU33: =AU16*10^3/AU30 -> 2.1417792 | AW33: =AW16*10^3/AW30 -> 2.0574416 | AY33: =AY16*10^3/AY30 -> 2.0984863 | BA33: =BA16*10^3/BA30 -> 2.0898791 | BC33: =BC16*10^3/BC30 -> 2.0956429 | BE33: =BE16*10^3/BE30 -> 2.0356007 | BG33: =BG16*10^3/BG30 -> 2.0806022 | BI33: 1.8741517 | BJ33: =BJ16*10^3/BJ30 -> 2.2134164 | BK33: =BK16*10^3/BK30 -> 2.0345989
B34: Preço de Realização incl. Transporte | D34: Realization Price incl. Transport | F34: US$ / MMBTU | I34: 14.091128 | K34: 13.11967 | M34: 14.499541 | O34: 14.059341 | Q34: 13.988251 | S34: 11.571603 | U34: 10.378599 | W34: 11.058241 | Y34: 9.4335348 | AA34: 10.477835 | AC34: 9.6556424 | AE34: 10.290505 | AG34: =AG33/AG38*$F$40 -> #DIV/0! | AI34: 9.7729919 | AK34: 10.095114 | AM34: =AM33/AM38*$F$40 -> #DIV/0! | AO34: =AO33/AO38*$F$40 -> #DIV/0! | AQ34: =AQ33/AQ38*$F$40 -> #DIV/0! | AS34: =AS33/AS38*$F$40 -> 17.596005 | AU34: =AU33/AU38*$F$40 -> 9.8112671 | AW34: =AW33/AW38*$F$40 -> 9.7344706 | AY34: =AY33/AY38*$F$40 -> 9.7682567 | BA34: =BA33/BA38*$F$40 -> 10.282124 | BC34: =BC33/BC38*$F$40 -> 9.9430743 | BE34: =BE33/BE38*$F$40 -> 10.114113 | BG34: =BG33/BG38*$F$40 -> 9.9853097 | BI34: 9.5534484 | BJ34: =BJ33/BJ38*$F$40 -> 11.751352 | BK34: =BK33/BK38*$F$40 -> 10.582275
B37: Premissas
B38: Taxa dólar médio | D38: Average dollar rate | F38: R$ / US$ | I38: 0 | K38: 0 | M38: 0 | O38: 0 | Q38: 5.164 | S38: 0 | U38: 0 | W38: 0 | Y38: 0 | AA38: 0 | AC38: 0 | AE38: 4.9945595 | AG38: 0 | AI38: 0 | AK38: 0 | AM38: 0 | AO38: 0 | AQ38: 0 | AS38: 5.3894884 | AU38: 5.8521525 | AW38: 5.6660607 | AY38: 5.7591066 | BA38: 5.4488439 | BC38: 5.6501846 | BE38: 5.3954891 | BG38: 5.5859051 | BI38: 5.2590902 | BJ38: 5.049418 | BK38: 5.1542541
B39: Brent médio | D39: Average Brent Oil | F39: US$ / bbl | I39: 5.23 | K39: 4.92 | M39: 5.248843 | O39: 5.2553629 | Q39: 101.19 | S39: 5.1948571 | U39: 4.9507803 | W39: 5.0723954 | Y39: 4.8801713 | AA39: 5.0083207 | AC39: 4.953276 | AE39: 82.617557 | AG39: 4.9456968 | AI39: 5.2170394 | AK39: 5.0813681 | AM39: 5.55 | AO39: 5.24 | AQ39: 5.8425317 | AS39: 80.76 | AU39: 75.728175 | AW39: 67.884016 | AY39: 71.869355 | BA39: 69.126692 | BC39: 70.926111 | BE39: 63.726641 | BG39: 69.104901 | BI39: 81.131349 | BJ39: 103.84861 | BK39: 92.306774
B40: Conversão m3 para MMBTU* | D40: Conversion m3 to MMBTU* | F40: 26.8081
B42: * Conversão pode variar conforme poder calorifico do gás natural | Conversion may vary from natural gas calorific value

Sheet Lifting Cost
C3: Lifting Cost Consolidado | Consolidated Lifting Cost
B6: USD/boe | C6: USD/boe | F6: 2018 | G6: 2019 | H6: 2020 | I6: 2021 | J6: 2022 | K6: 1T22 | L6: 2T22 | M6: 3T22 | N6: 4T22 | O6: 1T23 | P6: 2T23 | Q6: 3T23 | R6: 9M23 | S6: 4T23 | T6: 2023 | U6: 1T24 | V6: 2T24 | W6: 1H24 | X6: 3T24 | Y6: 9M24 | Z6: 4T24 | AA6: 2024 | AB6: 1T25 | AC6: 4T25 | AD6: 2025 | AE6: 1T26 | AF6: 2T26
B8: Consolidado | C8: Consolidated | F8: 20.057793 | G8: 21.111259 | H8: 10.504081 | I8: 12.86 | J8: 12.438034 | K8: 12.25 | L8: 13.880585 | M8: 11.55 | N8: 12.22 | O8: 12.92 | P8: 13.54 | Q8: 12.148317 | R8: 12.682949 | S8: 14.283155 | T8: 13.07 | U8: 13.331692 | V8: 12.624077 | W8: 12.968905 | X8: 13.77 | Y8: 13.252777 | Z8: 14.519862 | AA8: 13.598 | AB8: 13.931339 | AC8: 14.320628 | AD8: 14.417539 | AE8: 15.819118 | AF8: 16.803221
B10: Ativo Bahia | C10: Bahia Asset | F10: 20.057793 | G10: 21.719319 | H10: 14.4 | I10: 20.18 | J10: 16.74 | K10: 16.54 | L10: 17.319985 | M10: 16.462716 | N10: 16.66 | O10: 17.25 | P10: 16.97 | Q10: 16.096643 | R10: 16.406695 | S10: 15.899267 | T10: 16.274259 | U10: 15.12 | V10: 15.292538 | W10: 15.293634 | X10: 16.087032 | Y10: 15.616693 | Z10: 14.519862 | AA10: 16.47 | AB10: 15.553649 | AC10: 17.576888 | AD10: 17.626606 | AE10: 19.80559 | AF10: 21.685205
B12: Ativo Potiguar | C12: Potiguar Asset | F12: 0 | G12: 15.296372 | H12: 8.19 | I12: 9.41 | J12: 9.08 | K12: 9.07 | L12: 11.139251 | M12: 7.4938822 | N12: 8.86 | O12: 9.12 | P12: 10.44 | Q12: 8.882025 | R12: 9.4533607 | S12: 12.680106 | T12: 10.206073 | U12: 11.61 | V12: 10.2821 | W12: 10.929201 | X12: 11.500079 | Y12: 11.115649 | Z12: 18.827189 | AA12: 10.94 | AB12: 12.242518 | AC12: 11.010761 | AD12: 11.132258 | AE12: 11.939066 | AF12: 12.051072

Sheet Referências de Preço Petróleo
F2: Referências de Preço de Petróleo | Oil Price Reference
B5: Preço Futuro Future Price | D5: No link abaixo você pode buscar curva de contratos futuros de Petróleo. A Companhia usa a opção "B- Brent Crude Future"
D6: In the link below you can look for curve of oil futures contracts. The Company uses the option "B- Brent Crude Future"
D7: https://www.theice.com/marketdata/reports/10
D9: Abaixo Referência de Preços em 31/Dezembro/2025, base do Relatório de Certificação de Reservas
D10: Below Price Reference on December 31, 2025, basis of the Reserves Certification Report
D12: Futures Daily Market Report for ICE Brent Futures - 31-Dec-2025
D103: NOTE: The information contained in this report is compiled for the convenience of subscribers and is furnished without responsibility for accuracy and is accepted by the subscriber on the condition that errors or omissions shall not be made the basis for any claim, demand or cause of action. NOTE: OI information is not available until the next business day. NOTE: Volume is aggregated and representative of each Futures market strip including applicable TAS and Minute Marker(s) trading activity. NOTE: Spread Volume includes futures/options combinations, spreads, and defined strategies.
D104: # Open and Close prices reflect the first and last trade in the market and do not correlate to any opening or closing periods.
B109: Preço Histórico Historical Price | D109: No link abaixo você pode buscar preços históricos do Brent .
D110: At the link below you can search for historical Brent prices.
D111: https://www.eia.gov/dnav/pet/hist/LeafHandler.ashx?n=PET&s=RBRTE&f=M
D114: Europe Brent Spot Price FOB (Dollars per Barrel)
D116: Year | E116: Jan | F116: Feb | G116: Mar | H116: Apr | I116: May | J116: Jun | K116: Jul | L116: Aug | M116: Sep | N116: Oct | O116: Nov | P116: Dec
D117: 1987 | I117: 18.58 | J117: 18.86 | K117: 19.86 | L117: 18.98 | M117: 18.31 | N117: 18.76 | O117: 17.78 | P117: 17.05
D118: 1988 | E118: 16.75 | F118: 15.73 | G118: 14.73 | H118: 16.60 | I118: 16.31 | J118: 15.54 | K118: 14.91 | L118: 14.89 | M118: 13.18 | N118: 12.41 | O118: 13.02 | P118: 15.31
D119: 1989 | E119: 17.17 | F119: 16.89 | G119: 18.70 | H119: 20.32 | I119: 18.63 | J119: 17.67 | K119: 17.62 | L119: 16.77 | M119: 17.77 | N119: 18.91 | O119: 18.73 | P119: 19.84
D121: 1990 | E121: 21.25 | F121: 19.81 | G121: 18.39 | H121: 16.61 | I121: 16.35 | J121: 15.10 | K121: 17.17 | L121: 27.17 | M121: 34.90 | N121: 36.02 | O121: 33.07 | P121: 28.27
D122: 1991 | E122: 23.57 | F122: 19.54 | G122: 19.08 | H122: 19.18 | I122: 19.19 | J122: 18.17 | K122: 19.40 | L122: 19.77 | M122: 20.50 | N122: 22.21 | O122: 21.11 | P122: 18.41
D123: 1992 | E123: 18.16 | F123: 18.05 | G123: 17.63 | H123: 18.92 | I123: 19.89 | J123: 21.16 | K123: 20.24 | L123: 19.74 | M123: 20.27 | N123: 20.26 | O123: 19.21 | P123: 18.14
D124: 1993 | E124: 17.39 | F124: 18.47 | G124: 18.79 | H124: 18.67 | I124: 18.51 | J124: 17.65 | K124: 16.78 | L124: 16.70 | M124: 16.01 | N124: 16.61 | O124: 15.20 | P124: 13.73
D125: 1994 | E125: 14.29 | F125: 13.80 | G125: 13.82 | H125: 15.23 | I125: 16.19 | J125: 16.76 | K125: 17.60 | L125: 16.89 | M125: 15.90 | N125: 16.49 | O125: 17.19 | P125: 15.93
D127: 1995 | E127: 16.55 | F127: 17.11 | G127: 17.01 | H127: 18.65 | I127: 18.35 | J127: 17.31 | K127: 15.85 | L127: 16.10 | M127: 16.70 | N127: 16.11 | O127: 16.86 | P127: 17.93
D128: 1996 | E128: 17.85 | F128: 18.00 | G128: 19.85 | H128: 20.90 | I128: 19.15 | J128: 18.46 | K128: 19.57 | L128: 20.51 | M128: 22.63 | N128: 24.16 | O128: 22.76 | P128: 23.78
D129: 1997 | E129: 23.54 | F129: 20.85 | G129: 19.13 | H129: 17.56 | I129: 19.02 | J129: 17.58 | K129: 18.46 | L129: 18.60 | M129: 18.46 | N129: 19.87 | O129: 19.17 | P129: 17.18
D130: 1998 | E130: 15.19 | F130: 14.07 | G130: 13.10 | H130: 13.53 | I130: 14.36 | J130: 12.21 | K130: 12.08 | L130: 11.91 | M130: 13.34 | N130: 12.70 | O130: 11.04 | P130: 9.82
D131: 1999 | E131: 11.11 | F131: 10.27 | G131: 12.51 | H131: 15.29 | I131: 15.23 | J131: 15.86 | K131: 19.08 | L131: 20.22 | M131: 22.54 | N131: 22.00 | O131: 24.58 | P131: 25.47
... D161: 2024 | E161: 80.12 | F161: 83.48 | G161: 85.41 | H161: 89.94 | I161: 81.75 | J161: 82.25 | K161: 85.15 | L161: 80.36 | M161: 74.02 | N161: 75.63 | O161: 74.35 | P161: 73.86
D162: 2025 | E162: 79.27 | F162: 75.44 | G162: 72.73 | H162: 68.13 | I162: 64.45 | J162: 71.44 | K162: 71.04 | L162: 67.87 | M162: 67.99 | N162: 64.54 | O162: 63.8 | P162: 62.54
D163: 2026 | E163: 66.6 | F163: 71.05 | G163: 103.13 | H163: 117.29 | I163: 107.14 | J163: 85.4

Sheet Impostos
E2: Impostos e Benefícios | Taxes & Benefits
C5: Impostos sobre Receita | E5: Produto | G5: Product | I5: Ativo Bahia / Sergipe BA / SE Asset | K5: Ativo Potiguar Potiguar Asset | M5: Comentários | O5: Comments
C7: Pis / Cofins | E7: Óleo | G7: Oil | I7: 0.0925 | K7: 0.0925 | M7: Com exclusão do ICMS na Base de Cálculo do Pis/ Cofins | O7: Excluding ICMS in the Pis/Cofins Calculation Base
E9: Gás Rico | G9: Rich Gas | I9: 0.0925 | K9: 0.0925 | M9: Com exclusão do ICMS na Base de Cálculo do Pis/ Cofins | O9: Excluding ICMS in the Pis/Cofins Calculation Base
E11: Gás Natural Seco | G11: Dry Natural Gas | I11: 0.0925 | K11: 0.0925
E13: Gás Natural C3+ | G13: Natural Gas C3+ | I13: 0.0925 | K13: N/A
E15: Gás Natural de Combustivel | G15: Combustible Natural Gas | I15: 0.0925 | K15: 0.0925 | M15: Com exclusão do ICMS na Base de Cálculo do Pis/ Cofins | O15: Excluding ICMS in the Pis/Cofins Calculation Base
E17: Gás Natural C5+ | G17: Natural Gas C5+ | I17: N/A | K17: R$ 792,50 por M³ | M17: Pis e Cofins Monofásico R$ 792,50/M³ (ad rem) | O17: Pis and Cofins Monophasic R$ 792,50/M³ (ad rem)
E19: Gás Liquefeito de Petróleo – GLP (P13) | G19: Liquefied Petroleum Gas - LPG (P13) | I19: N/A | K19: 0 | M19: Pis e Cofins Monofásico 0% | O19: Pis and Cofins Monophasic 0%
E20: Gás Liquefeito de Petróleo – GLP | G20: Liquefied Petroleum Gas - LPG | I20: N/A | K20: R$ 167,70 por Ton | M20: Pis e Cofins Monofásico R$ 167,70/Ton (ad rem) | O20: Pis and Cofins Monophasic R$ 167,70/Ton (ad rem)
C23: ICMS | E23: Óleo | G23: Oil | I23: 0 | K23: 0 | M23: ICMS Diferido na BA e RN / SE venda interestadual | O23: ICMS Deferred in BA and RN / interstate sell from SE
E25: Gás Rico | G25: Rich Gas | I25: 12% / 19% | K25: 0.2 | M25: 12% Bahia e SE venda interestadual, 19% SE | Potiguar: Potigás 0% / Interestadual 12% / Venda RN 20% | O25: 12% Bahia ou SE Interstate Sale, 19% SE | Potiguar: Potigás 0% / Interstate 12% / Sale RN 20%
E27: Gás Natural Seco | G27: Dry Natural Gas | I27: 12% / 19% | K27: 0% / 12% / 20%
E29: Gás Natural C3+ | G29: Natural Gas C3+ | I29: 0.205 | K29: N/A
E31: Gás Natural C5+ | G31: Natural Gas C5+ | I31: N/A | K31: 0.2
E33: Gás Natural de Combustivel | G33: Combustible Natural Gas | I33: 12% / 19% | K33: 0.2 | M33: 12% Bahia e SE venda interestadual, 19% SE | O33: 12% Bahia ou SE Interstate Sale, 19% SE
E35: Gás Liquefeito de Petróleo – GLP e GLP (P13) | G35: Liquefied Petroleum Gas - LPG and LPG (P13) | I35: N/A | K35: R$ 1,47 por Kg | M35: ICMS Monofásico (ad rem) | O35: ICMS Monophasic (ad rem)
E38: Os impostos sobre a receita são “grossapados” e as alíquotas podem variar de acordo com o Estado onde os produtos são comercializados| Revenue taxes are gross up and rates may vary depending on the State where the products are marketed.
E39: As alíquotas médias refletidas nos resultados trimestrais da Companhia poderão variar de acordo com os volumes de produção destinados para cada contrato da Companhia. | The average rates reflected in the Company's quarterly results may vary according to the production
E40: volumes allocated to each company's contract.
C43: Benefício Fiscal | E43: Subsidiária | G43: Prazo
C45: SUDENE | E45: PetroReconcavo S.A. | G45: até o exercício de 2032
E46: SPE TIETA (Tiê) | G46: até o exercício de 2032
E47: SPE TIETA (Tartaruga) | G47: até o exercício de 2032

Sheet QDC  Gás 
E2: Contratos Firmes Gás Seco | Dry Gas Firm Contracts
F6: 2025 | H6: 2026 | J6: 2027 | L6: 2028 | N6: 2029-33 | Q6: Fórmula de Preço
B7: Bahiagás | F7: 1100 | H7: 1000 | J7: 0 | L7: 0 | N7: 0 | Q7: Preço fixo + % variável brent
B8: Potigás | F8: 80 | H8: 6 | J8: 0 | L8: 0 | N8: 0 | Q8: Percentual de Brent / Piso e teto fixados / reajustados anualmente por CPI
B9: Pbgás | F9: 0 | H9: 0 | J9: 0 | L9: 0 | N9: 0 | Q9: Preço Fixo reajustado por CPI
B10: Cegás | F10: 0 | H10: 0 | J10: 0 | L10: 0 | N10: 0 | Q10: Percentual de Brent
B11: TAG | F11: 0 | H11: 80 | J11: 0 | L11: 0 | N11: 0 | Q11: Preço Fixo reajustado por CPI
B12: Unigel | F12: 0 | H12: 0 | J12: 0 | L12: 0 | N12: 0 | Q12: Percentual de Brent
B13: Sergas | F13: 50 | H13: 44 | J13: 71 | L13: 71 | N13: 71 | Q13: Percentual de Brent / Piso e teto fixados / reajustados anualmente por CPI
B14: Copergás | F14: 250 | H14: 215 | J14: 215 | L14: 215 | N14: 215 | Q14: Percentual de Brent / Piso e teto fixados / reajustados anualmente por CPI
B16: Total | F16: =SUM(F7:F14) -> 1480 | H16: =SUM(H7:H14) -> 1345 | J16: =SUM(J7:J14) -> 286 | L16: =SUM(L7:L14) -> 286 | N16: =SUM(N7:N14) -> 286

Sheet Tabela de Conversão
G2: Tabela de Conversão | Conversion Table
D8: De MMBTU p/ m³: multiplica por | H8: 26.8081
D10: De Mm³ p/ MMBTU divide por | H10: 37.302159
D12: De m³ p/ BOE (Óleo) : multiplica por | H12: 6.2897
D14: De Mm³ p/ BOE (Gás): multiplica por | H14: 6.2897
D16: De MMCF p/ MBOE: divide por | H16: 5.615

Sheet Hedge
E2: Histórico de Hedge | Hedge History
F5: NDF old contracts | G5: Volume | H5: Preço | Price | L5: ZCC old Contracts | M5: Volume | N5: Preço | Price (US$ / bbl)
G6: Mbbl | H6: (US$/ bbl) | M6: Mbbl | N6: Put | O6: Call
F7: 1Q21 | G7: 512 | H7: 59.29 | L7: 2Q24 | M7: 135 | N7: 65 | O7: 87.4
F8: 2Q21 | G8: 453.34 | H8: 58.87 | L8: 3Q24 | M8: 135 | N8: 65 | O8: 86.22
F9: 3Q21 | G9: 527.86 | H9: 58.52 | L9: 4Q24 | M9: 405 | N9: 65 | O9: 85.02
F10: 4Q21 | G10: 557.24 | H10: 57.819464 | L10: 1Q25 | M10: 371 | N10: 65 | O10: 90.98
F11: 1Q22 | G11: 510.52 | H11: 56.606277
F12: 2Q22 | G12: 482.68 | H12: 55.561621 | L12: ZCC new contracts | M12: Volume | N12: Preço | Price (US$ / bbl)
F13: 3Q22 | G13: 484.728 | H13: 53.636475 | M13: Mbbl | N13: Put | O13: Call
F14: 4Q22 | G14: 519.489 | H14: 53.773841 | L14: 2Q25 | M14: 362 | N14: 65 | O14: 87.5
F15: 1Q23 | G15: 434.35 | H15: 51.168771 | L15: 3Q25 | M15: 364 | N15: 65 | O15: 87.5
F16: 2Q23 | G16: 462 | H16: 51.803734 | L16: 4Q25 | M16: 368 | N16: 60 | O16: 69.75
F17: 3Q23 | G17: 453 | H17: 51.904901 | L17: 1Q26 | M17: 360 | N17: 60 | O17: 69.75
F18: 4Q23 | G18: 446.75 | H18: 55.770638 | L18: 2Q26 | M18: 364 | N18: 60 | O18: 69.75
F19: 1Q24 | G19: 444.75 | H19: 56.034845 | L19: 3Q26 | M19: 184 | N19: 60 | O19: 69.75
F20: 2Q24 | G20: 236 | H20: 60.129703 | L20: 4Q26 | M20: 184 | N20: 60 | O20: 69.75
F21: 3Q24 | G21: 260 | H21: 59.716942
F22: 4Q24 | G22: 71.5 | H22: 59.433846
F24: NDF new contracts | G24: Volume | H24: Preço | Price
F25: 4Q25 | G25: 183 | H25: 65.195082
F26: 1Q26 | G26: 478 | H26: 64.988421
F27: 2T26 | G27: 546 | H27: 64.53522
F28: 3T26 | G28: 733 | H28: 62.957578
F29: 4T26 | G29: 733 | H29: 62.812729
F30: 1T27 | G30: 540 | H30: 63.016037
F31: 2T27 | G31: 546 | H31: 63.192564
F32: 3T27 | G32: 552 | H32: 63.077301
F33: 4T27 | G33: 552 | H33: 63.265054
F34: 1T28 | G34: 273 | H34: 64.09326
F35: 2T28 | G35: 273 | H35: 64.31326
F36: Total | G36: =SUM(G27:G35) -> 4748 | H36: =SUMPRODUCT(G27:G35,H27:H35)/SUM(G27:G35) -> 63.343223

Sheet Produção WI
D2: Produção de Titularidade da Companhia | Working Interest Production
C5: Em boe por dia | In boe per day | E5: Jan | F5: Fev | G5: Mar | H5: Abr | I5: Mai | J5: Jun | K5: Jul | L5: Ago | M5: Set | N5: Out | O5: Nov | P5: Dez | Q5: =AD5-1 -> 2017 | R5: Jan | S5: Fev | T5: Mar | U5: Abr | V5: Mai | W5: Jun | X5: Jul | Y5: Ago | Z5: Set | AA5: Out | AB5: Nov | AC5: Dez | AD5: =AQ5-1 -> 2018 | AE5: Jan | AF5: Fev | AG5: Mar | AH5: Abr | AI5: Mai | AJ5: Jun | AK5: Jul | AL5: Ago | AM5: Set | AN5: Out | AO5: Nov | AP5: Dez | AQ5: =BD5-1 -> 2019 | AR5: Jan | AS5: Fev | AT5: Mar | AU5: Abr | AV5: Mai | AW5: Jun | AX5: Jul | AY5: Ago | AZ5: Set | BA5: Out | BB5: Nov | BC5: Dez | BD5: =BQ5-1 -> 2020 | BE5: Jan | BF5: Fev | BG5: Mar | BH5: Abr | BI5: Mai | BJ5: Jun | BK5: Jul | BL5: Ago | BM5: Set | BN5: Out | BO5: Nov | BP5: Dez | BQ5: 2021 | BS5: Jan'22 | BT5: Fev'22 | BU5: Mar'22 | BV5: Abr'22 | BW5: Mai'22 | BX5: Jun'22 | BY5: Jul'22 | BZ5: Ago'22 | CA5: Set'22 | CB5: Out'22 | CC5: Nov'22 | CD5: Dez'22 | CE5: 2022 | CG5: Jan'23 | CH5: Fev'23 | CI5: Mar'23 | CJ5: Abr'23 | CK5: Mai'23 | CL5: Jun'23 | CM5: Jul'23 | CN5: Ago'23 | CO5: Set'23 | CP5: Out'23 | CQ5: Nov'23 | CR5: Dez'23 | CS5: 2023 | CU5: Jan'24 | CV5: Fev'24 | CW5: Mar'24 | CX5: Abr'24 | CY5: Mai'24 | CZ5: Jun'24 | DA5: Jul'24 | DB5: Ago-24 | DC5: Set-24 | DD5: Oct-24 | DE5: Nov'24 | DF5: Dez'24 | DG5: 2024 | DI5: Jan'25 | DJ5: Fev'25 | DK5: Mar'25 | DL5: Abr'25 | DM5: Mai'25 | DN5: Jun'25 | DO5: Jul'25 | DP5: Ago'25 | DQ5: Set'25 | DR5: Out'25 | DS5: Nov'25 | DT5: Dez'25 | DU5: 2025 | DV5: Jan'26 | DW5: Fev'26 | DX5: Mar'26 | DY5: Abr'26 | DZ5: Mai'26 | EA5: Jun'26 | EB5: Jul'26 | EC5: Ago'26
E6: 31 | F6: 28 | G6: 31 | H6: 30 | I6: 31 | J6: 30 | K6: 31 | L6: 31 | M6: 30 | N6: 31 | O6: 30 | P6: 31 | R6: 31 | S6: 28 | T6: 31 | U6: 30 | V6: 31 | W6: 30 | X6: 31 | Y6: 31 | Z6: 30 | AA6: 31 | AB6: 30 | AC6: 31 | AE6: 31 | AF6: 28 | AG6: 31 | AH6: 30 | AI6: 31 | AJ6: 30 | AK6: 31 | AL6: 31 | AM6: 30 | AN6: 31 | AO6: 30 | AP6: 31 | AR6: 31 | AS6: 29 | AT6: 31 | AU6: 30 | AV6: 31 | AW6: 30 | AX6: 31 | AY6: 31 | AZ6: 30 | BA6: 31 | BB6: 30 | BC6: 31 | BE6: 31 | BF6: 28 | BG6: 31 | BH6: 30 | BI6: 31 | BJ6: 30 | BK6: 31 | BL6: 31 | BM6: 30 | BN6: 31 | BO6: 30 | BP6: 31 | BS6: 31 | BT6: 28 | BU6: 31 | BV6: 30 | BW6: 31 | BX6: 30 | BY6: 31 | BZ6: 31 | CA6: 30 | CB6: 31 | CC6: 30 | CD6: 31 | CG6: 31 | CH6: 28 | CI6: 31 | CJ6: 30 | CK6: 31 | CL6: 30 | CM6: 31 | CN6: 31 | CO6: 30 | CP6: 31 | CQ6: 30 | CR6: 31 | CU6: 31 | CV6: 28 | CW6: 31 | CX6: 31 | CY6: 31 | CZ6: 30 | DA6: 31 | DE6: 30 | DK6: 31 | DL6: 31
C8: Petróleo | Oil | E8: 0 | F8: 0 | G8: 0 | H8: 0 | I8: 0 | J8: 0 | K8: 0 | L8: 0 | M8: 0 | N8: 0 | O8: 0 | P8: 0 | Q8: =SUMPRODUCT(E$6:P$6,E8:P8)/SUM(E$6:P$6) -> 0 | R8: 0 | S8: 0 | T8: 0 | U8: 0 | V8: 0 | W8: 0 | X8: 0 | Y8: 0 | Z8: 0 | AA8: 0 | AB8: 0 | AC8: 0 | AD8: =SUMPRODUCT(R$6:AC$6,R8:AC8)/SUM(R$6:AC$6) -> 0 | AE8: 0 | AF8: 0 | AG8: 0 | AH8: 0 | AI8: 0 | AJ8: 0 | AK8: 0 | AL8: 0 | AM8: 0 | AN8: 0 | AO8: 0 | AP8: 0 | AQ8: =SUMPRODUCT(AE$6:AP$6,AE8:AP8)/SUM(AE$6:AP$6) -> 0 | AR8: 5519.74 | AS8: 5829.1 | AT8: 5958.93 | AU8: 5966.27 | AV8: 5603.19 | AW8: 5636.79 | AX8: 5851.15 | AY8: 5836.78 | AZ8: 5956.16 | BA8: 6036.69 | BB8: 6036.69 | BC8: 6537.67 | BD8: =SUMPRODUCT(AR$6:BC$6,AR8:BC8)/SUM(AR$6:BC$6) -> 5897.7865 | BE8: 6309.46 | BF8: 6358.56 | BG8: 6309.78 | BH8: 6222.66 | BI8: 6647.14 | BJ8: 6869.44 | BK8: 6595.16 | BL8: 6545.2 | BM8: 6761.16 | BN8: 6532.19 | BO8: 6370.86 | BP8: 7153.37 | BQ8: =SUMPRODUCT(BE$6:BP$6,BE8:BP8)/SUM(BE$6:BP$6) -> 6557.8756 | BS8: 7777.27 | BT8: 8288.2185 | BU8: 8072.6882 | BV8: 8065.2362 | BW8: 7722.7349 | BX8: 8388.4279 | BY8: 8641.1053 | BZ8: 8369.7683 | CA8: 8176.6505 | CB8: 8842.3394 | CC8: 9048.2364 | CD8: 8852.7321 | CE8: =SUMPRODUCT(BS$6:CD$6,BS8:CD8)/SUM(BS$6:CD$6) -> 8353.6012 | CG8: 8806.771 | CH8: 8805.5084 | CI8: 8759.0564 | CJ8: 8959 | CK8: 9125.4767 | CL8: 9952.5407 | CM8: 10770.973 | CN8: 10055.698 | CO8: 9592.9439 | CP8: 9798.5517 | CQ8: 9122.1819 | CR8: 6306.3094 | CS8: =SUMPRODUCT(CG$6:CR$6,CG8:CR8)/SUM(CG$6:CR$6) -> 9171.6772 | CU8: 9775.7531 | CV8: 9239.4258 | CW8: 9023.7531 | CX8: 9144.3307 | CY8: 8991.2416 | CZ8: 8906.2786 | DA8: 8623.9766 | DB8: 8475.5595 | DC8: 8642.3745 | DD8: 8711.3722 | DE8: 8408.5936 | DF8: 8393.9104 | DG8: 8860.2547 | DH8: 0 | DI8: 8504.6595 | DJ8: 8546.1485 | DK8: 8734.5255 | DL8: 9129.2249 | DM8: 8827.6527 | DN8: 8699.5748 | DO8: 8466.0405 | DP8: 8229.0565 | DQ8: 8275.0491 | DR8: 7995.0143 | DS8: 8050.5552 | DT8: 7898.7401 | DU8: 8444.5223 | DV8: 7702 | DW8: 7484.4556 | DX8: 7714.8662 | DY8: 7453.67 | DZ8: 7662.1846 | EA8: 7771.4744 | EB8: 7626.6876 | EC8: 7567.9219
C9: Gás | Gas | E9: 0 | F9: 0 | G9: 0 | H9: 0 | I9: 0 | J9: 0 | K9: 0 | L9: 0 | M9: 0 | N9: 0 | O9: 0 | P9: 0 | Q9: =SUMPRODUCT(E$6:P$6,E9:P9)/SUM(E$6:P$6) -> 0 | R9: 0 | S9: 0 | T9: 0 | U9: 0 | V9: 0 | W9: 0 | X9: 0 | Y9: 0 | Z9: 0 | AA9: 0 | AB9: 0 | AC9: 0 | AD9: =SUMPRODUCT(R$6:AC$6,R9:AC9)/SUM(R$6:AC$6) -> 0 | AE9: 0 | AF9: 0 | AG9: 0 | AH9: 0 | AI9: 0 | AJ9: 0 | AK9: 0 | AL9: 0 | AM9: 0 | AN9: 0 | AO9: 0 | AP9: 0 | AQ9: =SUMPRODUCT(AE$6:AP$6,AE9:AP9)/SUM(AE$6:AP$6) -> 0 | AR9: 1373.47 | AS9: 933.94 | AT9: 926.16 | AU9: 1030.25 | AV9: 978.86 | AW9: 895.36 | AX9: 1019.35 | AY9: 1182.23 | AZ9: 1217.26 | BA9: 1137.46 | BB9: 1220.46 | BC9: 1329.1 | BD9: =SUMPRODUCT(AR$6:BC$6,AR9:BC9)/SUM(AR$6:BC$6) -> 1104.7259 | BE9: 1459.44 | BF9: 1470.67 | BG9: 1556.69 | BH9: 1640.72 | BI9: 1755.7 | BJ9: 1956.46 | BK9: 1952.86 | BL9: 2062.82 | BM9: 2083.59 | BN9: 1893.97 | BO9: 2164.69 | BP9: 2396 | BQ9: =SUMPRODUCT(BE$6:BP$6,BE9:BP9)/SUM(BE$6:BP$6) -> 1868.3409 | BS9: 2895.29 | BT9: 3284.2707 | BU9: 3294.7854 | BV9: 3248.8684 | BW9: 3342.8688 | BX9: 3509.8202 | BY9: 3439.8227 | BZ9: 3646.6207 | CA9: 3962.5541 | CB9: 4052.3906 | CC9: 4206.3502 | CD9: 4395.601 | CE9: =SUMPRODUCT(BS$6:CD$6,BS9:CD9)/SUM(BS$6:CD$6) -> 3607.8798 | CG9: 4226.0904 | CH9: 4047.0748 | CI9: 4328.4242 | CJ9: 4230.7314 | CK9: 4197.3778 | CL9: 4632.5009 | CM9: 4993.8607 | CN9: 5583.2945 | CO9: 4877.8111 | CP9: 4794.674 | CQ9: 4660.8162 | CR9: 3591.3749 | CS9: =SUMPRODUCT(CG$6:CR$6,CG9:CR9)/SUM(CG$6:CR$6) -> 4516.5531 | CU9: 4662.9841 | CV9: 4683.2036 | CW9: 4767.3895 | CX9: 5141.1273 | CY9: 5146.6115 | CZ9: 4642.1768 | DA9: 4619.2851 | DB9: 4730.2944 | DC9: 4900.0276 | DD9: 5008.1159 | DE9: 4838.4124 | DF9: 4619.779 | DG9: 4813.2609 | DH9: 0 | DI9: 4748.6879 | DJ9: 4771.8162 | DK9: 4727.6605 | DL9: 4877.0598 | DM9: 4772.9126 | DN9: 4840.1087 | DO9: 4635.9871 | DP9: 4603.0449 | DQ9: 4578.362 | DR9: 4541.5313 | DS9: 4403.7695 | DT9: 4299.5708 | DU9: 4648.7701 | DV9: 4427 | DW9: 4744.6527 | DX9: 4986.5803 | DY9: 4881.3962 | DZ9: 4720.0617 | EA9: 4570.1673 | EB9: 4323.5461 | EC9: 4207.4041
C10: Potiguar | E10: =SUM(E8:E9) -> 0 | F10: =SUM(F8:F9) -> 0 | G10: =SUM(G8:G9) -> 0 | H10: =SUM(H8:H9) -> 0 | I10: =SUM(I8:I9) -> 0 | J10: =SUM(J8:J9) -> 0 | K10: =SUM(K8:K9) -> 0 | L10: =SUM(L8:L9) -> 0 | ... BQ10: =SUM(BQ8:BQ9) -> 8426.2165 | BS10: =SUM(BS8:BS9) -> 10672.56 | BT10: =SUM(BT8:BT9) -> 11572.489 | BU10: =SUM(BU8:BU9) -> 11367.474 | BV10: 11314.105 | BW10: =SUM(BW8:BW9) -> 11065.604 | BX10: =SUM(BX8:BX9) -> 11898.248 | BY10: =SUM(BY8:BY9) -> 12080.928 | BZ10: =SUM(BZ8:BZ9) -> 12016.389 | CA10: =SUM(CA8:CA9) -> 12139.205 | CB10: 12894.73 | CC10: =SUM(CC8:CC9) -> 13254.587 | CD10: =SUM(CD8:CD9) -> 13248.333 | CE10: =SUM(CE8:CE9) -> 11961.481 | CG10: =SUM(CG8:CG9) -> 13032.861 | CH10: =SUM(CH8:CH9) -> 12852.583 | CI10: =SUM(CI8:CI9) -> 13087.481 | CJ10: =SUM(CJ8:CJ9) -> 13189.731 | CK10: =SUM(CK8:CK9) -> 13322.854 | CL10: =SUM(CL8:CL9) -> 14585.042 | CM10: =SUM(CM8:CM9) -> 15764.834 | CN10: =SUM(CN8:CN9) -> 15638.993 | ... CS10: =SUM(CS8:CS9) -> 13688.23 | CU10: =SUM(CU8:CU9) -> 14438.737 | CV10: =SUM(CV8:CV9) -> 13922.629 | CW10: =SUM(CW8:CW9) -> 13791.143 | CX10: =SUM(CX8:CX9) -> 14285.458 | CY10: =SUM(CY8:CY9) -> 14137.853 | CZ10: =SUM(CZ8:CZ9) -> 13548.455 | DA10: =SUM(DA8:DA9) -> 13243.262 | DB10: =SUM(DB8:DB9) -> 13205.854 | ... DE10: =SUM(DE8:DE9) -> 13247.006 | DF10: 13013.689 | DG10: 13673.516 | DH10: 0 | DI10: 13253.347 | DJ10: 13317.965 | DK10: =SUM(DK8:DK9) -> 13462.186 | DL10: =SUM(DL8:DL9) -> 14006.285 | DM10: =SUM(DM8:DM9) -> 13600.565 | DN10: =SUM(DN8:DN9) -> 13539.683 | DO10: =SUM(DO8:DO9) -> 13102.028 | DP10: =SUM(DP8:DP9) -> 12832.101 | DQ10: =SUM(DQ8:DQ9) -> 12853.411 | DR10: =SUM(DR8:DR9) -> 12536.546 | DS10: 12454.325 | DT10: 12198.311 | DU10: 13093.292 | DV10: 12128 | DW10: 12229.108 | DX10: =DX9+DX8 -> 12701.447 | DY10: =DY9+DY8 -> 12335.066 | DZ10: =DZ9+DZ8 -> 12382.246 | EA10: =EA9+EA8 -> 12341.642 | EB10: =EB9+EB8 -> 11950.234 | EC10: 11775.326
C12: Petróleo | Oil | E12: 4500.81 | F12: 4356.16 | G12: 4218.92 | H12: 4188.69 | I12: 4179.38 | J12: 3972.7 | K12: 4089.48 | L12: 3981.53 | M12: 4013.38 | N12: 3971.76 | O12: 4008.32 | P12: 4030.01 | Q12: =SUMPRODUCT(E$6:P$6,E12:P12)/SUM(E$6:P$6) -> 4124.9144 | R12: 4017.43 | S12: 4127.94 | T12: 4105.37 | U12: 3938.5 | V12: 4158.48 | W12: 4318.46 | X12: 4268.54 | Y12: 4339.8 | Z12: 4212.46 | AA12: 4036.89 | AB12: 3919.15 | AC12: 4432.04 | AD12: =SUMPRODUCT(R$6:AC$6,R12:AC12)/SUM(R$6:AC$6) -> 4157.1355 | AE12: 4186.69 | AF12: 4119.36 | AG12: 4174.06 | AH12: 4121.9 | AI12: 3927.49 | AJ12: 3837.24 | AK12: 3836.6 | AL12: 3943.82 | AM12: 4117.19 | AN12: 3984.53 | AO12: 3837.13 | AP12: 3818.89 | AQ12: =SUMPRODUCT(AE$6:AP$6,AE12:AP12)/SUM(AE$6:AP$6) -> 3991.1791 | AR12: 4051.66 | AS12: 4540.79 | AT12: 4349.45 | AU12: 4010.55 | AV12: 3633.72 | AW12: 3336.36 | AX12: 3418.71 | AY12: 3246.6 | AZ12: 3384.28 | BA12: 3507.77 | BB12: 3381.53 | BC12: 3251.26 | BD12: =SUMPRODUCT(AR$6:BC$6,AR12:BC12)/SUM(AR$6:BC$6) -> 3672.9475 | BE12: 3280.51 | BF12: 3260.88 | BG12: 3217.73 | BH12: 3279.17 | BI12: 3116.26 | BJ12: 3004.29 | BK12: 2881.83 | BL12: 3072.59 | BM12: 3020.78 | BN12: 3135.59 | BO12: 3054.08 | BP12: 3293.28 | BQ12: =SUMPRODUCT(BE$6:BP$6,BE12:BP12)/SUM(BE$6:BP$6) -> 3134.2075 | BS12: 3273.6923 | BT12: 3162.1783 | BU12: 3232.9133 | BV12: 3097.7551 | BW12: 3115.2074 | BX12: 2903.9831 | BY12: 2903.3739 | BZ12: 2905.1281 | CA12: 2926.6473 | CB12: 2870.422 | CC12: 2771.019 | CD12: 2775.1782 | CE12: =SUMPRODUCT(BS$6:CD$6,BS12:CD12)/SUM(BS$6:CD$6) -> 2994.1822 | CG12: 2741.2113 | CH12: 2472.6168 | CI12: 2728.7225 | CJ12: 2700.6805 | CK12: 2483.5133 | CL12: 2602.5238 | CM12: 2489.5259 | CN12: 2592.1948 | CO12: 2374.816 | CP12: 2728.1583 | CQ12: 2339.4369 | CR12: 2513.5439 | CS12: =SUMPRODUCT(CG$6:CR$6,CG12:CR12)/SUM(CG$6:CR$6) -> 2565.3149 | CU12: 2480.0174 | CV12: 2481.5524 | CW12: 2502.9325 | CX12: 2388.7964 | CY12: 2145.441 | CZ12: 2268.9022 | DA12: 2175.3364 | DB12: 2025.4806 | DC12: 1996.3044 | DD12: 2123.858 | DE12: 2186.3727 | DF12: 2113.4405 | DG12: 2239.7213 | DH12: 0 | DI12: 2087.6997 | DJ12: 2096.4467 | DK12: 2157.2727 | DL12: 2133.4456 | DM12: 2164.9372 | DN12: 1959.7056 | DO12: 2284.5551 | DP12: 2272.0053 | DQ12: 2170.634 | DR12: 2074.2144 | DS12: 2190.091 | DT12: 2179.9311 | DU12: 2148.3723 | DV12: 2031 | DW12: 2157.8091 | DX12: 2149.9593 | DY12: 2277.7114 | DZ12: 2174.7508 | EA12: 2080.3287 | EB12: 2154.1808 | EC12: 2288.0506
C13: Gás | Gas | E13: 494.26 | F13: 448.74 | G13: 420.94 | H13: 429.35 | I13: 406.47 | J13: 402.18 | K13: 457.23 | L13: 429.06 | M13: 420.99 | N13: 404.19 | O13: 442.39 | P13: 475.36 | Q13: =SUMPRODUCT(E$6:P$6,E13:P13)/SUM(E$6:P$6) -> 435.95844 | R13: 477.64 | S13: 498.27 | T13: 500.16 | U13: 458.09 | V13: 554.04 | W13: 542.07 | X13: 499.08 | Y13: 506.88 | Z13: 473.33 | AA13: 412.54 | AB13: 450.26 | AC13: 493.15 | AD13: =SUMPRODUCT(R$6:AC$6,R13:AC13)/SUM(R$6:AC$6) -> 488.80068 | AE13: 468.02 | AF13: 475.34 | AG13: 495.93 | AH13: 491.4 | AI13: 497.05 | AJ13: 496.03 | AK13: 436.49 | AL13: 459.7 | AM13: 482.96 | AN13: 443.81 | AO13: 487.73 | AP13: 474.55 | AQ13: =SUMPRODUCT(AE$6:AP$6,AE13:AP13)/SUM(AE$6:AP$6) -> 475.60321 | AR13: 505.46 | AS13: 498.95 | AT13: 477.93 | AU13: 497.25 | AV13: 454.34 | AW13: 453.04 | AX13: 428.27 | AY13: 434.35 | AZ13: 469.62 | BA13: 538.59 | BB13: 469.54 | BC13: 422.41 | BD13: =SUMPRODUCT(AR$6:BC$6,AR13:BC13)/SUM(AR$6:BC$6) -> 470.6418 | BE13: 523.29 | BF13: 544.63 | BG13: 502.94 | BH13: 531.47 | BI13: 554.81 | BJ13: 597.15 | BK13: 611.56 | BL13: 586.32 | BM13: 568.85 | BN13: 590.31 | BO13: 689.86 | BP13: 736.05 | BQ13: =SUMPRODUCT(BE$6:BP$6,BE13:BP13)/SUM(BE$6:BP$6) -> 586.66636 | BS13: 746.41 | BT13: 699.21039 | BU13: 687.21003 | BV13: 614.2398 | BW13: 642.43219 | BX13: 698.07479 | BY13: 657.00127 | BZ13: 632.79454 | CA13: 577.22387 | CB13: 599.18296 | CC13: 586.87033 | CD13: 690.57408 | CE13: =SUMPRODUCT(BS$6:CD$6,BS13:CD13)/SUM(BS$6:CD$6) -> 652.58606 | CG13: 622.77723 | CH13: 596.73109 | CI13: 612.38855 | CJ13: 676.45287 | CK13: 664.77309 | CL13: 633.84015 | CM13: 611.34629 | CN13: 571.33365 | CO13: 538.85702 | CP13: 519.83211 | CQ13: 556.62447 | CR13: 625.54829 | CS13: =SUMPRODUCT(CG$6:CR$6,CG13:CR13)/SUM(CG$6:CR$6) -> 602.60187 | CU13: 575.42197 | CV13: 536.55851 | CW13: 517.06726 | CX13: 488.69872 | CY13: 491.75584 | CZ13: 492.68138 | DA13: 456.59677 | DB13: 484.44527 | DC13: 483.00043 | DD13: 456.30359 | DE13: 450.03469 | DF13: 418.75267 | DG13: 487.44071 | DH13: 0 | DI13: 435.74103 | DJ13: 434.01529 | DK13: 455.89983 | DL13: 440.37241 | DM13: 411.86542 | DN13: 375.1764 | DO13: 1241.7952 | DP13: 1282.8784 | DQ13: 1395.4036 | DR13: 1384.737 | DS13: 1410.4899 | DT13: 1605.3417 | DU13: 910.0321 | DV13: 1472 | DW13: 1517.0253 | DX13: 1416.3155 | DY13: 1677.8427 | DZ13: 1653.7806 | EA13: 1552.1799 | EB13: 1528.6154 | EC13: 1513.7842
C14: Remanso+BTREC* | E14: =SUM(E12:E13) -> 4995.07 | F14: =SUM(F12:F13) -> 4804.9 | G14: =SUM(G12:G13) -> 4639.86 | H14: =SUM(H12:H13) -> 4618.04 | I14: =SUM(I12:I13) -> 4585.85 | J14: =SUM(J12:J13) -> 4374.88 | K14: =SUM(K12:K13) -> 4546.71 | L14: =SUM(L12:L13) -> 4410.59 | ... AD14: =SUM(AD12:AD13) -> 4645.9362 | AE14: =SUM(AE11:AE13) -> 4654.71 | AF14: =SUM(AF11:AF13) -> 4594.7 | AG14: =SUM(AG11:AG13) -> 4669.99 | AH14: =SUM(AH11:AH13) -> 4613.3 | AI14: =SUM(AI11:AI13) -> 4424.54 | AJ14: =SUM(AJ11:AJ13) -> 4333.27 | AK14: =SUM(AK11:AK13) -> 4273.09 | AL14: =SUM(AL11:AL13) -> 4403.52 | ... AP14: =SUM(AP11:AP13) -> 4293.44 | AQ14: =SUM(AQ12:AQ13) -> 4466.7823 | AR14: =SUM(AR12:AR13) -> 4557.12 | AS14: =SUM(AS12:AS13) -> 5039.74 | AT14: =SUM(AT12:AT13) -> 4827.38 | AU14: =SUM(AU12:AU13) -> 4507.8 | AV14: =SUM(AV12:AV13) -> 4088.06 | AW14: =SUM(AW12:AW13) -> 3789.4 | AX14: =SUM(AX12:AX13) -> 3846.98 | ... BQ14: =SUM(BQ12:BQ13) -> 3720.8738 | BS14: =SUM(BS12:BS13) -> 4020.1023 | BT14: =SUM(BT12:BT13) -> 3861.3887 | BU14: =SUM(BU12:BU13) -> 3920.1233 | BV14: 3711.9949 | BW14: =SUM(BW12:BW13) -> 3757.6396 | BX14: =SUM(BX12:BX13) -> 3602.0579 | BY14: =SUM(BY12:BY13) -> 3560.3751 | BZ14: =SUM(BZ12:BZ13) -> 3537.9226 | CA14: =SUM(CA12:CA13) -> 3503.8711 | CB14: 3469.605 | CC14: =SUM(CC12:CC13) -> 3357.8893 | CD14: =SUM(CD12:CD13) -> 3465.7523 | CE14: =SUM(CE12:CE13) -> 3646.7682 | CG14: =SUM(CG12:CG13) -> 3363.9885 | CH14: =SUM(CH12:CH13) -> 3069.3479 | CI14: =SUM(CI12:CI13) -> 3341.1111 | CJ14: =SUM(CJ12:CJ13) -> 3377.1334 | CK14: =SUM(CK12:CK13) -> 3148.2864 | CL14: =SUM(CL12:CL13) -> 3236.364 | CM14: =SUM(CM12:CM13) -> 3100.8722 | CN14: =SUM(CN12:CN13) -> 3163.5284 | ... CS14: =SUM(CS12:CS13) -> 3167.9168 | CU14: =SUM(CU12:CU13) -> 3055.4394 | CV14: =SUM(CV12:CV13) -> 3018.111 | CW14: =SUM(CW12:CW13) -> 3019.9998 | CX14: =SUM(CX12:CX13) -> 2877.4951 | CY14: =SUM(CY12:CY13) -> 2637.1969 | CZ14: =SUM(CZ12:CZ13) -> 2761.5836 | DA14: =SUM(DA12:DA13) -> 2631.9332 | DB14: =SUM(DB12:DB13) -> 2509.9259 | ... DE14: =SUM(DE12:DE13) -> 2636.4074 | DF14: 2532.1932 | DG14: 2727.162 | DH14: 0 | DI14: 2523.4407 | DJ14: 2530.462 | DK14: =SUM(DK12:DK13) -> 2613.1725 | DL14: =SUM(DL12:DL13) -> 2573.818 | DM14: =SUM(DM12:DM13) -> 2576.8027 | DN14: =SUM(DN12:DN13) -> 2334.882 | DO14: =SUM(DO12:DO13) -> 3526.3503 | DP14: =SUM(DP12:DP13) -> 3554.8837 | DQ14: =SUM(DQ12:DQ13) -> 3566.0376 | DR14: =SUM(DR12:DR13) -> 3458.9514 | DS14: 3600.5808 | DT14: 3785.2728 | DU14: 3058.4044 | DV14: 3503 | DW14: 3674.8345 | DX14: =DX13+DX12 -> 3566.2747 | DY14: =DY13+DY12 -> 3955.5541 | DZ14: =DZ13+DZ12 -> 3828.5314 | EA14: =EA13+EA12 -> 3632.5086 | EB14: =EB13+EB12 -> 3682.7962 | EC14: 3801.8348
C16: Petróleo | Oil | E16: 0 | F16: 0 | G16: 0 | H16: 0 | I16: 0 | J16: 0 | K16: 0 | L16: 0 | M16: 0 | N16: 0 | O16: 0 | P16: 0 | Q16: =SUMPRODUCT(E$6:P$6,E16:P16)/SUM(E$6:P$6) -> 0 | R16: 0 | S16: 0 | T16: 0 | U16: 0 | V16: 0 | W16: 0 | X16: 0 | Y16: 0 | Z16: 0 | AA16: 0 | AB16: 0 | AC16: 0 | AD16: =SUMPRODUCT(R$6:AC$6,R16:AC16)/SUM(R$6:AC$6) -> 0 | AE16: 0 | AF16: 0 | AG16: 0 | AH16: 0 | AI16: 0 | AJ16: 0 | AK16: 0 | AL16: 0 | AM16: 0 | AN16: 0 | AO16: 0 | AP16: 0 | AQ16: =SUMPRODUCT(AE$6:AP$6,AE16:AP16)/SUM(AE$6:AP$6) -> 0 | AR16: 0 | AS16: 0 | AT16: 0 | AU16: 0 | AV16: 0 | AW16: 0 | AX16: 0 | AY16: 0 | AZ16: 0 | BA16: 0 | BB16: 0 | BC16: 0 | BD16: =SUMPRODUCT(AR$6:BC$6,AR16:BC16)/SUM(AR$6:BC$6) -> 0 | BE16: 0 | BF16: 0 | BG16: 0 | BH16: 0 | BI16: 0 | BJ16: 0 | BK16: 0 | BL16: 0 | BM16: 0 | BN16: 0 | BO16: 0 | BP16: 818 | BQ16: =BP16*25/365 -> 56.027397 | BS16: 1050.02 | BT16: 1101.4823 | BU16: 1194.9755 | BV16: 1333.6751 | BW16: 1292.4238 | BX16: 1429.3229 | BY16: 1537.2979 | BZ16: 1745.3753 | CA16: 1701.4407 | CB16: 1688.7377 | CC16: 1728.3752 | CD16: 1618.9558 | CE16: =SUMPRODUCT(BS$6:CD$6,BS16:CD16)/SUM(BS$6:CD$6) -> 1453.6638 | CG16: 1831.1851 | CH16: 1851.8216 | CI16: 1730.1751 | CJ16: 1768.353 | CK16: 1688.2707 | CL16: 1528.666 | CM16: 1981.2961 | CN16: 1904.1728 | CO16: 1958.7398 | CP16: 1888.3241 | CQ16: 1912.635 | CR16: 1801.4626 | CS16: =SUMPRODUCT(CG$6:CR$6,CG16:CR16)/SUM(CG$6:CR$6) -> 1820.4775 | CU16: 1929.3492 | CV16: 1819.0114 | CW16: 1853.3055 | CX16: 1725.644 | CY16: 1701.4945 | CZ16: 1812.9349 | DA16: 1772.1255 | DB16: 1632.0167 | DC16: 1598.6644 | DD16: 1647.824 | DE16: 1672.7407 | DF16: 1666.8654 | DG16: 1735.9105 | DH16: 0 | DI16: 1466.9064 | DJ16: 1452.5688 | DK16: 1600.5394 | DL16: 1708.2718 | DM16: 1736.6294 | DN16: 1884.2456 | DO16: 1964.5298 | DP16: 1959.3182 | DQ16: 1920.3396 | DR16: 1931.4318 | DS16: 1795.0178 | DT16: 1802.3421 | DU16: 1770.4679 | DV16: 1771 | DW16: 1749.2187 | DX16: 1799.0944 | DY16: 1818.8764 | DZ16: 1773.5212 | EA16: 1676.0248 | EB16: 1669.0674 | EC16: 1730.3199
C17: Gás | Gas | E17: 0 | F17: 0 | G17: 0 | H17: 0 | I17: 0 | J17: 0 | K17: 0 | L17: 0 | M17: 0 | N17: 0 | O17: 0 | P17: 0 | Q17: =SUMPRODUCT(E$6:P$6,E17:P17)/SUM(E$6:P$6) -> 0 | R17: 0 | S17: 0 | T17: 0 | U17: 0 | V17: 0 | W17: 0 | X17: 0 | Y17: 0 | Z17: 0 | AA17: 0 | AB17: 0 | AC17: 0 | AD17: =SUMPRODUCT(R$6:AC$6,R17:AC17)/SUM(R$6:AC$6) -> 0 | AE17: 0 | AF17: 0 | AG17: 0 | AH17: 0 | AI17: 0 | AJ17: 0 | AK17: 0 | AL17: 0 | AM17: 0 | AN17: 0 | AO17: 0 | AP17: 0 | AQ17: =SUMPRODUCT(AE$6:AP$6,AE17:AP17)/SUM(AE$6:AP$6) -> 0 | AR17: 0 | AS17: 0 | AT17: 0 | AU17: 0 | AV17: 0 | AW17: 0 | AX17: 0 | AY17: 0 | AZ17: 0 | BA17: 0 | BB17: 0 | BC17: 0 | BD17: =SUMPRODUCT(AR$6:BC$6,AR17:BC17)/SUM(AR$6:BC$6) -> 0 | BE17: 0 | BF17: 0 | BG17: 0 | BH17: 0 | BI17: 0 | BJ17: 0 | BK17: 0 | BL17: 0 | BM17: 0 | BN17: 0 | BO17: 0 | BP17: 2741 | BQ17: =BP17*25/365 -> 187.73973 | BS17: 3131.95 | BT17: 3188.487 | BU17: 3308.9942 | BV17: 3528.6204 | BW17: 4173.5418 | BX17: 4485.6819 | BY17: 4672.995 | BZ17: 4845.1422 | CA17: 4795.7595 | CB17: 4571.2588 | CC17: 4851.2511 | CD17: 5071.6709 | CE17: =SUMPRODUCT(BS$6:CD$6,BS17:CD17)/SUM(BS$6:CD$6) -> 4225.0936 | CG17: 5446.3094 | CH17: 5602.1322 | CI17: 5754.4604 | CJ17: 5340 | CK17: 5149.1991 | CL17: 4871.0358 | CM17: 5115.7304 | CN17: 5025.7459 | CO17: 5383.0954 | CP17: 5300.4416 | CQ17: 5300.7331 | CR17: 5771.3996 | CS17: =SUMPRODUCT(CG$6:CR$6,CG17:CR17)/SUM(CG$6:CR$6) -> 5337.4452 | CU17: 5489.0351 | CV17: 5318.7976 | CW17: 5260.3685 | CX17: 4926.4033 | CY17: 5045.0371 | CZ17: 5313.7746 | DA17: 5553.9263 | DB17: 5011.4114 | DC17: 5170.6073 | DD17: 5060.6802 | DE17: 4781.4201 | DF17: 4670.4393 | DG17: 5133.4129 | DH17: 0 | DI17: 4744.4118 | DJ17: 4839.7278 | DK17: 4776.2799 | DL17: 4826.8505 | DM17: 4670.3229 | DN17: 4791.1652 | DO17: 4163.6929 | DP17: 3883.4803 | DQ17: 3938.6928 | DR17: 4040.526 | DS17: 4349.4913 | DT17: 4325.6912 | DU17: 4442.2875 | DV17: 4119 | DW17: 3935.082 | DX17: 3911.751 | DY17: 3938.5303 | DZ17: 3712.2773 | EA17: 3709.1805 | EB17: 3565.9535 | EC17: 3521.9323
C18: Miranga | E18: =SUM(E16:E17) -> 0 | F18: =SUM(F16:F17) -> 0 | G18: =SUM(G16:G17) -> 0 | H18: =SUM(H16:H17) -> 0 | I18: =SUM(I16:I17) -> 0 | J18: =SUM(J16:J17) -> 0 | K18: =SUM(K16:K17) -> 0 | L18: =SUM(L16:L17) -> 0 | ... AD18: =SUM(AD16:AD17) -> 0 | AE18: =SUM(AE15:AE17) -> 0 | AF18: =SUM(AF15:AF17) -> 0 | AG18: =SUM(AG15:AG17) -> 0 | AH18: =SUM(AH15:AH17) -> 0 | AI18: =SUM(AI15:AI17) -> 0 | AJ18: =SUM(AJ15:AJ17) -> 0 | AK18: =SUM(AK15:AK17) -> 0 | AL18: =SUM(AL15:AL17) -> 0 | ... AP18: =SUM(AP15:AP17) -> 0 | AQ18: =SUM(AQ16:AQ17) -> 0 | AR18: =SUM(AR16:AR17) -> 0 | AS18: =SUM(AS16:AS17) -> 0 | AT18: =SUM(AT16:AT17) -> 0 | AU18: =SUM(AU16:AU17) -> 0 | AV18: =SUM(AV16:AV17) -> 0 | AW18: =SUM(AW16:AW17) -> 0 | AX18: =SUM(AX16:AX17) -> 0 | ... BQ18: =SUM(BQ16:BQ17) -> 243.76712 | BS18: =SUM(BS16:BS17) -> 4181.97 | BT18: =SUM(BT16:BT17) -> 4289.9693 | BU18: =SUM(BU16:BU17) -> 4503.9697 | BV18: 4862.2955 | BW18: =SUM(BW16:BW17) -> 5465.9657 | BX18: =SUM(BX16:BX17) -> 5915.0048 | BY18: =SUM(BY16:BY17) -> 6210.2929 | BZ18: =SUM(BZ16:BZ17) -> 6590.5175 | CA18: =SUM(CA16:CA17) -> 6497.2002 | CB18: 6259.9964 | CC18: =SUM(CC16:CC17) -> 6579.6263 | CD18: =SUM(CD16:CD17) -> 6690.6267 | CE18: =SUM(CE16:CE17) -> 5678.7574 | CG18: =SUM(CG16:CG17) -> 7277.4945 | CH18: =SUM(CH16:CH17) -> 7453.9539 | CI18: =SUM(CI16:CI17) -> 7484.6354 | CJ18: =SUM(CJ16:CJ17) -> 7108.353 | CK18: =SUM(CK16:CK17) -> 6837.4697 | CL18: =SUM(CL16:CL17) -> 6399.7018 | CM18: =SUM(CM16:CM17) -> 7097.0265 | CN18: =SUM(CN16:CN17) -> 6929.9187 | ... CS18: =SUM(CS16:CS17) -> 7157.9228 | CU18: =SUM(CU16:CU17) -> 7418.3843 | CV18: =SUM(CV16:CV17) -> 7137.809 | CW18: =SUM(CW16:CW17) -> 7113.674 | CX18: =SUM(CX16:CX17) -> 6652.0473 | CY18: =SUM(CY16:CY17) -> 6746.5316 | CZ18: =SUM(CZ16:CZ17) -> 7126.7095 | DA18: =SUM(DA16:DA17) -> 7326.0517 | DB18: =SUM(DB16:DB17) -> 6643.4281 | ... DE18: =SUM(DE16:DE17) -> 6454.1608 | DF18: 6337.3047 | DG18: 6869.3234 | DH18: 0 | DI18: 6211.3182 | DJ18: 6292.2966 | DK18: =SUM(DK16:DK17) -> 6376.8193 | DL18: =SUM(DL16:DL17) -> 6535.1222 | DM18: =SUM(DM16:DM17) -> 6406.9522 | DN18: =SUM(DN16:DN17) -> 6675.4109 | DO18: =SUM(DO16:DO17) -> 6128.2227 | DP18: =SUM(DP16:DP17) -> 5842.7985 | DQ18: =SUM(DQ16:DQ17) -> 5859.0324 | DR18: =SUM(DR16:DR17) -> 5971.9578 | DS18: 6144.5091 | DT18: 6128.0334 | DU18: 6212.7554 | DV18: 5890 | DW18: 5684.3007 | DX18: =DX17+DX16 -> 5710.8454 | DY18: =DY17+DY16 -> 5757.4067 | DZ18: =DZ17+DZ16 -> 5485.7985 | EA18: =EA17+EA16 -> 5385.2052 | EB18: =EB17+EB16 -> 5235.0209 | EC18: 5252.2522
C20: Petróleo | Oil | E20: 0 | F20: 0 | G20: 0 | H20: 0 | I20: 0 | J20: 0 | K20: 0 | L20: 0 | M20: 0 | N20: 0 | O20: 0 | P20: 0 | Q20: =SUMPRODUCT(E$6:P$6,E20:P20)/SUM(E$6:P$6) -> 0 | R20: 0 | S20: 0 | T20: 0 | U20: 0 | V20: 0 | W20: 0 | X20: 0 | Y20: 0 | Z20: 0 | AA20: 0 | AB20: 0 | AC20: 0 | AD20: =SUMPRODUCT(R$6:AC$6,R20:AC20)/SUM(R$6:AC$6) -> 0 | AE20: 0 | AF20: 0 | AG20: 0 | AH20: 0 | AI20: 0 | AJ20: 0 | AK20: 0 | AL20: 0 | AM20: 0 | AN20: 0 | AO20: 0 | AP20: 0 | AQ20: =SUMPRODUCT(AE$6:AP$6,AE20:AP20)/SUM(AE$6:AP$6) -> 0 | AR20: 0 | AS20: 0 | AT20: 0 | AU20: 0 | AV20: 0 | AW20: 0 | AX20: 0 | AY20: 0 | AZ20: 0 | BA20: 0 | BB20: 0 | BC20: 0 | BD20: =SUMPRODUCT(AR$6:BC$6,AR20:BC20)/SUM(AR$6:BC$6) -> 0 | BE20: 0 | BF20: 0 | BG20: 0 | BH20: 0 | BI20: 0 | BJ20: 0 | BK20: 0 | BL20: 0 | BM20: 0 | BN20: 0 | BO20: 0 | BP20: 0 | BQ20: =BP20*25/365 -> 0 | BS20: 0 | BT20: 0 | BU20: 0 | BV20: 0 | BW20: 0 | BX20: 0 | BY20: 0 | BZ20: 0 | CA20: 0 | CB20: 0 | CC20: 0 | CD20: 0 | CE20: =SUMPRODUCT(BS$6:CD$6,BS20:CD20)/SUM(BS$6:CD$6) -> 0 | CG20: 0 | CH20: 0 | CI20: 1872.3515 | CJ20: 2093.7657 | CK20: 1843.5891 | CL20: 1975.2212 | CM20: 2080.2275 | CN20: 2043.0495 | CO20: 1975.2908 | CP20: 1840.2448 | CQ20: 1594.3027 | CR20: 1900.8152 | CS20: =SUMPRODUCT(CG$6:CR$6,CG20:CR20)/SUM(CG$6:CR$6) -> 1611.3589 | CU20: 1843.9186 | CV20: 1743.8231 | CW20: 1442.7249 | CX20: 1715.6392 | CY20: 2022.737 | CZ20: 2770.4679 | DA20: 2820.2464 | DB20: 2681.6184 | DC20: 3049.3609 | DD20: 3093.0727 | DE20: 3120.4802 | DF20: 3492.2063 | DG20: 2485.0863 | DH20: 0 | DI20: 4130.9522 | DJ20: 4161.225 | DK20: 3994.4848 | DL20: 3639.5532 | DM20: 3711.2165 | DN20: 3420.5899 | DO20: 3229.2405 | DP20: 3176.2197 | DQ20: 2811.2841 | DR20: 2370.0581 | DS20: 2469.507 | DT20: 2426.2569 | DU20: 3290.2291 | DV20: 2200 | DW20: 2360.5813 | DX20: 2258.7234 | DY20: 1948.7018 | DZ20: 1897.0095 | EA20: 2493.3125 | EB20: 2624.2881 | EC20: 2723.0058
C21: Gás | Gas | E21: 0 | F21: 0 | G21: 0 | H21: 0 | I21: 0 | J21: 0 | K21: 0 | L21: 0 | M21: 0 | N21: 0 | O21: 0 | P21: 0 | Q21: =SUMPRODUCT(E$6:P$6,E21:P21)/SUM(E$6:P$6) -> 0 | R21: 0 | S21: 0 | T21: 0 | U21: 0 | V21: 0 | W21: 0 | X21: 0 | Y21: 0 | Z21: 0 | AA21: 0 | AB21: 0 | AC21: 0 | AD21: =SUMPRODUCT(R$6:AC$6,R21:AC21)/SUM(R$6:AC$6) -> 0 | AE21: 0 | AF21: 0 | AG21: 0 | AH21: 0 | AI21: 0 | AJ21: 0 | AK21: 0 | AL21: 0 | AM21: 0 | AN21: 0 | AO21: 0 | AP21: 0 | AQ21: =SUMPRODUCT(AE$6:AP$6,AE21:AP21)/SUM(AE$6:AP$6) -> 0 | AR21: 0 | AS21: 0 | AT21: 0 | AU21: 0 | AV21: 0 | AW21: 0 | AX21: 0 | AY21: 0 | AZ21: 0 | BA21: 0 | BB21: 0 | BC21: 0 | BD21: =SUMPRODUCT(AR$6:BC$6,AR21:BC21)/SUM(AR$6:BC$6) -> 0 | BE21: 0 | BF21: 0 | BG21: 0 | BH21: 0 | BI21: 0 | BJ21: 0 | BK21: 0 | BL21: 0 | BM21: 0 | BN21: 0 | BO21: 0 | BP21: 0 | BQ21: =BP21*25/365 -> 0 | BS21: 0 | BT21: 0 | BU21: 0 | BV21: 0 | BW21: 0 | BX21: 0 | BY21: 0 | BZ21: 0 | CA21: 0 | CB21: 0 | CC21: 0 | CD21: 0 | CE21: =SUMPRODUCT(BS$6:CD$6,BS21:CD21)/SUM(BS$6:CD$6) -> 0 | CG21: 0 | CH21: 0 | CI21: 309.52469 | CJ21: 333 | CK21: 314.12816 | CL21: 390.09858 | CM21: 431.33204 | CN21: 436.26633 | CO21: 459.99302 | CP21: 444.99566 | CQ21: 400.77624 | CR21: 474.74711 | CS21: =SUMPRODUCT(CG$6:CR$6,CG21:CR21)/SUM(CG$6:CR$6) -> 334.95027 | CU21: 479.8459 | CV21: 432.72105 | CW21: 277.90193 | CX21: 345.41702 | CY21: 474.28654 | CZ21: 723.01884 | DA21: 861.26854 | DB21: 647.00865 | DC21: 709.91054 | DD21: 694.84226 | DE21: 663.08677 | DF21: 603.05618 | DG21: 576.43829 | DH21: 0 | DI21: 665.13856 | DJ21: 987.49483 | DK21: 1267.8998 | DL21: 1090.7472 | DM21: 1082.1154 | DN21: 905.60183 | DO21: 876.11699 | DP21: 1028.9806 | DQ21: 877.22885 | DR21: 544.69826 | DS21: 469.67354 | DT21: 433.57473 | DU21: 851.51139 | DV21: 382 | DW21: 408.20964 | DX21: 401.55087 | DY21: 356.33363 | DZ21: 293.82481 | EA21: 216.36676 | EB21: 237.61875 | EC21: 244.42931
C22: Tiêta | E22: =SUM(E20:E21) -> 0 | F22: =SUM(F20:F21) -> 0 | G22: =SUM(G20:G21) -> 0 | H22: =SUM(H20:H21) -> 0 | I22: =SUM(I20:I21) -> 0 | J22: =SUM(J20:J21) -> 0 | K22: =SUM(K20:K21) -> 0 | L22: =SUM(L20:L21) -> 0 | ... AD22: =SUM(AD20:AD21) -> 0 | AE22: =SUM(AE19:AE21) -> 0 | AF22: =SUM(AF19:AF21) -> 0 | AG22: =SUM(AG19:AG21) -> 0 | AH22: =SUM(AH19:AH21) -> 0 | AI22: =SUM(AI19:AI21) -> 0 | AJ22: =SUM(AJ19:AJ21) -> 0 | AK22: =SUM(AK19:AK21) -> 0 | AL22: =SUM(AL19:AL21) -> 0 | ... AP22: =SUM(AP19:AP21) -> 0 | AQ22: =SUM(AQ20:AQ21) -> 0 | AR22: =SUM(AR20:AR21) -> 0 | AS22: =SUM(AS20:AS21) -> 0 | AT22: =SUM(AT20:AT21) -> 0 | AU22: =SUM(AU20:AU21) -> 0 | AV22: =SUM(AV20:AV21) -> 0 | AW22: =SUM(AW20:AW21) -> 0 | AX22: =SUM(AX20:AX21) -> 0 | ... BQ22: =SUM(BQ20:BQ21) -> 0 | BS22: =SUM(BS20:BS21) -> 0 | BT22: =SUM(BT20:BT21) -> 0 | BU22: =SUM(BU20:BU21) -> 0 | BV22: =SUM(BV20:BV21) -> 0 | BW22: =SUM(BW20:BW21) -> 0 | BX22: =SUM(BX20:BX21) -> 0 | BY22: =SUM(BY20:BY21) -> 0 | BZ22: =SUM(BZ20:BZ21) -> 0 | ... CE22: =SUM(CE20:CE21) -> 0 | CG22: =SUM(CG20:CG21) -> 0 | CH22: =SUM(CH20:CH21) -> 0 | CI22: =SUM(CI20:CI21) -> 2181.8762 | CJ22: =SUM(CJ20:CJ21) -> 2426.7657 | CK22: =SUM(CK20:CK21) -> 2157.7172 | CL22: =SUM(CL20:CL21) -> 2365.3198 | CM22: =SUM(CM20:CM21) -> 2511.5595 | CN22: =SUM(CN20:CN21) -> 2479.3158 | ... CS22: =SUM(CS20:CS21) -> 1946.3092 | CU22: =SUM(CU20:CU21) -> 2323.7645 | CV22: =SUM(CV20:CV21) -> 2176.5442 | CW22: =SUM(CW20:CW21) -> 1720.6269 | CX22: =SUM(CX20:CX21) -> 2061.0562 | CY22: =SUM(CY20:CY21) -> 2497.0235 | CZ22: =SUM(CZ20:CZ21) -> 3493.4867 | DA22: =SUM(DA20:DA21) -> 3681.515 | DB22: =SUM(DB20:DB21) -> 3328.6271 | ... DE22: =SUM(DE20:DE21) -> 3783.567 | DF22: 4095.2625 | DG22: 3061.5246 | DH22: 0 | DI22: 4796.0907 | DJ22: 5148.7198 | DK22: =SUM(DK20:DK21) -> 5262.3847 | DL22: =SUM(DL20:DL21) -> 4730.3004 | DM22: =SUM(DM20:DM21) -> 4793.332 | DN22: =SUM(DN20:DN21) -> 4326.1917 | DO22: =SUM(DO20:DO21) -> 4105.3575 | DP22: =SUM(DP20:DP21) -> 4205.2003 | DQ22: =SUM(DQ20:DQ21) -> 3688.5129 | DR22: =SUM(DR20:DR21) -> 2914.7563 | DS22: 2939.1806 | DT22: 2859.8317 | DU22: 4141.7405 | DV22: 2581 | DW22: 2768.791 | DX22: =DX21+DX20 -> 2660.2743 | DY22: =DY21+DY20 -> 2305.0355 | DZ22: =DZ21+DZ20 -> 2190.8343 | EA22: =EA21+EA20 -> 2709.6792 | EB22: =EB21+EB20 -> 2861.9068 | EC22: 2967.4351
C24: Petróleo | Oil | E24: =E8+E12+E16 -> 4500.81 | F24: =F8+F12+F16 -> 4356.16 | G24: =G8+G12+G16 -> 4218.92 | H24: =H8+H12+H16 -> 4188.69 | I24: =I8+I12+I16 -> 4179.38 | J24: =J8+J12+J16 -> 3972.7 | K24: =K8+K12+K16 -> 4089.48 | L24: =L8+L12+L16 -> 3981.53 | ... BQ24: =BQ8+BQ12+BQ16 -> 9748.1104 | BS24: =BS8+BS12+BS16 -> 12100.982 | BT24: =BT8+BT12+BT16 -> 12551.879 | BU24: =BU8+BU12+BU16 -> 12500.577 | BV24: 12496.666 | BW24: =BW8+BW12+BW16 -> 12130.366 | BX24: =BX8+BX12+BX16 -> 12721.734 | BY24: =BY8+BY12+BY16 -> 13081.777 | BZ24: =BZ8+BZ12+BZ16 -> 13020.272 | CA24: =CA8+CA12+CA16 -> 12804.738 | CB24: 13401.499 | CC24: =CC8+CC12+CC16 -> 13547.631 | CD24: =CD8+CD12+CD16 -> 13246.866 | CE24: =CE8+CE12+CE16 -> 12801.447 | CG24: =CG8+CG12+CG16 -> 13379.167 | CH24: =CH8+CH12+CH16 -> 13129.947 | CI24: =CI8+CI12+CI16+CI20 -> 15090.305 | CJ24: =CJ8+CJ12+CJ16+CJ20 -> 15521.799 | CK24: =CK8+CK12+CK16+CK20 -> 15140.85 | CL24: =CL8+CL12+CL16+CL20 -> 16058.952 | CM24: =CM8+CM12+CM16+CM20 -> 17322.023 | CN24: =CN8+CN12+CN16+CN20 -> 16595.116 | CO24: =CO8+CO12+CO16+CO20 -> 15901.791 | CP24: =CP8+CP12+CP16+CP20 -> 16255.279 | ... CS24: =CS8+CS12+CS16+CS20 -> 15168.829 | CU24: =CU8+CU12+CU16+CU20 -> 16029.038 | CV24: =CV8+CV12+CV16+CV20 -> 15283.813 | CW24: =CW8+CW12+CW16+CW20 -> 14822.716 | CX24: =CX8+CX12+CX16+CX20 -> 14974.41 | CY24: =CY8+CY12+CY16+CY20 -> 14860.914 | CZ24: =CZ8+CZ12+CZ16+CZ20 -> 15758.584 | DA24: =DA8+DA12+DA16+DA20 -> 15391.685 | DB24: =DB8+DB12+DB16+DB20 -> 14814.675 | ... DE24: =DE8+DE12+DE16+DE20 -> 15388.187 | DF24: 15666.423 | DG24: 15320.973 | DH24: 0 | DI24: 16190.218 | DJ24: 16256.389 | DK24: =DK8+DK12+DK16+DK20 -> 16486.822 | DL24: =DL8+DL12+DL16+DL20 -> 16610.495 | DM24: =SUM(DM20,DM16,DM12,DM8) -> 16440.436 | DN24: =SUM(DN20,DN16,DN12,DN8) -> 15964.116 | DO24: =SUM(DO20,DO16,DO12,DO8) -> 15944.366 | DP24: =SUM(DP20,DP16,DP12,DP8) -> 15636.6 | DQ24: =SUM(DQ20,DQ16,DQ12,DQ8) -> 15177.307 | DR24: =SUM(DR20,DR16,DR12,DR8) -> 14370.719 | DS24: 14505.171 | DT24: 14307.27 | DU24: 15653.592 | DV24: 13703 | DW24: 13752.065 | DX24: =DX20+DX16+DX12+DX8 -> 13922.643 | DY24: =DY20+DY16+DY12+DY8 -> 13498.96 | DZ24: =DZ20+DZ16+DZ12+DZ8 -> 13507.466 | EA24: =EA20+EA16+EA12+EA8 -> 14021.14 | EB24: =EB20+EB16+EB12+EB8 -> 14074.224 | EC24: =EC20+EC16+EC12+EC8 -> 14309.298
C25: Gás | Gas | E25: =E9+E13+E17 -> 494.26 | F25: =F9+F13+F17 -> 448.74 | G25: =G9+G13+G17 -> 420.94 | H25: =H9+H13+H17 -> 429.35 | I25: =I9+I13+I17 -> 406.47 | J25: =J9+J13+J17 -> 402.18 | K25: =K9+K13+K17 -> 457.23 | L25: =L9+L13+L17 -> 429.06 | ... BQ25: =BQ9+BQ13+BQ17 -> 2642.747 | BS25: =BS9+BS13+BS17 -> 6773.65 | BT25: =BT9+BT13+BT17 -> 7171.9681 | BU25: =BU9+BU13+BU17 -> 7290.9896 | BV25: 7391.7287 | BW25: =BW9+BW13+BW17 -> 8158.8428 | BX25: =BX9+BX13+BX17 -> 8693.5768 | BY25: =BY9+BY13+BY17 -> 8769.819 | BZ25: =BZ9+BZ13+BZ17 -> 9124.5574 | CA25: =CA9+CA13+CA17 -> 9335.5375 | CB25: 9222.8323 | CC25: =CC9+CC13+CC17 -> 9644.4716 | CD25: =CD9+CD13+CD17 -> 10157.846 | CE25: =CE9+CE13+CE17 -> 8485.5594 | CG25: =CG9+CG13+CG17 -> 10295.177 | CH25: =CH9+CH13+CH17 -> 10245.938 | CI25: =CI9+CI13+CI17+CI21 -> 11004.798 | CJ25: =CJ9+CJ13+CJ17+CJ21 -> 10580.184 | CK25: =CK9+CK13+CK17+CK21 -> 10325.478 | CL25: =CL9+CL13+CL17+CL21 -> 10527.475 | CM25: =CM9+CM13+CM17+CM21 -> 11152.269 | CN25: =CN9+CN13+CN17+CN21 -> 11616.64 | CO25: =CO9+CO13+CO17+CO21 -> 11259.757 | CP25: =CP9+CP13+CP17+CP21 -> 11059.943 | ... CS25: =CS9+CS13+CS17+CS21 -> 10791.55 | CU25: =CU9+CU13+CU17+CU21 -> 11207.287 | CV25: =CV9+CV13+CV17+CV21 -> 10971.281 | CW25: =CW9+CW13+CW17+CW21 -> 10822.727 | CX25: =CX9+CX13+CX17+CX21 -> 10901.646 | CY25: =CY9+CY13+CY17+CY21 -> 11157.691 | CZ25: =CZ9+CZ13+CZ17+CZ21 -> 11171.652 | DA25: =DA9+DA13+DA17+DA21 -> 11491.077 | DB25: =DB9+DB13+DB17+DB21 -> 10873.16 | ... DE25: =DE9+DE13+DE17+DE21 -> 10732.954 | DF25: 10312.027 | DG25: 11010.553 | DH25: 0 | DI25: 10593.979 | DJ25: 11033.054 | DK25: =DK9+DK13+DK17+DK21 -> 11227.74 | DL25: =DL9+DL13+DL17+DL21 -> 11235.03 | DM25: =SUM(DM21,DM17,DM13,DM9) -> 10937.216 | DN25: =SUM(DN21,DN17,DN13,DN9) -> 10912.052 | DO25: =SUM(DO21,DO17,DO13,DO9) -> 10917.592 | DP25: =SUM(DP21,DP17,DP13,DP9) -> 10798.384 | DQ25: =SUM(DQ21,DQ17,DQ13,DQ9) -> 10789.687 | DR25: =SUM(DR21,DR17,DR13,DR9) -> 10511.493 | DS25: 10633.424 | DT25: 10664.178 | DU25: 10852.601 | DV25: 10400 | DW25: 10604.97 | DX25: =DX21+DX17+DX13+DX9 -> 10716.198 | DY25: =DY21+DY17+DY13+DY9 -> 10854.103 | DZ25: =DZ21+DZ17+DZ13+DZ9 -> 10379.944 | EA25: =EA21+EA17+EA13+EA9 -> 10047.895 | EB25: =EB21+EB17+EB13+EB9 -> 9655.7338 | EC25: =EC21+EC17+EC13+EC9 -> 9487.55
C26: Total | E26: =SUM(E24:E25) -> 4995.07 | F26: =SUM(F24:F25) -> 4804.9 | G26: =SUM(G24:G25) -> 4639.86 | H26: =SUM(H24:H25) -> 4618.04 | I26: =SUM(I24:I25) -> 4585.85 | J26: =SUM(J24:J25) -> 4374.88 | K26: =SUM(K24:K25) -> 4546.71 | L26: =SUM(L24:L25) -> 4410.59 | ... BQ26: =SUM(BQ24:BQ25) -> 12390.857 | BS26: =SUM(BS24:BS25) -> 18874.632 | BT26: =SUM(BT24:BT25) -> 19723.847 | BU26: =SUM(BU24:BU25) -> 19791.567 | BV26: 19888.395 | BW26: =SUM(BW24:BW25) -> 20289.209 | BX26: =SUM(BX24:BX25) -> 21415.311 | BY26: =SUM(BY24:BY25) -> 21851.596 | BZ26: =SUM(BZ24:BZ25) -> 22144.829 | CA26: =SUM(CA24:CA25) -> 22140.276 | CB26: 22624.331 | CC26: =SUM(CC24:CC25) -> 23192.102 | CD26: =SUM(CD24:CD25) -> 23404.712 | CE26: =SUM(CE24:CE25) -> 21287.007 | CG26: =SUM(CG24:CG25) -> 23674.344 | CH26: =SUM(CH24:CH25) -> 23375.885 | CI26: =SUM(CI24:CI25) -> 26095.103 | CJ26: =SUM(CJ24:CJ25) -> 26101.983 | CK26: =SUM(CK24:CK25) -> 25466.328 | CL26: =SUM(CL24:CL25) -> 26586.427 | CM26: =SUM(CM24:CM25) -> 28474.292 | CN26: =SUM(CN24:CN25) -> 28211.756 | ... CS26: =SUM(CS24:CS25) -> 25960.379 | CU26: =SUM(CU24:CU25) -> 27236.325 | CV26: =SUM(CV24:CV25) -> 26255.094 | CW26: =SUM(CW24:CW25) -> 25645.443 | CX26: =SUM(CX24:CX25) -> 25876.057 | CY26: =SUM(CY24:CY25) -> 26018.605 | CZ26: =SUM(CZ24:CZ25) -> 26930.235 | DA26: =SUM(DA24:DA25) -> 26882.762 | DB26: =SUM(DB24:DB25) -> 25687.835 | ... DE26: =SUM(DE24:DE25) -> 26121.141 | DF26: 25978.45 | DG26: 26331.526 | DH26: 0 | DI26: 26784.197 | DJ26: 27289.443 | DK26: =SUM(DK24:DK25) -> 27714.562 | DL26: =SUM(DL24:DL25) -> 27845.525 | DM26: =SUM(DM24:DM25) -> 27377.652 | DN26: =SUM(DN24:DN25) -> 26876.168 | DO26: =SUM(DO24:DO25) -> 26861.958 | DP26: =SUM(DP24:DP25) -> 26434.984 | DQ26: =SUM(DQ24:DQ25) -> 25966.994 | DR26: =SUM(DR24:DR25) -> 24882.211 | DS26: 25138.595 | DT26: 24971.449 | DU26: 26506.193 | DV26: 24103 | DW26: 24357.034 | DX26: =DX25+DX24 -> 24638.841 | DY26: =DY25+DY24 -> 24353.063 | DZ26: =DZ25+DZ24 -> 23887.41 | EA26: =EA25+EA24 -> 24069.035 | EB26: =EB25+EB24 -> 23729.958 | EC26: =EC25+EC24 -> 23796.848
C28: Entre Fev/2000 e 23/Dezembro/2021 a produção do Ativo Remanso era regida pelo Contrato CPRC com a Petrobrás
C29: Between Feb/2000 and December 23, 2021, the production of the Remanso Asset was governed by CPRC risk clause contract with Petrobras

Sheet Certificação de Reservas
D2: Certificação de Reservas de Participação Bruta | Reserve Certification Gross Working Interest
D3: Netherland, Sewell and Associates, Inc. - data base 31/dez/2024
C5: Em milhões de boe | In millions of boe | D5: 2026 | E5: =D5+1 -> 2027 | F5: =E5+1 -> 2028 | G5: =F5+1 -> 2029 | H5: =G5+1 -> 2030 | I5: =H5+1 -> 2031 | J5: =I5+1 -> 2032 | K5: =J5+1 -> 2033 | L5: =K5+1 -> 2034 | ... AJ5: =AI5+1 -> 2058 | AK5: Total
B7: 1P - Reservas Provadas | Proved Reserves
C9: Petróleo | Oil | D9: 2.461134 | E9: 2.7794569 | F9: 2.7501064 | G9: 2.7585721 | H9: 2.7942766 | I9: 2.8858391 | J9: 3.0503676 | K9: 3.0072899 | L9: 2.7165453 | M9: 2.4268078 | N9: 2.1979857 | O9: 1.9311772 | P9: 1.697814 | Q9: 1.5016327 | R9: 1.310245 | S9: 1.034388 | T9: 0.91877982 | U9: 0.8082936 | V9: 0.55445857 | W9: 0.3491529 | X9: 0.31036241 | Y9: 0.27841341 | Z9: 0.24972415 | AA9: 0.2207507 | AB9: 0.1912221 | AC9: 0.16943266 | AD9: 0.10007567 | AE9: 0 | AF9: 0 | AG9: 0 | AH9: 0 | AI9: 0 | AJ9: 0 | AK9: =SUM(D9:AJ9) -> 41.454304
C10: Gás | Gas | D10: 2.2619403 | E10: 2.6428139 | F10: 3.0185248 | G10: 3.05031 | H10: 3.0700127 | I10: 2.9770977 | J10: 3.2628534 | K10: 3.203254 | L10: 2.8824433 | M10: 2.5648128 | N10: 2.2821711 | O10: 2.029467 | P10: 1.8074172 | Q10: 1.6151957 | R10: 1.4431992 | S10: 1.2466209 | T10: 1.1188853 | U10: 1.0018758 | V10: 0.80722114 | W10: 0.63649427 | X10: 0.56346084 | Y10: 0.51139041 | Z10: 0.46458219 | AA10: 0.41844259 | AB10: 0.37635141 | AC10: 0.338528 | AD10: 0.206477 | AE10: 0 | AF10: 0 | AG10: 0 | AH10: 0 | AI10: 0 | AJ10: 0 | AK10: =SUM(D10:AJ10) -> 45.801843
C11: Bahia | D11: =D10+D9 -> 4.7230743 | E11: =E10+E9 -> 5.4222709 | F11: =F10+F9 -> 5.7686312 | G11: =G10+G9 -> 5.8088821 | H11: =H10+H9 -> 5.8642893 | I11: =I10+I9 -> 5.8629368 | J11: =J10+J9 -> 6.3132211 | K11: =K10+K9 -> 6.2105439 | ... AK11: =AK10+AK9 -> 87.256148
C13: Petróleo | Oil | D13: 3.0783548 | E13: 3.0988402 | F13: 3.0642217 | G13: 3.1513258 | H13: 3.4448459 | I13: 3.1781983 | J13: 2.727377 | K13: 2.4024528 | L13: 2.0868178 | M13: 1.8278282 | N13: 1.6186489 | O13: 1.4390159 | P13: 1.282079 | Q13: 1.1452696 | R13: 1.0262942 | S13: 0.9173504 | T13: 0.81370706 | U13: 0.7332097 | V13: 0.63090581 | W13: 0.53842564 | X13: 0.37403275 | Y13: 0.027856962 | Z13: 0.020924715 | AA13: 0 | AB13: 0 | AC13: 0 | AD13: 0 | AE13: 0 | AF13: 0 | AG13: 0 | AH13: 0 | AI13: 0 | AJ13: 0 | AK13: =SUM(D13:AJ13) -> 38.627983
C14: Gás | Gas | D14: 1.7106827 | E14: 1.6460811 | F14: 1.5132677 | G14: 1.483661 | H14: 1.5447754 | I14: 1.3835106 | J14: 1.1369001 | K14: 1.0031467 | L14: 0.86491633 | M14: 0.75440952 | N14: 0.66800888 | O14: 0.59498198 | P14: 0.5280962 | Q14: 0.47228058 | R14: 0.42264644 | S14: 0.37794666 | T14: 0.33578423 | U14: 0.30138966 | V14: 0.26860391 | W14: 0.23980515 | X14: 0.16590469 | Y14: 0.011611257 | Z14: 0.0094922313 | AA14: 0 | AB14: 0 | AC14: 0 | AD14: 0 | AE14: 0 | AF14: 0 | AG14: 0 | AH14: 0 | AI14: 0 | AJ14: 0 | AK14: =SUM(D14:AJ14) -> 17.437903
C15: Potiguar | D15: =D14+D13 -> 4.7890375 | E15: =E14+E13 -> 4.7449213 | F15: =F14+F13 -> 4.5774895 | G15: =G14+G13 -> 4.6349868 | H15: =H14+H13 -> 4.9896213 | I15: =I14+I13 -> 4.561709 | J15: =J14+J13 -> 3.8642771 | K15: =K14+K13 -> 3.4055994 | ... AK15: =AK14+AK13 -> 56.065886
C17: Petróleo | Oil | D17: =D13+D9 -> 5.5394888 | E17: =E13+E9 -> 5.8782972 | F17: =F13+F9 -> 5.8143281 | G17: =G13+G9 -> 5.9098979 | H17: =H13+H9 -> 6.2391225 | I17: =I13+I9 -> 6.0640375 | J17: =J13+J9 -> 5.7777446 | K17: =K13+K9 -> 5.4097426 | ... AJ17: =AJ13+AJ9 -> 0 | AK17: =SUM(D17:AJ17) -> 80.082288
C18: Gás | Gas | D18: =D14+D10 -> 3.9726231 | E18: =E14+E10 -> 4.288895 | F18: =F14+F10 -> 4.5317925 | G18: =G14+G10 -> 4.533971 | H18: =H14+H10 -> 4.6147881 | I18: =I14+I10 -> 4.3606083 | J18: =J14+J10 -> 4.3997535 | K18: =K14+K10 -> 4.2064007 | ... AJ18: =AJ14+AJ10 -> 0 | AK18: =SUM(D18:AJ18) -> 63.239746
C19: Total 1P | D19: =D18+D17 -> 9.5121119 | E19: =E18+E17 -> 10.167192 | F19: =F18+F17 -> 10.346121 | G19: =G18+G17 -> 10.443869 | H19: =H18+H17 -> 10.853911 | I19: =I18+I17 -> 10.424646 | J19: =J18+J17 -> 10.177498 | K19: =K18+K17 -> 9.6161433 | ... AK19: =AK18+AK17 -> 143.32203
B21: Reservas Prováveis | Probable Reserves
C23: Petróleo | Oil | D23: 0.013874787 | E23: 0.070858278 | F23: 0.23375322 | G23: 0.33159675 | H23: 0.44170306 | I23: 0.54128111 | J23: 0.59876028 | K23: 0.6419409 | L23: 0.69931829 | M23: 0.67945235 | N23: 0.61062647 | O23: 0.54139338 | P23: 0.46651219 | Q23: 0.40622521 | R23: 0.36586103 | S23: 0.44825932 | T23: 0.40093014 | U23: 0.2246722 | V23: 0.35545821 | W23: 0.43703597 | X23: 0.32243441 | Y23: 0.049529692 | Z23: 0.046171976 | AA23: 0.042933425 | AB23: 0.040252556 | AC23: 0.037765199 | AD23: 0.023443345 | AE23: 0 | AF23: 0 | AG23: 0 | AH23: 0 | AI23: 0 | AJ23: 0 | AK23: =SUM(D23:AJ23) -> 9.0720437
C24: Gás | Gas | D24: 0.0061950389 | E24: 0.063468437 | F24: 0.21875873 | G24: 0.31502263 | H24: 0.68294529 | I24: 0.85291322 | J24: 0.95399807 | K24: 0.97541849 | L24: 0.87735248 | M24: 0.78439683 | N24: 0.74515104 | O24: 0.70512671 | P24: 0.61830187 | Q24: 0.5435622 | R24: 0.48377691 | S24: 0.47569652 | T24: 0.42466201 | U24: 0.33350603 | V24: 0.39204616 | W24: 0.43716361 | X24: 0.35780484 | Y24: 0.18030381 | Z24: 0.16270882 | AA24: 0.14537419 | AB24: 0.13307178 | AC24: 0.12180815 | AD24: 0.072725499 | AE24: 0 | AF24: 0 | AG24: 0 | AH24: 0 | AI24: 0 | AJ24: 0 | AK24: =SUM(D24:AJ24) -> 12.063259
C25: Bahia | D25: =D24+D23 -> 0.020069826 | E25: =E24+E23 -> 0.13432671 | F25: =F24+F23 -> 0.45251196 | G25: =G24+G23 -> 0.64661938 | H25: =H24+H23 -> 1.1246483 | I25: =I24+I23 -> 1.3941943 | J25: =J24+J23 -> 1.5527583 | K25: =K24+K23 -> 1.6173594 | ... AK25: =AK24+AK23 -> 21.135303
C27: Petróleo | Oil | D27: 0.10813256 | E27: 0.38255234 | F27: 0.81489503 | G27: 1.0400323 | H27: 1.1353478 | I27: 1.0953997 | J27: 1.0869784 | K27: 1.0423046 | L27: 0.96815247 | M27: 0.89129917 | N27: 0.81703401 | O27: 0.70542458 | P27: 0.59244919 | Q27: 0.50831779 | R27: 0.43528066 | S27: 0.37296554 | T27: 0.32876806 | U27: 0.28979079 | V27: 0.25057967 | W27: 0.21786916 | X27: 0.15791885 | Y27: 0.037377288 | Z27: 0.0293227 | AA27: 0 | AB27: 0 | AC27: 0 | AD27: 0 | AE27: 0 | AF27: 0 | AG27: 0 | AH27: 0 | AI27: 0 | AJ27: 0 | AK27: =SUM(D27:AJ27) -> 13.308193
C28: Gás | Gas | D28: 0.043666355 | E28: 0.16029944 | F28: 0.29615463 | G28: 0.36270763 | H28: 0.38611923 | I28: 0.46859438 | J28: 0.44643632 | K28: 0.39228245 | L28: 0.32485094 | M28: 0.27283692 | N28: 0.23095455 | O28: 0.19131111 | P28: 0.16122874 | Q28: 0.13751131 | R28: 0.11624081 | S28: 0.094020482 | T28: 0.085984482 | U28: 0.074214104 | V28: 0.06350151 | W28: 0.05620897 | X28: 0.040148016 | Y28: 0.0034005465 | Z28: 0.0024757588 | AA28: 0 | AB28: 0 | AC28: 0 | AD28: 0 | AE28: 0 | AF28: 0 | AG28: 0 | AH28: 0 | AI28: 0 | AJ28: 0 | AK28: =SUM(D28:AJ28) -> 4.4111487
C29: Potiguar | D29: =D28+D27 -> 0.15179892 | E29: =E28+E27 -> 0.54285179 | F29: =F28+F27 -> 1.1110497 | G29: =G28+G27 -> 1.4027399 | H29: =H28+H27 -> 1.5214671 | I29: =I28+I27 -> 1.563994 | J29: =J28+J27 -> 1.5334147 | K29: =K28+K27 -> 1.4345871 | ... AK29: =AK28+AK27 -> 17.719341
C31: Petróleo | Oil | D31: =D27+D23 -> 0.12200735 | E31: =E27+E23 -> 0.45341062 | F31: =F27+F23 -> 1.0486483 | G31: =G27+G23 -> 1.3716291 | H31: =H27+H23 -> 1.5770509 | I31: =I27+I23 -> 1.6366808 | J31: =J27+J23 -> 1.6857387 | K31: =K27+K23 -> 1.6842455 | ... AJ31: =AJ27+AJ23 -> 0 | AK31: =SUM(D31:AJ31) -> 22.380236
C32: Gás | Gas | D32: =D28+D24 -> 0.049861394 | E32: =E28+E24 -> 0.22376788 | F32: =F28+F24 -> 0.51491336 | G32: =G28+G24 -> 0.67773026 | H32: =H28+H24 -> 1.0690645 | I32: =I28+I24 -> 1.3215076 | J32: =J28+J24 -> 1.4004344 | K32: =K28+K24 -> 1.3677009 | ... AJ32: =AJ28+AJ24 -> 0 | AK32: =SUM(D32:AJ32) -> 16.474408
C33: Reservas Prováveis | Probable Reserves | D33: =D32+D31 -> 0.17186875 | E33: =E32+E31 -> 0.6771785 | F33: =F32+F31 -> 1.5635616 | G33: =G32+G31 -> 2.0493593 | H33: =H32+H31 -> 2.6461154 | I33: =I32+I31 -> 2.9581884 | J33: =J32+J31 -> 3.0861731 | K33: =K32+K31 -> 3.0519465 | ... AK33: =AK32+AK31 -> 38.854644
B35: 2P - Reservas Provadas + Prováveis | Proved + Probable Reserves
C37: Petróleo | Oil | D37: =D23+D9 -> 2.4750088 | E37: =E23+E9 -> 2.8503152 | F37: =F23+F9 -> 2.9838596 | G37: =G23+G9 -> 3.0901689 | H37: =H23+H9 -> 3.2359796 | I37: =I23+I9 -> 3.4271202 | J37: =J23+J9 -> 3.6491279 | K37: =K23+K9 -> 3.6492308 | ... AJ37: =AJ23+AJ9 -> 0 | AK37: =SUM(D37:AJ37) -> 50.526348
C38: Gás | Gas | D38: =D24+D10 -> 2.2681354 | E38: =E24+E10 -> 2.7062824 | F38: =F24+F10 -> 3.2372835 | G38: =G24+G10 -> 3.3653326 | H38: =H24+H10 -> 3.752958 | I38: =I24+I10 -> 3.8300109 | J38: =J24+J10 -> 4.2168515 | K38: =K24+K10 -> 4.1786725 | ... AJ38: =AJ24+AJ10 -> 0 | AK38: =SUM(D38:AJ38) -> 57.865102
C39: Bahia | D39: =D38+D37 -> 4.7431441 | E39: =E38+E37 -> 5.5565976 | F39: =F38+F37 -> 6.2211432 | G39: =G38+G37 -> 6.4555015 | H39: =H38+H37 -> 6.9889377 | I39: =I38+I37 -> 7.2571311 | J39: =J38+J37 -> 7.8659794 | K39: =K38+K37 -> 7.8279033 | ... AK39: =AK38+AK37 -> 108.39145
C41: Petróleo | Oil | D41: =D27+D13 -> 3.1864874 | E41: =E27+E13 -> 3.4813926 | F41: =F27+F13 -> 3.8791168 | G41: =G27+G13 -> 4.1913581 | H41: =H27+H13 -> 4.5801937 | I41: =I27+I13 -> 4.273598 | J41: =J27+J13 -> 3.8143554 | K41: =K27+K13 -> 3.4447574 | ... AJ41: =AJ27+AJ13 -> 0 | AK41: =SUM(D41:AJ41) -> 51.936176
C42: Gás | Gas | D42: =D28+D14 -> 1.7543491 | E42: =E28+E14 -> 1.8063805 | F42: =F28+F14 -> 1.8094223 | G42: =G28+G14 -> 1.8463686 | H42: =H28+H14 -> 1.9308946 | I42: =I28+I14 -> 1.852105 | J42: =J28+J14 -> 1.5833364 | K42: =K28+K14 -> 1.3954291 | ... AJ42: =AJ28+AJ14 -> 0 | AK42: =SUM(D42:AJ42) -> 21.849052
C43: Potiguar | D43: =D42+D41 -> 4.9408365 | E43: =E42+E41 -> 5.2877731 | F43: =F42+F41 -> 5.6885391 | G43: =G42+G41 -> 6.0377268 | H43: =H42+H41 -> 6.5110884 | I43: =I42+I41 -> 6.125703 | J43: =J42+J41 -> 5.3976918 | K43: =K42+K41 -> 4.8401865 | ... AK43: =AK42+AK41 -> 73.785228
C45: Petróleo | Oil | D45: =D41+D37 -> 5.6614961 | E45: =E41+E37 -> 6.3317078 | F45: =F41+F37 -> 6.8629764 | G45: =G41+G37 -> 7.281527 | H45: =H41+H37 -> 7.8161734 | I45: =I41+I37 -> 7.7007183 | J45: =J41+J37 -> 7.4634833 | K45: =K41+K37 -> 7.0939882 | ... AJ45: =AJ41+AJ37 -> 0 | AK45: =SUM(D45:AJ45) -> 102.46252
C46: Gás | Gas | D46: =D42+D38 -> 4.0224845 | E46: =E42+E38 -> 4.5126629 | F46: =F42+F38 -> 5.0467059 | G46: =G42+G38 -> 5.2117013 | H46: =H42+H38 -> 5.6838527 | I46: =I42+I38 -> 5.6821159 | J46: =J42+J38 -> 5.8001879 | K46: =K42+K38 -> 5.5741016 | ... AJ46: =AJ42+AJ38 -> 0 | AK46: =SUM(D46:AJ46) -> 79.714154
C47: Total 2P | D47: =D46+D45 -> 9.6839806 | E47: =E46+E45 -> 10.844371 | F47: =F46+F45 -> 11.909682 | G47: =G46+G45 -> 12.493228 | H47: =H46+H45 -> 13.500026 | I47: =I46+I45 -> 13.382834 | J47: =J46+J45 -> 13.263671 | K47: =K46+K45 -> 12.66809 | ... AK47: =AK46+AK45 -> 182.17668
C49: Fator de Conversão MCF x BOE | D49: =5.615 -> 5.615
C51: 1P - Provada | Proved | D51: Petróleo | Oil MMBOE | E51: Gás | Gas MMBOE | F51: Total MMBOE | H51: 2P - Provadas + Prováveis | Proved + Probable | K51: Petróleo |Oil MMBOE | L51: Gás MMBOE | M51: Total MMBOE
C53: Bahia | D53: =AK9 -> 41.454304 | E53: =AK10 -> 45.801843 | F53: =SUM(D53:E53) -> 87.256148 | H53: Bahia | K53: =AK37 -> 50.526348 | L53: =AK38 -> 57.865102 | M53: =SUM(K53:L53) -> 108.39145
C54: Potiguar | D54: =AK13 -> 38.627983 | E54: =AK14 -> 17.437903 | F54: =SUM(D54:E54) -> 56.065886 | H54: Potiguar | K54: =AK41 -> 51.936176 | L54: =AK42 -> 21.849052 | M54: =SUM(K54:L54) -> 73.785228
C56: Total 1P Gross WI | D56: =SUM(D53:D54) -> 80.082288 | E56: =SUM(E53:E54) -> 63.239746 | F56: =SUM(F53:F54) -> 143.32203 | H56: Total 2P Gross WI | K56: =SUM(K53:K54) -> 102.46252 | L56: =SUM(L53:L54) -> 79.714154 | M56: =SUM(M53:M54) -> 182.17668
C58: Para detalhamento completo, os Relatórios e Planilhas da Certificação de Reservas estão disponíveis em: https://ri.petroreconcavo.com.br/informacoes-financeiras/relatorios-de-certificacao-de-reservas/
C59: For full detail, Reserve Report documents and Sheets are available at: https://ri.petroreconcavo.com.br/en/financial-information/reserves-reports/
C62: Notas
C63: 1- Reservas Brutas de participação da Companhia em Milhões de BOE conforme relatório da NSAI
C64: 2- Relação de conversão do gás natural - 6 mil pés cúbicos para 1 barril equivalente, conforme relatório da NSAI
C65: 3 - Contempla 54 concessões operadas e participação em 2 concessões operadas por parceiros nos estados da Bahia e Rio Grande do Norte. Não inclui o campo de Tartaruga.

Sheet Receita
C6: Bahia | J6: Potiguar | Q6: Total 2024 Reserve Report
A8: 2P | D8: Receita Líquida | H8: Receita Líquida Total | K8: Receita Líquida | O8: Receita Líquida Total | R8: Receita Líquida | V8: Receita Líquida Total
A10: Ano | D10: Óleo | E10: NGL | F10: Gás | G10: C5+ | K10: Óleo | L10: NGL | M10: Gás | N10: C5+ | R10: Óleo | S10: NGL | T10: Gás | U10: C5+
D12: (US$ 000) | E12: (US$ 000) | F12: (US$ 000) | G12: (US$ 000) | H12: (US$ 000) | K12: (US$ 000) | L12: (US$ 000) | M12: (US$ 000) | N12: (US$ 000) | O12: (US$ 000) | R12: (US$ 000) | S12: (US$ 000) | T12: (US$ 000) | U12: (US$ 000) | V12: (US$ 000)
A13: Pis/Cofins
A14: ICMS
A16: 2026 | D16: 160021.23 | E16: 18298.654 | F16: 84575.988 | G16: 0 | H16: =SUM(D16:G16) -> 262895.88 | K16: 180199.72 | L16: 27971.936 | M16: 67814.703 | N16: 4814.1248 | O16: =SUM(K16:N16) -> 280800.48 | R16: =D16+K16 -> 340220.95 | S16: =E16+L16 -> 46270.589 | T16: =F16+M16 -> 152390.69 | U16: =G16+N16 -> 4814.1248 | V16: =SUM(R16:U16) -> 543696.36
A17: 2027 | D17: 173828.71 | E17: 22906.39 | F17: 100634.47 | G17: 0 | H17: =SUM(D17:G17) -> 297369.58 | K17: 206255.99 | L17: 28859.355 | M17: 68809.146 | N17: 4706.2774 | O17: =SUM(K17:N17) -> 308630.77 | R17: =D17+K17 -> 380084.7 | S17: =E17+L17 -> 51765.744 | T17: =F17+M17 -> 169443.62 | U17: =G17+N17 -> 4706.2774 | V17: =SUM(R17:U17) -> 606000.35
A18: 2028 | D18: 179431.34 | E18: 26095.436 | F18: 119795.49 | G18: 0 | H18: =SUM(D18:G18) -> 325322.26 | K18: 226689.48 | L18: 28916.977 | M18: 68688.682 | N18: 4656.6251 | O18: =SUM(K18:N18) -> 328951.77 | R18: =D18+K18 -> 406120.82 | S18: =E18+L18 -> 55012.413 | T18: =F18+M18 -> 188484.17 | U18: =G18+N18 -> 4656.6251 | V18: =SUM(R18:U18) -> 654274.03
A19: 2029 | D19: 186917.42 | E19: 25650.018 | F19: 124356 | G19: 0 | H19: =SUM(D19:G19) -> 336923.44 | K19: 246606.54 | L19: 29498.014 | M19: 70195.573 | N19: 4779.0511 | O19: =SUM(K19:N19) -> 351079.18 | R19: =D19+K19 -> 433523.96 | S19: =E19+L19 -> 55148.032 | T19: =F19+M19 -> 194551.58 | U19: =G19+N19 -> 4779.0511 | V19: =SUM(R19:U19) -> 688002.62
A20: 2030 | D20: 197652.62 | E20: 28414.617 | F20: 138385.13 | G20: 0 | H20: =SUM(D20:G20) -> 364452.36 | K20: 272348.92 | L20: 30861.89 | M20: 73652.96 | N20: 5047.9486 | O20: =SUM(K20:N20) -> 381911.71 | R20: =D20+K20 -> 470001.53 | S20: =E20+L20 -> 59276.507 | T20: =F20+M20 -> 212038.09 | U20: =G20+N20 -> 5047.9486 | V20: =SUM(R20:U20) -> 746364.08
A21: 2031 | D21: 210546.62 | E21: 29062.587 | F21: 141405 | G21: 0 | H21: =SUM(D21:G21) -> 381014.21 | K21: 255703.36 | L21: 29611.066 | M21: 70791.343 | N21: 4870.5382 | O21: =SUM(K21:N21) -> 360976.31 | R21: =D21+K21 -> 466249.98 | S21: =E21+L21 -> 58673.653 | T21: =F21+M21 -> 212196.34 | U21: =G21+N21 -> 4870.5382 | V21: =SUM(R21:U21) -> 741990.51
A22: 2032 | D22: 224786.4 | E22: 32232.984 | F22: 155163.76 | G22: 0 | H22: =SUM(D22:G22) -> 412183.13 | K22: 228936.75 | L22: 25299.414 | M22: 60533.706 | N22: 4173.028 | O22: =SUM(K22:N22) -> 318942.9 | R22: =D22+K22 -> 453723.15 | S22: =E22+L22 -> 57532.398 | T22: =F22+M22 -> 215697.46 | U22: =G22+N22 -> 4173.028 | V22: =SUM(R22:U22) -> 731126.03
A23: 2033 | D23: 224551.42 | E23: 32049.6 | F23: 153612.84 | G23: 0 | H23: =SUM(D23:G23) -> 410213.85 | K23: 206547.65 | L23: 22272.685 | M23: 52417.601 | N23: 3670.4743 | O23: =SUM(K23:N23) -> 284908.41 | R23: =D23+K23 -> 431099.07 | S23: =E23+L23 -> 54322.284 | T23: =F23+M23 -> 206030.44 | U23: =G23+N23 -> 3670.4743 | V23: =SUM(R23:U23) -> 695122.27
A24: 2034 | D24: 210189.48 | E24: 28558.287 | F24: 138650.63 | G24: 0 | H24: =SUM(D24:G24) -> 377398.4 | K24: 183176.02 | L24: 18984.575 | M24: 42127.043 | N24: 3128.6033 | O24: =SUM(K24:N24) -> 247416.24 | R24: =D24+K24 -> 393365.5 | S24: =E24+L24 -> 47542.862 | T24: =F24+M24 -> 180777.68 | U24: =G24+N24 -> 3128.6033 | V24: =SUM(R24:U24) -> 624814.64
A25: 2035 | D25: 191125.58 | E25: 25226.134 | F25: 123604.44 | G25: 0 | H25: =SUM(D25:G25) -> 339956.16 | K25: 163038.88 | L25: 16389.614 | M25: 36368.788 | N25: 2700.9613 | O25: =SUM(K25:N25) -> 218498.24 | R25: =D25+K25 -> 354164.46 | S25: =E25+L25 -> 41615.748 | T25: =F25+M25 -> 159973.23 | U25: =G25+N25 -> 2700.9613 | V25: =SUM(R25:U25) -> 558454.4
A26: 2036 | D26: 172789.95 | E26: 22679.365 | F26: 111913.49 | G26: 0 | H26: =SUM(D26:G26) -> 307382.81 | K26: 146043.54 | L26: 14340.819 | M26: 31822.483 | N26: 2363.3258 | O26: =SUM(K26:N26) -> 194570.17 | R26: =D26+K26 -> 318833.5 | S26: =E26+L26 -> 37020.184 | T26: =F26+M26 -> 143735.98 | U26: =G26+N26 -> 2363.3258 | V26: =SUM(R26:U26) -> 501952.98
A27: =A26+1 -> 2037 | D27: 152109.15 | E27: 20352.825 | F27: 101481.84 | G27: 0 | H27: =SUM(D27:G27) -> 273943.82 | K27: 128580.65 | L27: 12540.675 | M27: 27827.937 | N27: 2066.6672 | O27: =SUM(K27:N27) -> 171015.93 | R27: =D27+K27 -> 280689.8 | S27: =E27+L27 -> 32893.5 | T27: =F27+M27 -> 129309.78 | U27: =G27+N27 -> 2066.6672 | V27: =SUM(R27:U27) -> 444959.75
A28: 2038 | D28: 133145.77 | E28: 18049.418 | F28: 90058.9 | G28: 0 | H28: =SUM(D28:G28) -> 241254.09 | K28: 112396.71 | L28: 10991.513 | M28: 24390.325 | N28: 1811.3698 | O28: =SUM(K28:N28) -> 149589.92 | R28: =D28+K28 -> 245542.48 | S28: =E28+L28 -> 29040.931 | T28: =F28+M28 -> 114449.23 | U28: =G28+N28 -> 1811.3698 | V28: =SUM(R28:U28) -> 390844.01
A29: 2039 | D29: 117368.98 | E29: 16079.651 | F29: 80053.649 | G29: 0 | H29: =SUM(D29:G29) -> 213502.28 | K29: 99149.097 | L29: 9729.7304 | M29: 21590.411 | N29: 1603.4316 | O29: =SUM(K29:N29) -> 132072.67 | R29: =D29+K29 -> 216518.07 | S29: =E29+L29 -> 25809.381 | T29: =F29+M29 -> 101644.06 | U29: =G29+N29 -> 1603.4316 | V29: =SUM(R29:U29) -> 345574.95
A30: 2040 | D30: 103114.23 | E30: 14376.864 | F30: 71363.002 | G30: 0 | H30: =SUM(D30:G30) -> 188854.1 | K30: 87636.026 | L30: 8604.5934 | M30: 19093.716 | N30: 1418.0123 | O30: =SUM(K30:N30) -> 116752.35 | R30: =D30+K30 -> 190750.26 | S30: =E30+L30 -> 22981.458 | T30: =F30+M30 -> 90456.718 | U30: =G30+N30 -> 1418.0123 | V30: =SUM(R30:U30) -> 305606.45
A31: 2041 | D31: 91214.937 | E31: 12855.337 | F31: 63681.966 | G31: 0 | H31: =SUM(D31:G31) -> 167752.24 | K31: 77367.344 | L31: 7533.1281 | M31: 16716.119 | N31: 1241.4379 | O31: =SUM(K31:N31) -> 102858.03 | R31: =D31+K31 -> 168582.28 | S31: =E31+L31 -> 20388.465 | T31: =F31+M31 -> 80398.085 | U31: =G31+N31 -> 1241.4379 | V31: =SUM(R31:U31) -> 270610.27
A32: 2042 | D32: 81192.387 | E32: 11526.458 | F32: 56978.639 | G32: 0 | H32: =SUM(D32:G32) -> 149697.48 | K32: 68502.808 | L32: 6730.1129 | M32: 14934.217 | N32: 1109.1033 | O32: =SUM(K32:N32) -> 91276.241 | R32: =D32+K32 -> 149695.2 | S32: =E32+L32 -> 18256.571 | T32: =F32+M32 -> 71912.856 | U32: =G32+N32 -> 1109.1033 | V32: =SUM(R32:U32) -> 240973.73
A33: 2043 | D33: 63479 | E33: 9923.4846 | F33: 49176.538 | G33: 0 | H33: =SUM(D33:G33) -> 122579.02 | K33: 61339.109 | L33: 5991.5568 | M33: 13295.35 | N33: 987.39138 | O33: =SUM(K33:N33) -> 81613.407 | R33: =D33+K33 -> 124818.11 | S33: =E33+L33 -> 15915.041 | T33: =F33+M33 -> 62471.888 | U33: =G33+N33 -> 987.39138 | V33: =SUM(R33:U33) -> 204192.43
A34: 2044 | D34: 55918.141 | E34: 8953.8698 | F34: 44146.165 | G34: 0 | H34: =SUM(D34:G34) -> 109018.18 | K34: 52853.869 | L34: 5306.2954 | M34: 11774.745 | N34: 874.46226 | O34: =SUM(K34:N34) -> 70809.372 | R34: =D34+K34 -> 108772.01 | S34: =E34+L34 -> 14260.165 | T34: =F34+M34 -> 55920.91 | U34: =G34+N34 -> 874.46226 | V34: =SUM(R34:U34) -> 179827.55
A35: 2045 | D35: 48315.401 | E35: 8045.3999 | F35: 39511.602 | G35: 0 | H35: =SUM(D35:G35) -> 95872.404 | K35: 45347.436 | L35: 4736.0031 | M35: 10509.258 | N35: 780.47973 | O35: =SUM(K35:N35) -> 61373.177 | R35: =D35+K35 -> 93662.837 | S35: =E35+L35 -> 12781.403 | T35: =F35+M35 -> 50020.861 | U35: =G35+N35 -> 780.47973 | V35: =SUM(R35:U35) -> 157245.58
A36: 2046 | D36: 38891.973 | E36: 7103.2168 | F36: 33927.39 | G36: 0 | H36: =SUM(D36:G36) -> 79922.58 | K36: 31895.818 | L36: 3296.3481 | M36: 7314.6434 | N36: 543.22872 | O36: =SUM(K36:N36) -> 43050.039 | R36: =D36+K36 -> 70787.791 | S36: =E36+L36 -> 10399.565 | T36: =F36+M36 -> 41242.034 | U36: =G36+N36 -> 543.22872 | V36: =SUM(R36:U36) -> 122972.62
A37: 2047 | D37: 20165.291 | E37: 6170.3688 | F37: 25647.626 | G37: 0 | H37: =SUM(D37:G37) -> 51983.286 | K37: 3911.4456 | L37: 241.52891 | M37: 535.95607 | N37: 39.803273 | O37: =SUM(K37:N37) -> 4728.7338 | R37: =D37+K37 -> 24076.737 | S37: =E37+L37 -> 6411.8977 | T37: =F37+M37 -> 26183.582 | U37: =G37+N37 -> 39.803273 | V37: =SUM(R37:U37) -> 56712.02
A38: 2048 | D38: 18195.213 | E38: 5597.0604 | F38: 23264.699 | G38: 0 | H38: =SUM(D38:G38) -> 47056.972 | K38: 3012.835 | L38: 192.55618 | M38: 427.28489 | N38: 31.732707 | O38: =SUM(K38:N38) -> 3664.4088 | R38: =D38+K38 -> 21208.048 | S38: =E38+L38 -> 5789.6166 | T38: =F38+M38 -> 23691.984 | U38: =G38+N38 -> 31.732707 | V38: =SUM(R38:U38) -> 50721.381
A39: 2049 | D39: 16215.042 | E39: 5026.4357 | F39: 20892.933 | G39: 0 | H39: =SUM(D39:G39) -> 42134.411 | K39: 0 | L39: 0 | M39: 0 | N39: 0 | O39: =SUM(K39:N39) -> 0 | R39: =D39+K39 -> 16215.042 | S39: =E39+L39 -> 5026.4357 | T39: =F39+M39 -> 20892.933 | U39: =G39+N39 -> 0 | V39: =SUM(R39:U39) -> 42134.411
... A45: 2055 | D45: 0 | E45: 0 | F45: 0 | G45: 0 | H45: =SUM(D45:G45) -> 0 | K45: 0 | L45: 0 | M45: 0 | N45: 0 | O45: =SUM(K45:N45) -> 0 | R45: =D45+K45 -> 0 | S45: =E45+L45 -> 0 | T45: =F45+M45 -> 0 | U45: =G45+N45 -> 0 | V45: =SUM(R45:U45) -> 0
A48: TOTAL | D48: =SUM(D16:D45) -> 3105740.7 | E48: =SUM(E16:E45) -> 446356.57 | F48: =SUM(F16:F45) -> 2138512.8 | G48: =SUM(G16:G45) -> 0 | H48: =SUM(H16:H45) -> 5690610.1 | K48: =SUM(K16:K45) -> 3087540 | L48: =SUM(L16:L45) -> 348900.39 | M48: =SUM(M16:M45) -> 811631.99 | N48: =SUM(N16:N45) -> 57418.078 | O48: =SUM(O16:O45) -> 4305490.5 | R48: =SUM(R16:R45) -> 6193280.7 | S48: =SUM(S16:S45) -> 795256.96 | T48: =SUM(T16:T45) -> 2950144.8 | U48: =SUM(U16:U45) -> 57418.078 | V48: =SUM(V16:V45) -> 9996100.6

Sheet Custos
E2: Deduções e Despesas Líquidas- Certificação de Reservas Dez'24 | Deductions and Net Expenses- Reserve Certification Dec'24
E3: Considera 2P Participação Bruta | Considers 2P Gross Working Interest
A5: 2P | C5: Bahia | K5: Potiguar | S5: Total - 2024 Reserve Report
C7: 2P Equiv. Gross WI | D7: Royalty Cost | E7: Capital Cost | F7: Abdnmnt Cost | G7: OPEX | I7: LOE | K7: 2P Equiv. Gross WI | L7: Royalty Cost | M7: Capital Cost | N7: Abdnmnt Cost | O7: OPEX | Q7: LOE | S7: 2P Equiv. Gross WI | T7: Royalty Cost | U7: Capital Cost | V7: Abdnmnt Cost | W7: OPEX | Y7: LOE
A8: Year | G8: Upstrm | H8: Mdstrm | O8: Upstrm | P8: Mdstrm | W8: Upstrm | X8: Mdstrm
C10: MBOE | D10: (US$ 000) | E10: (US$ 000) | F10: (US$ 000) | G10: (US$ 000) | H10: (US$ 000) | I10: (US$/bbl) | K10: MBOE | L10: (US$ 000) | M10: (US$ 000) | N10: (US$ 000) | O10: (US$ 000) | P10: (US$ 000) | Q10: (US$/bbl) | S10: MBOE | T10: (US$ 000) | U10: (US$ 000) | V10: (US$ 000) | W10: (US$ 000) | X10: (US$ 000) | Y10: (US$/bbl)
A12: 2026 | C12: {=TRANSPOSE('Certificação de Reservas'!D39:AJ39)} -> 4.7431441 | D12: 19637.045 | E12: 34862.993 | F12: 0 | G12: 71800.651 | H12: 14823.694 | I12: =G12/(C12*1000) -> 15.137776 | K12: {=TRANSPOSE('Certificação de Reservas'!D43:AJ43)} -> 4.9408365 | L12: 23339.96 | M12: 78636.304 | N12: 0 | O12: 51822.407 | P12: 12816.048 | Q12: =O12/(K12*1000) -> 10.48859 | S12: =K12+C12 -> 9.6839806 | T12: =L12+D12 -> 42977.005 | U12: =M12+E12 -> 113499.3 | V12: =N12+F12 -> 0 | W12: =O12+G12 -> 123623.06 | X12: =P12+H12 -> 27639.742 | Y12: =W12/(S12*1000) -> 12.765728 | Z12: =X12/(S12*1000) -> 2.8541716
A13: 2027 | C13: 5.5565976 | D13: 21803.02 | E13: 61736.947 | F13: 0 | G13: 74487.17 | H13: 17983.817 | I13: =G13/(C13*1000) -> 13.405176 | K13: 5.2877731 | L13: 25024.702 | M13: 68110.711 | N13: 0 | O13: 56378.701 | P13: 13223.803 | Q13: =O13/(K13*1000) -> 10.662088 | S13: =K13+C13 -> 10.844371 | T13: =L13+D13 -> 46827.721 | U13: =M13+E13 -> 129847.66 | V13: =N13+F13 -> 0 | W13: =O13+G13 -> 130865.87 | X13: =P13+H13 -> 31207.62 | Y13: =W13/(S13*1000) -> 12.067632
A14: 2028 | C14: 6.2211432 | D14: 23240.477 | E14: 78664.378 | F14: 94.619 | G14: 77001.068 | H14: 21258.249 | I14: =G14/(C14*1000) -> 12.377318 | K14: 5.6885391 | L14: 27021.897 | M14: 66875.762 | N14: 0 | O14: 60525.466 | P14: 13250.467 | Q14: =O14/(K14*1000) -> 10.639896 | S14: =K14+C14 -> 11.909682 | T14: =L14+D14 -> 50262.373 | U14: =M14+E14 -> 145540.14 | V14: =N14+F14 -> 94.619 | W14: =O14+G14 -> 137526.53 | X14: =P14+H14 -> 34508.716 | Y14: =W14/(S14*1000) -> 11.547456
A15: 2029 | C15: 6.4555015 | D15: 24131.23 | E15: 67270.224 | F15: 109.593 | G15: 80084.971 | H15: 22075.257 | I15: =G15/(C15*1000) -> 12.405693 | K15: 6.0377268 | L15: 29077.655 | M15: 66394.645 | N15: 0 | O15: 63547.688 | P15: 13516.713 | Q15: =O15/(K15*1000) -> 10.525102 | S15: =K15+C15 -> 12.493228 | T15: =L15+D15 -> 53208.885 | U15: =M15+E15 -> 133664.87 | V15: =N15+F15 -> 109.593 | W15: =O15+G15 -> 143632.66 | X15: =P15+H15 -> 35591.969 | Y15: =W15/(S15*1000) -> 11.496841
A16: 2030 | C16: 6.9889377 | D16: 25844.294 | E16: 67109.369 | F16: 109.593 | G16: 83324.759 | H16: 24799.974 | I16: =G16/(C16*1000) -> 11.922378 | K16: 6.5110884 | L16: 31839.645 | M16: 60732.96 | N16: 0 | O16: 66599.616 | P16: 14141.674 | Q16: =O16/(K16*1000) -> 10.228646 | S16: =K16+C16 -> 13.500026 | T16: =L16+D16 -> 57683.939 | U16: =M16+E16 -> 127842.33 | V16: =N16+F16 -> 109.593 | W16: =O16+G16 -> 149924.38 | X16: =P16+H16 -> 38941.648 | Y16: =W16/(S16*1000) -> 11.105488
A17: 2031 | C17: 7.2571311 | D17: 27241.726 | E17: 72438.95 | F17: 109.593 | G17: 84457.431 | H17: 25364.18 | I17: =G17/(C17*1000) -> 11.637854 | K17: 6.125703 | L17: 30006.758 | M17: 39558.766 | N17: 0 | O17: 68186.113 | P17: 13568.515 | Q17: =O17/(K17*1000) -> 11.131149 | S17: =K17+C17 -> 13.382834 | T17: =L17+D17 -> 57248.484 | U17: =M17+E17 -> 111997.72 | V17: =N17+F17 -> 109.593 | W17: =O17+G17 -> 152643.54 | X17: =P17+H17 -> 38932.695 | Y17: =W17/(S17*1000) -> 11.405921
A18: 2032 | C18: 7.8659794 | D18: 29300.15 | E18: 75785.211 | F18: 109.593 | G18: 87635.266 | H18: 27930.91 | I18: =G18/(C18*1000) -> 11.14105 | K18: 5.3976918 | L18: 26666.09 | M18: 23374.043 | N18: 0 | O18: 68106.813 | P18: 11592.811 | Q18: =O18/(K18*1000) -> 12.617766 | S18: =K18+C18 -> 13.263671 | T18: =L18+D18 -> 55966.24 | U18: =M18+E18 -> 99159.254 | V18: =N18+F18 -> 109.593 | W18: =O18+G18 -> 155742.08 | X18: =P18+H18 -> 39523.721 | Y18: =W18/(S18*1000) -> 11.742004
A19: 2033 | C19: 7.8279033 | D19: 29207.985 | E19: 35398.151 | F19: 14.974 | G19: 90707.191 | H19: 27667.618 | I19: =G19/(C19*1000) -> 11.587674 | K19: 4.8401865 | L19: 23924.626 | M19: 39147.973 | N19: 0 | O19: 68608.508 | P19: 10205.889 | Q19: =O19/(K19*1000) -> 14.174765 | S19: =K19+C19 -> 12.66809 | T19: =L19+D19 -> 53132.611 | U19: =M19+E19 -> 74546.124 | V19: =N19+F19 -> 14.974 | W19: =O19+G19 -> 159315.7 | X19: =P19+H19 -> 37873.507 | Y19: =W19/(S19*1000) -> 12.576142
